 Dungeon Crawl Stone Soup version 0.25-a0-855-g681bda5bb4 (webtiles) character file.

Game seed: 10021348118497745204, levelgen mode: deterministic

1727999 Rikkoh the Conqueror (level 27, -4/199 HPs)
             Began as a Gargoyle Earth Elementalist on Apr 25, 2020.
             Was the Champion of Vehumet.
             Slain by Koaczeng the pandemonium lord (17 damage)
             ... on level 20 of a ziggurat on Apr 26, 2020.
             The game lasted 08:43:55 (108646 turns).

Rikkoh the Conqueror (GrEE)                       Turns: 108646, Time: 08:43:55

Health: -4/199     AC: 59    Str: 16    XL:     27
Magic:  0/59       EV: 25    Int: 35    God:    Vehumet [******]
Gold:   27259      SH: 10    Dex: 10    Spells: 4/80 levels left

rFire    + + +     SeeInvis +   M - +3 Elemental Staff {rElec rF++ rC++ MR++ AC+5}
rCold    + + +     Gourm    .   L - +0 buckler "Pasiatuo" {+Inv rF+ rCorr}
rNeg     + . .     Faith    .   J - +4 moon troll leather armour {Spirit, Regen++ MP+5}
rPois    ∞         Spirit   +   G - +3 crown of Dyrovepreva {rElec Int+2 SInv}
rElec    +         Reflect  .   w - scarf {cloud immunity}
rCorr    +         Harm     .   v - +3 pair of gauntlets of War {Slay+5}
MR       ++++.                  y - +2 pair of boots {run}
Stlth    +++++++++.             a - amulet of Leass {Acrobat Int+6}
HPRegen  1.23/turn              g - ring of Robustness {AC+8}
MPRegen  0.36/turn              (no ring)

@: death's door cooldown, flying, very slightly contaminated, slowed, silenced,
lightly drained, invisible, very slow
A: big wings, hooves 1, horns 1, blink, cold resistance 1, negative energy
resistance 1, electricity resistance, strong 1, unbreathing, petrification
resistance, rot immunity, AC +20
}: 11/15 runes: decaying, slimy, silver, golden, abyssal, demonic, glowing,
magical, fiery, dark, gossamer
a: Stop Flying, Blink, Renounce Religion


You were on level 20 of a ziggurat.
You worshipped Vehumet.
Vehumet was exalted by your worship.
You were very full.

You visited 13 branches of the dungeon, and saw 61 of its levels.
You visited Pandemonium 1 time, and saw 13 of its levels.
You visited the Abyss 2 times.
You visited 8 ziggurats (completing 6), and saw 202 of their levels.
You also visited: Ossuary and Volcano.

You collected 27978 gold pieces.
You spent 719 gold pieces at shops.

Inventory:

Hand Weapons
 M - the +3 Elemental Staff (weapon) {rElec rF++ rC++ MR++ AC+5}
   (You found it on level 27 of a ziggurat)

   It affects your AC (+5).
   It greatly protects you from fire.
   It greatly protects you from cold.
   It insulates you from electricity.
   It affects your resistance to hostile enchantments.
Missiles
 f - 639 silver javelins (quivered)
Armour
 v - the +3 pair of gauntlets of War (worn) {Slay+5}
   (You found it on level 26 of a ziggurat)

   It affects your accuracy and damage with ranged weapons and melee attacks
   (+5).
 w - a scarf of cloud immunity (worn)
 y - a +2 pair of boots of running (worn)
 G - the +3 crown of Dyrovepreva (worn) {rElec Int+2 SInv}
   (You found it on level 18 of a ziggurat)

   It affects your intelligence (+2).
   It insulates you from electricity.
   It lets you see invisible.
 J - the +4 moon troll leather armour (worn) {Spirit, Regen++ MP+5}
   (You found it on level 9 of the Dungeon)

   It affects your magic capacity (+5).
   It increases your rate of regeneration.
 L - the +0 buckler "Pasiatuo" (worn) {+Inv rF+ rCorr}
   (You found it on level 18 of a ziggurat)

   It protects you from fire.
   It lets you turn invisible.
   It provides partial protection from all sources of acid and corrosion.
Jewellery
 a - the amulet of Leass (around neck) {Acrobat Int+6}
   (You found it on level 5 of the Pits of Slime)

   [amulet of the acrobat]

   It helps you evade while moving and waiting.
   It affects your intelligence (+6).
 g - the ring of Robustness (left hand) {AC+8}
   (You found it on level 21 of a ziggurat)

   [ring of protection]

   It affects your AC (+8).
 B - the ring "Qeatsuhe" {+Fly Str+5 Int+2 Slay+3}
   (You found it on level 18 of a ziggurat)

   [ring of flight]

   It affects your strength (+5).
   It affects your intelligence (+2).
   It affects your accuracy and damage with ranged weapons and melee attacks
   (+3).
   It lets you fly.
 R - the ring of the Mage {Wiz MR++ Int+3}
   (You found it on level 17 of a ziggurat)

   [ring of wizardry]

   It improves your spell success rate.
   It affects your intelligence (+3).
   It affects your resistance to hostile enchantments.
Wands
 t - a wand of acid (55)
 E - a wand of clouds (25)
Scrolls
 e - 157 scrolls of remove curse
 h - 125 scrolls of teleportation
 i - 58 scrolls of amnesia
 k - 4 scrolls of summoning
 u - 14 scrolls of identify
 x - 9 scrolls of blinking
 P - 89 scrolls of fog
 T - 34 scrolls of magic mapping
 X - 6 scrolls of holy word
Potions
 b - a potion of experience
 c - a potion of ambrosia
 l - 18 potions of cancellation
 m - 90 potions of mutation
 p - 40 potions of heal wounds
 r - 22 potions of brilliance
 s - 39 potions of curing
 z - 5 potions of might
 A - 4 potions of resistance
 F - 17 potions of stabbing
 N - 11 potions of berserk rage
 Q - 8 potions of haste
Miscellaneous
 o - 108 boxes of beasts
 q - 79 phantom mirrors
Comestibles
 d - 91 rations


   Skills:
 O Level 27(26.6) Fighting
 O Level 27(26.6) Short Blades
 O Level 27(26.6) Long Blades
 O Level 27(26.6) Axes
 O Level 27(26.6) Maces & Flails
 O Level 27(26.6) Polearms
 O Level 27(26.6) Staves
   Level 20.8(25.8) Slings
 O Level 27(26.6) Bows
   Level 20.6(20.3) Crossbows
 O Level 27(26.6) Throwing
 O Level 27(26.6) Armour
 O Level 27(26.6) Dodging
 O Level 27(26.6) Stealth
 O Level 27(26.6) Shields
 O Level 27(26.6) Unarmed Combat
 O Level 27(26.6) Spellcasting
 O Level 27(26.6) Conjurations
 O Level 27(26.6) Hexes
 O Level 27(26.6) Charms
 O Level 27(26.6) Summonings
 O Level 27(26.6) Necromancy
 O Level 27(26.6) Translocations
 O Level 27(26.6) Transmutations
 O Level 27(26.6) Fire Magic
 O Level 27(26.6) Ice Magic
 O Level 27(26.6) Air Magic
 O Level 27(26.6) Earth Magic
   Level 23.5(23.2) Poison Magic
 O Level 27(26.6) Evocations


You had 4 spell levels left.
You knew the following spells:

 Your Spells              Type           Power        Failure   Level  Hunger
a - Shatter               Erth           #########.   1%          9    ###....
b - Controlled Blink      Tloc           N/A          1%          8    None
d - Lehudib's Crystal Sp  Conj/Erth      #########.   1%          8    None
e - Necromutation         Tmut/Necr      ########..   1%          8    None
f - Absolute Zero         Ice            #########.   1%          9    ###....
g - Ignition              Fire           #########.   1%          8    None
h - Tornado               Air            #########.   1%          9    ###....
i - Fire Storm            Conj/Fire      #########.   1%          9    ###....
j - Death's Door          Chrm/Necr      ########..   1%          8    None

Your spell library contained the following spells:

 Spells                   Type           Power        Failure   Level  Hunger
 Animate Skeleton         Necr           N/A          0%          1    None
 Apportation              Tloc           ######       0%          1    None
 Beastly Appendage        Tmut           ######       0%          1    None
 Corona                   Hex            #######      0%          1    None
 Foxfire                  Conj/Fire      ####         0%          1    None
 Freeze                   Ice            ####         0%          1    None
 Infusion                 Chrm           ####         0%          1    None
 Magic Dart               Conj           ####         0%          1    None
 Pain                     Necr           ####         0%          1    None
 Sandblast                Erth           ######       0%          1    None
 Shock                    Conj/Air       ####         0%          1    None
 Sting                    Tmut/Pois      ####         0%          1    None
 Summon Butterflies       Summ           ########     0%          1    None
 Summon Small Mammal      Summ           ####         0%          1    None
 Blink                    Tloc           N/A          0%          2    None
 Call Imp                 Summ           ########     0%          2    None
 Corpse Rot               Necr/Air       N/A          0%          2    None
 Ensorcelled Hibernation  Hex/Ice        ######       0%          2    None
 Passwall                 Tmut/Erth      ########     0%          2    None
 Poisonous Vapours        Pois/Air       ######       0%          2    None
 Searing Ray              Conj           ######       0%          2    None
 Shroud of Golubria       Chrm/Tloc      ######       0%          2    None
 Slow                     Hex            ########     0%          2    None
 Song of Slaying          Chrm           ########     0%          2    None
 Sticks to Snakes         Tmut           ########     0%          2    None
 Swiftness                Chrm/Air       ########     0%          2    None
 Call Canine Familiar     Summ           ########     0%          3    None
 Confusing Touch          Hex            ########     0%          3    None
 Conjure Flame            Conj/Fire      ########     0%          3    None
 Dazzling Flash           Conj/Hex       ######       0%          3    None
 Frozen Ramparts          Ice            ######       0%          3    None
 Gell's Gravitas          Tloc           ########..   0%          3    None
 Ignite Poison            Fire/Tmut/Pois ########     0%          3    None
 Inner Flame              Hex/Fire       ########     0%          3    None
 Lesser Beckoning         Tloc           ########..   0%          3    None
 Mephitic Cloud           Conj/Pois/Air  ########     0%          3    None
 Ozocubu's Armour         Chrm/Ice       ########     0%          3    None
 Portal Projectile        Hex/Tloc       ######       0%          3    None
 Recall                   Summ/Tloc      N/A          0%          3    None
 Spectral Weapon          Hex/Chrm       ########     0%          3    None
 Spider Form              Tmut/Pois      ########..   0%          3    None
 Static Discharge         Conj/Air       ########     0%          3    None
 Stone Arrow              Conj/Erth      ######       0%          3    None
 Summon Guardian Golem    Hex/Summ       ########     0%          3    None
 Teleport Other           Tloc           ########     0%          3    None
 Tukima's Dance           Hex            ########     0%          3    None
 Vampiric Draining        Necr           ########..   0%          3    None
 Airstrike                Air            #########.   0%          4    None
 Animate Dead             Necr           N/A          0%          4    None
 Cause Fear               Hex            ########..   0%          4    None
 Dispel Undead            Necr           ########     0%          4    None
 Fulminant Prism          Conj/Hex       ########..   0%          4    None
 Hailstorm                Conj/Ice       ########     0%          4    None
 Ice Form                 Ice/Tmut       ########     0%          4    None
 Iskenderun's Mystic Bla  Conj/Tloc      ########     0%          4    None
 Leda's Liquefaction      Hex/Erth       #########.   0%          4    None
 Olgreb's Toxic Radiance  Pois           ########     0%          4    None
 Passage of Golubria      Tloc           N/A          0%          4    None
 Petrify                  Tmut/Erth      ########     0%          4    None
 Sticky Flame             Conj/Fire      ########     0%          4    None
 Summon Ice Beast         Ice/Summ       ########     0%          4    None
 Summon Lightning Spire   Summ/Air       ########     0%          4    None
 Agony                    Necr           ########     0%          5    None
 Alistair's Intoxication  Tmut/Pois      ########     0%          5    None
 Aura of Abjuration       Summ           ########..   0%          5    None
 Blade Hands              Tmut           ########..   0%          5    None
 Bolt of Magma            Conj/Fire/Erth #########.   0%          5    None
 Borgnjor's Vile Clutch   Necr/Erth      #########.   0%          5    None
 Excruciating Wounds      Chrm/Necr      ########..   0%          5    None
 Fireball                 Conj/Fire      #########.   0%          5    None
 Irradiate                Conj/Tmut      ########..   0%          5    None
 Iskenderun's Battlesphe  Conj/Chrm      ########     0%          5    None
 Lee's Rapid Deconstruct  Erth           #########.   0%          5    None
 Lightning Bolt           Conj/Air       #########.   0%          5    None
 Metabolic Englaciation   Hex/Ice        #########.   0%          5    None
 Silence                  Hex/Air        #########.   0%          5    None
 Summon Demon             Summ           ########..   0%          5    None
 Summon Forest            Summ/Tloc      ########..   0%          5    None
 Summon Mana Viper        Hex/Summ       ########     0%          5    None
 Yara's Violent Unravell  Hex/Tmut       ########..   0%          5    None
 Conjure Ball Lightning   Conj/Air       #########.   0%          6    None
 Darkness                 Hex            ########..   0%          6    None
 Death Channel            Necr           ########..   0%          6    None
 Dispersal                Tloc           ########..   0%          6    None
 Eringya's Noxious Bog    Tmut/Pois      ########..   0%          6    None
 Freezing Cloud           Conj/Ice/Air   #########.   0%          6    None
 Hydra Form               Tmut           ########..   0%          6    None
 Invisibility             Hex            ########     0%          6    None
 Iron Shot                Conj/Erth      #########.   0%          6    None
 Ozocubu's Refrigeration  Ice            #########.   0%          6    None
 Shadow Creatures         Summ           N/A          0%          6    None
 Simulacrum               Ice/Necr       #########.   0%          6    None
 Starburst                Conj/Fire      #########.   0%          6    None
 Dragon Form              Tmut           ########..   0%          7    None
 Haunt                    Necr/Summ      ########..   0%          7    None
 Malign Gateway           Summ/Tloc      ########..   0%          7    None
 Monstrous Menagerie      Summ           ########..   0%          7    None
 Orb of Destruction       Conj           ########..   0%          7    None
 Ring of Flames           Chrm/Fire      #########.   0%          7    None
 Spellforged Servitor     Conj/Summ      ########..   0%          7    None
 Summon Greater Demon     Summ           ########..   0%          7    None
 Summon Hydra             Summ           ########..   0%          7    None
 Borgnjor's Revivificati  Necr           ########..   1%          8    None
 Chain Lightning          Conj/Air       #########.   1%          8    None
 Discord                  Hex            ########..   1%          8    None
 Disjunction              Tloc           ########..   1%          8    None
 Infestation              Necr           ########..   1%          8    None
 Summon Horrible Things   Summ           ########..   1%          8    None
 Dragon's Call            Summ           ########..   1%          9    ###....
 Sublimation of Blood     Necr           Unusable     N/A         2    N/A
 Statue Form              Tmut/Erth      Unusable     N/A         6    N/A

Dungeon Overview and Level Annotations

Branches:
Dungeon (15/15)            Temple (1/1) D:6            Lair (6/6) D:11
  Swamp (4/4) Lair:2       Spider (4/4) Lair:4        Slime (5/5) Lair:5
    Orc (2/2) D:11            Elf (3/3) Orc:2        Vaults (5/5) D:14
  Crypt (3/3) Vaults:3       Tomb (3/3) Crypt:3      Depths (5/5) D:15
    Zot (5/5) Depths:5    Ossuary (visited)         Volcano (visited)

Altars:
Ashenzari
Cheibriados
Dithmenos
Elyvilon
Gozag
Kikubaaqudgha
Makhleb
Okawaru
Qazlal
Sif Muna
Trog
Vehumet
Xom
Yredelemnul
Zin
The Shining One
Beogh
Jiyva

Shops:
D:5 !   Orc:2 [%=!   Elf:1 *   Vaults:1 }   Vaults:2 [   Depths:4 :[

Portals:
Hell: Depths:1 Depths:2 Depths:3 Depths:4 Depths:5
Abyss: Depths:2 Depths:3 Depths:4
Pandemonium: Depths:1 Depths:2 Depths:3

Annotations:
D:12 2 transporters
Lair:3 3 runed translucent doors, brujo666's ghost, journeyman DrCj
Lair:6 3 runed translucent doors, Nixze's ghost, journeyman GrEE


Innate Abilities, Weirdness & Mutations

You are resistant to torment.
Your stone body is resilient. (AC +20)
You are immune to poison.
Your large and strong wings let you fly indefinitely.
You resist negative energy. (rN+)
You are resistant to electric shocks. (rElec)
You can survive without breathing.
You are immune to petrification.
You are immune to rotting.
You have large cloven feet.
You have a pair of small horns on your head.
You can translocate small distances at will.
Your flesh is cold resistant. (rC+)
Your muscles are strong. (Str +2)


Message History

The bolt of negative energy hits you but does no damage.
You partially resist.
You feel drained. Koaczeng hits you! Koaczeng freezes you.
The orange demon is struck by lightning.
You kill the orange demon!
The phantasmal warrior blinks!
You block the eldritch tentacle's attack.
The eldritch tentacle claws you but does no damage.
Uplarghoi completely misses you.
The hell rat is engulfed in blazing flames.
You block Fuzevi's attack.
You closely miss Fuzevi. Your headbutt misses Fuzevi.
Fuzevi is almost dead.
Your life is in your own hands again!
The stone giant changes into an azure jelly!
The shock serpent changes into an eye of devastation!
The salamander changes into a cyclops!
Inurphela hits you but does no damage.
The Killer Klown blinks!
Paneod misses you. Qita completely misses you.
Niomut blinks!
You block Jearghiwa's attack. Koaczeng hits you!!
You die...

.....†.†...)...
.........†......
...............♣
♣.♣....†.p....♣♣
§§..........§.♣
.§§..st.u.W)..♣.♣.....▓▓
.&§.)&C&&21............▓
§r..&tC&&&&............▓▓
§C)§4C&&@&&2...(........▓
§..)2J1w&&b.....&.......▓
u.&4tu&G§3)............▓
aHr4§4t§§§..............▓
..kCs§§§§§W..........∩..
..)1†§§§§§.....t.......▓
...&&§§§§§.............▓
....§§§§§§§............▓
......p............▓


You could see Buifeonk, Fuzevi, Gumueru, Inurphela, Jadghez, Jearghiwa,
Koaczeng, Niomut, Nyushrau, Paneod, Qita, Ryismeosh, Soloxtae, Taesakom,
Taiwkahi, Teukh, Uplarghoi, Wohe, Zenav, a Killer Klown, 2 Hell Sentinels, an
eldritch tentacle, a caustic shrike, a frost giant, a purple very ugly thing
(wandering), a Brimstone Fiend, 3 stone giants, a hell beast, an azure jelly
shaped shifter, a green death, 2 ugly things, a soul eater, a wind drake
(wandering), an eye of devastation shaped shifter, a shadow wraith (invisible),
4 apocalypse crabs, a manticore shaped shifter (wandering), a cyclops shaped
shifter (wandering), a phantasmal warrior, a tormentor, 4 chaos spawn, a
tarantella shaped shifter, a redback (wandering) and 2 hell rats.

Vanquished Creatures
  Cerebov (Pan)
  the Royal Jelly (Slime:5)
  Gloorx Vloq (Pan)
  Lom Lobon (Pan)
  The ghost of Xekher the Gnoll Aeon, a legendary GnEn of Cheibriados (Zig:18)
  The ghost of Xekher the Gnoll Aeon, a legendary GnEn of Cheibriados (Zig:18)
  The ghost of Xekher the Gnoll Aeon, a legendary GnEn of Cheibriados (Zig:18)
  The ghost of Xekher the Gnoll Aeon, a legendary GnEn of Cheibriados (Zig:12)
  Mnoleg (Pan)
  The ghost of Ygonacw the Petrodigitator, a legendary GrEE of Vehumet (Zig:18)
  The ghost of Ygonacw the Petrodigitator, a legendary GrEE of Vehumet (Zig:16)
  The ghost of Ygonacw the Petrodigitator, a legendary GrEE of Vehumet (Zig:18)
  The ghost of Ygonacw the Petrodigitator, a legendary GrEE of Vehumet (Zig:16)
  The ghost of Qumaaz the Conqueror, a legendary HuIE of Hepliaklqana (Zig:18)
  The ghost of Rotwopom the Cloud Mage, a legendary NaVM of Cheibriados (Zig:16)
  The ghost of Rotwopom the Cloud Mage, a legendary NaVM of Cheibriados (Zig:16)
  The ghost of Rotwopom the Cloud Mage, a legendary NaVM of Cheibriados (Zig:18)
  223 pandemonium lords
  The ghost of Rucih the Sorcerer, a legendary DsFi of Okawaru (Zig:16)
  The ghost of Rucih the Sorcerer, a legendary DsFi of Okawaru (Zig:18)
  The ghost of Umoqal the Sorcerer, a legendary DEEE of Vehumet (Zig:16)
  The ghost of Umoqal the Sorcerer, a legendary DEEE of Vehumet (Zig:16)
  The ghost of Umoqal the Sorcerer, a legendary DEEE of Vehumet (Zig:18)
  The ghost of Erhaimih the Impregnable, a legendary DDNe of Makhleb (Zig:18)
  The ghost of Erhaimih the Impregnable, a legendary DDNe of Makhleb (Zig:16)
  The ghost of Erhaimih the Impregnable, a legendary DDNe of Makhleb (Zig:18)
  The ghost of Erhaimih the Impregnable, a legendary DDNe of Makhleb (Zig:18)
  The ghost of Erhaimih the Impregnable, a legendary DDNe of Makhleb (Zig:18)
  4 orbs of fire
  The ghost of Gyofeun the Axe Maniac, a legendary FoFi of Ru (Zig:16)
  The ghost of Gyofeun the Axe Maniac, a legendary FoFi of Ru (Zig:16)
  The ghost of Xust the Axe Maniac, a legendary MiFi of Makhleb (Zig:12)
  The ghost of Xust the Axe Maniac, a legendary MiFi of Makhleb (Zig:18)
  The ghost of Xust the Axe Maniac, a legendary MiFi of Makhleb (Zig:18)
  The ghost of Garop the Evocator, a legendary DDFi of Makhleb (Zig:16)
  The ghost of Garop the Evocator, a legendary DDFi of Makhleb (Zig:18)
  The ghost of Garop the Evocator, a legendary DDFi of Makhleb (Zig:12)
  The ghost of Rikkoh the Conqueror, a legendary GrEE of Vehumet (Zig:12)
  98 ancient liches
  The ghost of Tieschogg the Conqueror, a legendary DsFi of Okawaru (Zig:16)
  The ghost of Tieschogg the Conqueror, a legendary DsFi of Okawaru (Zig:18)
  The ghost of Tieschogg the Conqueror, a legendary DsFi of Okawaru (Zig:16)
  The ghost of Tieschogg the Conqueror, a legendary DsFi of Okawaru (Zig:16)
  The ghost of Tieschogg the Conqueror, a legendary DsFi of Okawaru (Zig:18)
  The ghost of Muffal the Impregnable, a legendary FoFi of the Shining One (Zig:16)
  The ghost of Muffal the Impregnable, a legendary FoFi of the Shining One (Zig:12)
  The ghost of Muffal the Impregnable, a legendary FoFi of the Shining One (Zig:18)
  57 juggernauts
  The ghost of Saonuxt the Cutthroat, a legendary DsFi of Uskayaw (Zig:16)
  The ghost of Saonuxt the Cutthroat, a legendary DsFi of Uskayaw (Zig:18)
  The ghost of Saonuxt the Cutthroat, a legendary DsFi of Uskayaw (Zig:16)
  The ghost of Saonuxt the Cutthroat, a legendary DsFi of Uskayaw (Zig:18)
  The ghost of Cearuunk the Thanatomancer, a legendary DsFi of Okawaru (Zig:16)
  The ghost of Cearuunk the Thanatomancer, a legendary DsFi of Okawaru (Zig:12)
  The ghost of Cearuunk the Thanatomancer, a legendary DsFi of Okawaru (Zig:16)
  The ghost of Xiorchab the Archmage, a legendary VSFi of Wu Jian (Zig:16)
  The ghost of Xiorchab the Archmage, a legendary VSFi of Wu Jian (Zig:16)
  171 greater mummies
  The ghost of Ereufydu the Archmage, a legendary VSGl of Wu Jian (Zig:18)
  The ghost of Ereufydu the Archmage, a legendary VSGl of Wu Jian (Zig:16)
  The ghost of Ereufydu the Archmage, a legendary VSGl of Wu Jian (Zig:18)
  The ghost of Ereufydu the Archmage, a legendary VSGl of Wu Jian (Zig:16)
  Saint Roka (Depths:5)
  The ghost of Ihoic the Archmage, a legendary SpEn of Dithmenos (Zig:16)
  The ghost of Ihoic the Archmage, a legendary SpEn of Dithmenos (Zig:18)
  The ghost of Ihoic the Archmage, a legendary SpEn of Dithmenos (Zig:18)
  The ghost of Ihoic the Archmage, a legendary SpEn of Dithmenos (Zig:18)
  Xtahua (Depths:3)
  Margery (Depths:3)
  29 shard shrikes
  22 caustic shrikes
  The ghost of Icuofef the Sorcerer, a veteran SpEn of Dithmenos (Zig:12)
  The ghost of Icuofef the Sorcerer, a veteran SpEn of Dithmenos (Zig:12)
  The ghost of Icuofef the Sorcerer, a veteran SpEn of Dithmenos (Zig:18)
  The ghost of Icuofef the Sorcerer, a veteran SpEn of Dithmenos (Zig:18)
  The ghost of Icuofef the Sorcerer, a veteran SpEn of Dithmenos (Zig:18)
  The ghost of Icuofef the Sorcerer, a veteran SpEn of Dithmenos (Zig:16)
  141 Killer Klowns
  11 curse toes
  The ghost of Omodibba the Wrestler, a veteran BaHu of Cheibriados (Zig:12)
  The ghost of Omodibba the Wrestler, a veteran BaHu of Cheibriados (Zig:16)
  The ghost of Omodibba the Wrestler, a veteran BaHu of Cheibriados (Zig:12)
  2 golden dragons (shapeshifter)
  147 golden dragons
  A caustic shrike (shapeshifter) (Zig:18)
  29 profane servitors
  the Enchantress (Depths:3)
  72 bone dragons
  38 Brimstone Fiends
  7 doom hounds
  42 iron giants
  50 Tzitzimimeh
  The ghost of Xootouk the Archmage, a master SpEn of Dithmenos (Zig:18)
  The ghost of Xootouk the Archmage, a master SpEn of Dithmenos (Zig:18)
  The ghost of Xootouk the Archmage, a master SpEn of Dithmenos (Zig:18)
  The ghost of Xootouk the Archmage, a master SpEn of Dithmenos (Zig:18)
  The ghost of Xootouk the Archmage, a master SpEn of Dithmenos (Zig:18)
  125 tentacled monstrosities
  12 electric golems
  Rupert (Lair:5)
  62 liches
  24 hellephants
  62 Ice Fiends
  63 Hell Sentinels
  25 Orb Guardians (Zot:5)
  15 quicksilver dragons (shapeshifter)
  A titan (shapeshifter) (Zig:20)
  65 deep elf blademasters
  Asterion (Elf:3)
  105 titans
  88 deep elf master archers
  140 acid blobs
  2 acid blobs (shapeshifter)
  65 quicksilver dragons
  69 ancient champions
  10 death cobs
  55 sphinxes
  12 sphinxes (shapeshifter)
  58 tentacled starspawn
  72 Executioners
  16 thorn hunters
  An eldritch tentacle (Zig:20)
  Kirke (D:13)
  Donald (Elf:3)
  57 storm dragons
  74 shadow dragons
  Agnes (Vaults:1)
  25 tengu reavers
  2 storm dragons (shapeshifter)
  14 shadow dragons (shapeshifter)
  98 draconian monks
  10 daevas
  10 azure jellies (shapeshifter)
  197 ghost moths
  105 revenants
  139 nagarajas
  59 azure jellies
  34 vault wardens
  70 balrugs
  41 fire giants
  14 deep elf sorcerers
  16 caustic shrike zombies
  39 frost giants
  117 draconian knights
  Louise (D:15)
  69 iron dragons
  11 frost giants (shapeshifter)
  55 curse skulls
  2 ghost moths (shapeshifter)
  8 deep elf elementalists
  21 juggernaut zombies
  95 emperor scorpions
  An emperor scorpion (shapeshifter) (D:15)
  10 fire giants (shapeshifter)
  53 warmongers
  165 orc warlords
  54 cacodemons
  6 angels
  65 black suns
  36 ironheart preservers
  102 draconian stormcallers
  17 ghouls
  44 war gargoyles
  126 draconian scorchers
  139 stone giants
  130 reapers
  110 draconian shifters
  114 very ugly things
  2 ophanim
  10 spriggan defenders
  An entropy weaver (shapeshifter) (Zig:24)
  14 caustic shrike skeletons
  16 juggernaut skeletons
  50 blood saints
  12 stone giants (shapeshifter)
  10 dire elephants (shapeshifter)
  46 bennus
  2 spectral titans (Crypt:3)
  121 draconian annihilators
  121 entropy weavers
  49 vampire knights
  76 deep elf annihilators
  83 deep elf demonologists
  73 purple draconians
  100 corrupters
  67 green draconians
  17 dire elephants
  A minotaur (shapeshifter) (Zig:22)
  75 red draconians
  61 black draconians
  A spark wasp (shapeshifter) (Zig:16)
  35 lorocyprocas
  78 white draconians
  34 spark wasps
  44 deep elf death magi
  97 merfolk javelineers
  85 eidola
  65 yellow draconians
  50 ettins
  123 mummy priests
  9 crystal guardians
  130 green deaths
  115 blizzard demons
  45 fire dragons
  25 death oozes
  Snorg (D:11)
  Josephine (D:11)
  2 spectral quicksilver dragons (Crypt:3)
  8 quicksilver dragon zombies
  34 great orbs of eyes
  60 yaktaur captains
  25 merfolk impalers
  4 quicksilver dragon skeletons
  Erolcha (D:9)
  An ice dragon (shapeshifter) (Depths:5)
  16 jiangshi
  A hydra (shapeshifter) (Zig:21)
  20 hell beasts
  16 rakshasas
  83 deep elf high priests
  160 hydras
  23 spriggan air magi
  67 ice dragons
  81 shambling mangroves
  4 monstrous demonspawn
  The ghost of Hajin the Destroyer, a journeyman DrCj of Vehumet (D:12)
  36 vault guards
  Harold (D:11)
  34 centaur warriors
  A juggernaut simulacrum (Zig:25)
  24 ghost crabs
  3 catoblepae (shapeshifter)
  24 naga warriors
  14 catoblepae
  7 alligator snapping turtles (shapeshifter)
  8 merfolk avatars
  5 anacondas (shapeshifter)
  11 anacondas
  32 two-headed ogres
  78 merfolk aquamancers
  53 alligators
  14 death knights
  10 deep troll shamans
  2 satyrs (shapeshifter)
  A spectral stone giant (Crypt:3)
  16 hell hogs
  7 two-headed ogres (shapeshifter)
  31 ogre magi
  101 dancing weapons
  A tengu warrior (D:13)
  3 death yaks (shapeshifter)
  34 alligator snapping turtles
  A spectral frost giant (Crypt:3)
  5 death yaks
  31 satyrs
  90 death scarabs
  25 deep troll earth magi
  169 orc high priests
  3 shock serpents (shapeshifter)
  4 spriggan berserkers
  58 vampire magi
  65 naga sharpshooters
  17 storm dragon zombies
  52 thrashing horrors
  4 spectral storm dragons (Crypt:3)
  95 deep elf knights
  17 titan zombies
  12 titan skeletons
  102 wretched stars
  36 shock serpents
  Sonja (Orc:1)
  32 shadow wraiths
  12 iron golems
  50 soul eaters
  45 sun demons
  23 hell knights
  8 salamander mystics
  A spectral ghost moth (Crypt:3)
  12 storm dragon skeletons
  8 spark wasp zombies
  4 iron trolls (shapeshifter)
  3 unseen horrors (shapeshifter)
  3 death drakes (shapeshifter)
  53 iron trolls
  31 spatial maelstroms
  A spectral anaconda (Crypt:3)
  47 deep trolls
  64 skeletal warriors
  38 sixfirhies
  22 golden dragon zombies
  8 sea snakes (shapeshifter)
  3 fire crabs (shapeshifter)
  2 glowing orange brains (shapeshifter)
  33 spriggan druids
  5 fire crabs
  6 deep trolls (shapeshifter)
  20 wizards
  36 sea snakes
  2 swamp dragons (shapeshifter) (Zig:19)
  12 unseen horrors
  163 starcursed masses
  51 flayed ghosts
  84 death drakes
  4 gelid demonspawn
  23 glowing orange brains
  8 torturous demonspawn
  A harpy (shapeshifter) (Zig:24)
  12 orange crystal statues
  49 shadow demons
  A spectral iron dragon (Crypt:3)
  2 lindwurms
  12 infernal demonspawn
  90 deep elf archers
  17 obsidian statues
  18 tengu zombies
  16 naga ritualists
  37 ironbrand convokers
  16 golden dragon skeletons
  16 shadow dragon zombies
  6 lindwurms (shapeshifter)
  167 orb spiders
  14 sphinx zombies
  21 necromancers
  77 orc knights
  137 swamp dragons
  4 wolf spiders (shapeshifter)
  4 mana vipers (shapeshifter)
  19 iron dragon zombies
  12 fire giant zombies
  2 stone giant zombies
  51 phantasmal warriors
  2 glowing shapeshifters
  66 harpies
  33 oklob plants
  6 fauns (shapeshifter)
  4 orb spiders (shapeshifter)
  256 deep elf magi
  14 mana vipers
  13 frost giant zombies
  3 salamanders (shapeshifter)
  23 tengu skeletons
  3 shining eyes (shapeshifter)
  97 ugly things
  133 wolf spiders
  A spectral fire dragon (Crypt:3)
  34 shining eyes
  An elephant (shapeshifter) (Vaults:5)
  10 worldbinders
  70 cyclopes
  46 fauns
  85 orc sorcerers
  5 cyclopes (shapeshifter)
  40 manticores
  5 manticores (shapeshifter)
  7 salamanders
  4 guardian serpents (shapeshifter)
  24 merfolk sirens
  12 sphinx skeletons
  3 moths of wrath (shapeshifter)
  12 shadow dragon skeletons
  2 toenail golems
  Maurice (D:9)
  159 moths of wrath
  A spectral centaur (D:12)
  12 iron dragon skeletons
  68 guardian serpents
  5 eyes of devastation (shapeshifter)
  13 elephants
  A stone giant skeleton (Zig:5)
  25 spriggan zombies
  59 rust devils
  23 ice statues
  Joseph (D:7)
  A titan simulacrum (Crypt:3)
  94 smoke demons
  85 black mambas
  41 naga magi
  7 water nymphs (shapeshifter)
  4 black mambas (shapeshifter)
  4 frost giant skeletons
  15 gargoyles
  7 fire giant skeletons
  2 molten gargoyles (Volcano)
  10 eyes of devastation
  5 torpor snails (shapeshifter)
  2 centaur zombies
  37 vault sentinels
  74 water nymphs
  41 orange demons
  78 torpor snails
  50 elf zombies
  76 spiny frogs
  72 apocalypse crabs
  11 spriggan skeletons
  2 kobold demonologists
  2 green draconian zombies
  33 rime drakes
  A spark wasp simulacrum (Zig:12)
  2 komodo dragons (shapeshifter)
  96 freezing wraiths
  60 yaktaurs
  2 minotaur zombies (Crypt:3)
  2 storm dragon simulacra
  113 demonic crawlers
  102 hellions
  17 efreet
  29 hellwings
  55 ice devils
  100 tormentors
  4 silent spectres
  A white draconian skeleton (Crypt:1)
  20 komodo dragons
  4 yaktaurs (shapeshifter)
  239 guardian mummies
  A yaktaur skeleton (Zig:2)
  3 golden dragon simulacra
  A grey draconian skeleton (Crypt:1)
  A tengu conjurer (Depths:1)
  32 elf skeletons
  4 meliai (shapeshifter)
  59 trolls
  37 red devils
  A death yak skeleton (Crypt:1)
  3 polar bears (shapeshifter)
  5 merfolk (shapeshifter)
  56 ancient zymes
  7 meliai
  A wind drake (shapeshifter) (Zig:24)
  111 jumping spiders
  2 queen bees (shapeshifter)
  A tyrant leech (shapeshifter) (Zig:18)
  31 wind drakes
  Grinder (D:6)
  5 jumping spiders (shapeshifter)
  9 polar bears
  33 tyrant leeches
  114 merfolk
  2 fire dragon zombies
  2 ice dragon zombies (Zig:2)
  A troll (shapeshifter) (Zig:19)
  A hornet (shapeshifter) (Zig:27)
  A raiju (shapeshifter) (Vaults:5)
  A deep troll zombie (Zig:2)
  A hydra skeleton (Tomb:1)
  3 ettin zombies
  3 slime creatures (shapeshifter)
  2 iron dragon simulacra
  A jumping spider zombie (Crypt:3)
  87 raiju
  192 hornets
  174 slime creatures
  7 dream sheep (shapeshifter)
  5 dream sheep (Lair:6)
  2 blink frogs (shapeshifter)
  19 blink frogs
  49 bog bodies
  A fire giant simulacrum (Vaults:1)
  A stone giant simulacrum (Zig:8)
  A hippogriff (shapeshifter) (Zig:16)
  17 hippogriffs
  34 air elementals
  20 snapping turtles
  6 snapping turtles (shapeshifter)
  30 shadows
  46 spriggans
  55 ynoxinuls
  150 flying skulls
  A centaur simulacrum (D:12)
  A spectral black mamba (Crypt:3)
  2 deep troll skeletons
  68 water elementals
  7 vampires
  10 redbacks (shapeshifter)
  42 wraiths
  177 redbacks
  A spriggan (shapeshifter) (Zig:20)
  135 tarantellas
  20 wyverns
  A tyrant leech zombie (Crypt:1)
  A yak (shapeshifter) (Zig:8)
  A fire dragon skeleton (Zig:2)
  2 tarantellas (shapeshifter)
  104 ushabtiu
  4 ettin skeletons
  25 fire elementals
  A dire elephant simulacrum (Crypt:3)
  An ice dragon skeleton (Zig:2)
  17 golden eyes
  11 hungry ghosts
  3 hogs (D:13)
  21 fire bats
  26 steam dragons
  42 yaks
  6 basilisks
  47 vampire mosquitoes
  75 chaos spawn
  62 neqoxecs
  3 basilisks (shapeshifter)
  31 nagas
  3 human zombies
  A naga (shapeshifter) (Zig:21)
  19 swamp worms
  A warg (shapeshifter) (Depths:2)
  31 insubstantial wisps
  8 swamp worms (shapeshifter)
  72 wargs
  A spatial vortex (Zig:19)
  A two-headed ogre zombie (Crypt:1)
  28 acid dragons
  A gelid demonspawn zombie (Crypt:3)
  192 large abominations
  27 hell hounds
  2 soldier ants (shapeshifter)
  A soldier ant (D:15)
  28 water moccasins
  64 swamp drakes
  4 floating eyes (shapeshifter)
  11 floating eyes
  9 porcupines
  6 black bears
  10 ice beasts
  3 black bears (shapeshifter)
  A fire dragon simulacrum (Crypt:3)
  308 orc warriors
  21 eyes of draining
  4 sky beasts
  5 phantoms
  6 eyes of draining (shapeshifter)
  20 necrophages
  A snapping turtle zombie (Tomb:3)
  A hornet zombie (D:15)
  55 centaurs
  17 boggarts
  149 ogres
  A manticore skeleton (Crypt:3)
  2 elf simulacra (Zig:25)
  A lindwurm skeleton (Crypt:2)
  44 wolves
  74 small abominations
  A torpor snail zombie (Crypt:3)
  27 crocodiles
  A blink frog skeleton (Crypt:2)
  2 spectral humans (Crypt:3)
  Blork the orc (D:5)
  13 bullfrogs
  A big kobold (D:7)
  3 gnoll sergeants
  2 yaktaur zombies (Zig:3)
  36 earth elementals
  A hippogriff skeleton (Crypt:3)
  A glowing shapeshifter simulacrum (Zig:25)
  2 wyvern skeletons
  2 human skeletons
  A scorpion (shapeshifter) (Vaults:1)
  5 scorpions
  A water moccasin skeleton (Crypt:2)
  48 killer bees (Lair:1)
  14 wights
  3 electric eels
  A howler monkey (D:10)
  5 lava snakes (Volcano)
  14 crimson imps
  4 bullfrog zombies
  A troll skeleton (Crypt:3)
  A human simulacrum (Vaults:3)
  37 iron imps
  6 jellies
  6 hounds
  6 centaur skeletons
  4 gnoll shamans
  5 bullfrog skeletons
  70 orc priests
  54 orc wizards
  A demonspawn skeleton (Crypt:1)
  Natasha (thrice) (D:3)
  4 iguanas
  8 worker ants
  An acid dragon zombie (Crypt:2)
  368 mummies
  A worker ant zombie (D:10)
  14 adders
  8 gnolls
  A howler monkey skeleton (D:9)
  14 shadow imps
  43 white imps
  2 ufetubi (Abyss:3)
  3 oozes
  3 adder zombies
  2 worms (D:2)
  7 ball lightnings (Pan)
  3 dart slugs (D:1)
  6 leopard geckos
  135 orcs
  5 giant cockroaches
  8 goblins
  7 hobgoblins
  7 jackals
  9 kobolds
  7 quokkas
  3 ball pythons
  10 bats
  4 frilled lizards
  A frilled lizard skeleton (Crypt:2)
  A giant cockroach zombie (D:5)
  5 hobgoblin zombies (Ossuary)
  A jackal zombie (Crypt:1)
  A kobold zombie (Ossuary)
  A leopard gecko skeleton (Crypt:3)
  A leopard gecko zombie (D:5)
  2 orc skeletons
  2 orc zombies
  A quokka skeleton (D:7)
  7 rats
  A rat skeleton (Crypt:1)
  80 blocks of ice
  42 briar patches
  6 bushes (Lair:1)
  113 crawling corpses
  92 fire vortices
  9 fungi
  A lurking horror (Abyss:3)
  37 plants
  25 starspawn tentacles
18628 creatures vanquished.

Vanquished Creatures (collateral kills)
  A hellephant (Pan)
  A pandemonium lord (Zig:10)
  5 acid blobs
  A storm dragon (Depths:5)
  An azure jelly (Slime:5)
  An emperor scorpion (Zig:3)
  A draconian shifter (Zig:11)
  A draconian stormcaller (Zig:17)
  A vampire knight (Zig:14)
  A green death (Zig:22)
  A death scarab (Tomb:3)
  A wretched star (Zig:2)
  A shadow demon (Zig:8)
  A shadow dragon zombie (Zig:25)
  An iron dragon zombie (Zig:25)
  A frost giant skeleton (Zig:15)
  An eye of devastation (Zig:23)
  A torpor snail (Spider:3)
  2 orange demons
  5 slime creatures
  An air elemental (Zig:20)
  An elf zombie (Zig:12)
  A golden eye (Zig:23)
  2 floating eyes (Zig:23)
  A mummy (Tomb:3)
35 creatures vanquished.

Vanquished Creatures (others)
  The ghost of Rucih the Sorcerer, a legendary DsFi of Okawaru (Zig:12)
  2 pandemonium lords
  The ghost of Ihoic the Archmage, a legendary SpEn of Dithmenos (Zig:16)
  The ghost of Ihoic the Archmage, a legendary SpEn of Dithmenos (Zig:16)
  A Killer Klown (Zig:7)
  The ghost of Icuofef the Sorcerer, a veteran SpEn of Dithmenos (Zig:12)
  The ghost of Icuofef the Sorcerer, a veteran SpEn of Dithmenos (Zig:12)
  3 golden dragons
  The ghost of Omodibba the Wrestler, a veteran BaHu of Cheibriados (Zig:16)
  A curse toe (Zig:12)
  The ghost of Xootouk the Archmage, a master SpEn of Dithmenos (Zig:16)
  The ghost of Xootouk the Archmage, a master SpEn of Dithmenos (Zig:12)
  A tentacled monstrosity (Zig:24)
  A deep elf blademaster (Zig:11)
  An Executioner (Zig:26)
  5 shadow dragons
  An eldritch tentacle (Zig:4)
  A storm dragon (Zig:21)
  3 revenants (Zig:16)
  A blood saint (Zig:26)
  A draconian scorcher (Zig:17)
  A balrug (Zig:17)
  A ghost moth (Zig:24)
  2 draconian knights
  2 black suns (Zig:16)
  4 curse skulls
  A cacodemon (Zig:17)
  2 draconian annihilators
  A corrupter (Zig:26)
  A deep elf annihilator (Zig:26)
  A purple draconian (Zig:20)
  A white draconian (Zig:17)
  A red draconian (Zot:1)
  2 deep elf death magi
  A hell beast (Zig:19)
  5 ghost crabs
  2 spriggan air magi
  A dancing weapon (Zig:27)
  A thrashing horror (Zig:20)
  A deep elf knight (Elf:1)
  2 naga sharpshooters (Zig:10)
  A sun demon (Pan)
  A spatial maelstrom (Zig:19)
  An unseen horror (D:15)
  A wizard (Pan)
  A deep elf mage (Elf:3)
  2 apocalypse crabs (Zig:7)
  A demonic crawler (Zig:23)
  A tengu conjurer (Depths:1)
  A hornet (Zig:15)
  A hippogriff (shapeshifter) (Abyss:3)
  A tarantella (Spider:3)
  A wyvern (Zig:5)
  A human (D:13)
  A ynoxinul (Pan)
  3 fire bats
  A vampire mosquito (Zig:24)
  A hog (shapeshifter) (Zig:25)
  2 steam dragons (Swamp:4)
  3 large abominations
  A swamp drake (Swamp:4)
  An ogre (Vaults:4)
  A small abomination (Abyss:3)
  A wight (Zig:13)
  A howler monkey (D:13)
  109 blocks of ice
  A briar patch (Zig:24)
  2 crawling corpses
  346 fire vortices
  10 fungi
  A lurking horror (Abyss:3)
  36 plants
  27 starspawn tentacles
625 creatures vanquished.

Grand Total: 19288 creatures vanquished

Notes
Turn   | Place    | Note
-------+----------+-------------------------------------------
     0 | D:1      | Rikkoh the Gargoyle Earth Elementalist began the quest for
                  | the Orb.
     0 | D:1      | Reached XP level 1. HP: 10/10 MP: 3/3
   389 | D:1      | Reached XP level 2. HP: 14/15 MP: 5/5
   669 | D:1      | Reached XP level 3. HP: 18/19 MP: 6/6
  1058 | D:2      | Learned a level 3 spell: Stone Arrow
  1687 | D:2      | Reached XP level 4. HP: 19/24 MP: 8/8
  1718 | D:2      | Reached skill level 1 in Conjurations
  2413 | D:3      | Noticed Natasha
  2418 | D:3      | Killed Natasha
  2418 | D:3      | Reached skill level 5 in Earth Magic
  2418 | D:3      | Reached XP level 5. HP: 28/28 MP: 1/10
  2597 | D:3      | Learned a level 5 spell: Lee's Rapid Deconstruction
  2625 | D:3      | Noticed Natasha
  2628 | D:3      | Killed Natasha
  2869 | D:3      | Noticed Natasha
  2874 | D:3      | Killed Natasha
  3000 | D:3      | Gained mutation: Scrolls take you a little longer to read.
                  | [potion of mutation]
  3000 | D:3      | Gained mutation: You possess an exceptional clarity of
                  | mind. [potion of mutation]
  3172 | D:4      | Found a sand-covered staircase.
  3188 | Ossuary  | Entered an ossuary
  3354 | Ossuary  | Lost mutation: Scrolls take you a little longer to read.
                  | [potion of mutation]
  3354 | Ossuary  | Gained mutation: You have large cloven feet. [potion of
                  | mutation]
  3354 | Ossuary  | Gained mutation: Your mind is acute. (Int +2) [potion of
                  | mutation]
  3368 | Ossuary  | Noticed a wraith
  3368 | Ossuary  | Noticed a flying skull
  3375 | Ossuary  | Noticed a flying skull
  3508 | D:4      | Noticed an ogre
  3511 | D:4      | Killed an ogre
  3511 | D:4      | Reached XP level 6. HP: 32/32 MP: 6/12
  3689 | D:4      | Reached XP level 7. HP: 36/36 MP: 7/13
  4019 | D:5      | Entered Level 5 of the Dungeon
  4024 | D:5      | Found a burning altar of Makhleb.
  4100 | D:5      | Found Effesairr's Distillery.
  4108 | D:5      | Bought a potion of heal wounds for 60 gold pieces
  4108 | D:5      | Bought a potion of curing for 36 gold pieces
  4108 | D:5      | Bought a potion of might for 48 gold pieces
  4108 | D:5      | Bought a potion of curing for 36 gold pieces
  4131 | D:5      | Noticed Blork the orc
  4139 | D:5      | Killed Blork the orc
  4139 | D:5      | Reached skill level 5 in Spellcasting
  4214 | D:5      | Found a shimmering blue altar of Sif Muna.
  4250 | D:5      | Reached skill level 5 in Conjurations
  4250 | D:5      | Reached XP level 8. HP: 20/41 MP: 13/15
  4917 | D:5      | Found a snail-covered altar of Cheibriados.
  5398 | D:6      | Reached skill level 1 in Armour
  5439 | D:6      | Noticed Grinder
  5450 | D:6      | Killed Grinder
  5450 | D:6      | Reached skill level 1 in Fighting
  5450 | D:6      | Reached skill level 1 in Maces & Flails
  5450 | D:6      | Reached skill level 1 in Evocations
  5450 | D:6      | Reached XP level 9. HP: 44/47 MP: 1/17
  5794 | D:6      | Found a staircase to the Ecumenical Temple.
  5802 | Temple   | Entered the Ecumenical Temple
  5836 | Temple   | Became a worshipper of Vehumet
  7022 | D:7      | Noticed Joseph
  7054 | D:7      | HP: 1/50 [Joseph/+0 quarterstaff (5)]
  7059 | D:7      | Killed Joseph
  7059 | D:7      | Reached XP level 10. HP: 17/56 MP: 8/19
  7368 | D:7      | Reached * piety under Vehumet
  7368 | D:7      | Offered knowledge of Freeze by Vehumet.
  7831 | D:8      | Found a shadowy altar of Dithmenos.
  7903 | D:8      | Found a basalt altar of Yredelemnul.
  7975 | D:8      | Found a bloodstained altar of Trog.
  8241 | D:9      | Found the +4 moon troll leather armour {Spirit, Regen++
                  | MP+5}
  8466 | D:9      | Noticed Maurice
  8479 | D:9      | Killed Maurice
  8482 | D:9      | Noticed a kobold demonologist
  8487 | D:9      | Noticed a soul eater
  8517 | D:9      | Killed a kobold demonologist
  8762 | D:9      | Noticed Erolcha
  8766 | D:9      | Killed Erolcha
  8779 | D:9      | Reached ** piety under Vehumet
  8779 | D:9      | Offered knowledge of Shock by Vehumet.
  9251 | D:10     | Entered Level 10 of the Dungeon
  9638 | D:10     | Reached XP level 11. HP: 62/62 MP: 20/21
  9903 | D:10     | Noticed a four-headed hydra
  9909 | D:10     | Killed a four-headed hydra
  9909 | D:10     | Reached skill level 5 in Fighting
  9909 | D:10     | Reached skill level 5 in Armour
  9996 | D:11     | Noticed Harold
 10006 | D:11     | Killed Harold
 10062 | D:11     | Reached skill level 5 in Maces & Flails
 10070 | D:11     | Offered knowledge of Ignite Poison by Vehumet.
 10308 | D:11     | Noticed an eight-headed hydra
 10309 | D:11     | Noticed a manticore
 10512 | D:11     | Noticed a purple ugly thing
 10518 | D:11     | Killed a purple ugly thing
 10518 | D:11     | Reached skill level 10 in Earth Magic
 10530 | D:11     | Killed an eight-headed hydra
 10534 | D:11     | Noticed an unseen horror
 10538 | D:11     | Killed a manticore
 10540 | D:11     | Killed an unseen horror
 10891 | D:11     | Found a staircase to the Orcish Mines.
 10942 | D:11     | Noticed Snorg
 10954 | D:11     | Killed Snorg
 11112 | D:11     | Found a staircase to the Lair.
 11146 | D:11     | Found a roughly hewn altar of Beogh.
 11152 | D:11     | Reached skill level 5 in Evocations
 11154 | D:11     | Reached *** piety under Vehumet
 11375 | D:11     | Reached skill level 5 in Dodging
 11496 | D:11     | Reached XP level 12. HP: 70/70 MP: 23/23
 11500 | D:11     | Offered knowledge of Mephitic Cloud by Vehumet.
 11540 | D:11     | Noticed Josephine
 11547 | D:11     | Killed Josephine
 12028 | D:12     | Reached **** piety under Vehumet
 12138 | D:12     | Offered knowledge of Iskenderun's Mystic Blast by Vehumet.
 12262 | D:12     | Noticed a death knight
 12753 | D:12     | Noticed Hajin's ghost (journeyman DrCj)
 12800 | D:12     | Killed a death knight
 13106 | D:12     | Found a transporter.
 13117 | D:12     | Found a transporter.
 13494 | D:13     | Reached XP level 13. HP: 63/76 MP: 16/25
 13574 | D:13     | Learned a level 5 spell: Fireball
 13625 | D:13     | Reached skill level 1 in Fire Magic
 13660 | D:13     | Noticed Kirke
 13754 | D:13     | Killed Kirke
 14019 | D:13     | Noticed a storm dragon
 14285 | D:13     | Killed a storm dragon
 14285 | D:13     | Reached skill level 10 in Conjurations
 14460 | D:13     | You fall into a shaft and drop 1 floor!
 15018 | D:13     | You fall into a shaft and drop 2 floors!
 15018 | D:15     | Entered Level 15 of the Dungeon
 15053 | D:15     | Found a shimmering altar of Xom.
 15056 | D:15     | Found the +7 mace of Variability {chain chaos}
 15931 | D:14     | Noticed a vault guard
 15931 | D:14     | Noticed a vault guard
 15931 | D:14     | Noticed a vault guard
 15932 | D:14     | Found a gate to the Vaults.
 15932 | D:14     | Noticed a vault guard
 15932 | D:14     | Noticed a vault guard
 15933 | D:14     | Noticed a vault guard
 15938 | D:14     | Noticed a vault guard
 15944 | D:14     | Killed a vault guard
 15944 | D:14     | Killed a vault guard
 15944 | D:14     | Killed a vault guard
 15944 | D:14     | Killed a vault guard
 15944 | D:14     | Killed a vault guard
 15944 | D:14     | Reached skill level 5 in Fire Magic
 15955 | D:14     | Killed a vault guard
 15956 | D:14     | Noticed a vault guard
 15959 | D:14     | Gained mutation: Your large and strong wings let you fly
                  | indefinitely. [Gargoyle growth]
 15959 | D:14     | Reached XP level 14. HP: 82/84 MP: 8/27
 15976 | D:14     | Reached ***** piety under Vehumet
 16230 | D:14     | Offered knowledge of Iskenderun's Battlesphere by Vehumet.
 16236 | D:14     | Found a white marble altar of Elyvilon.
 16305 | D:14     | You fall into a shaft and drop 1 floor!
 17275 | Lair:1   | Entered Level 1 of the Lair of Beasts
 18285 | Lair:1   | Learned a level 2 spell: Passwall
 18655 | Lair:2   | Found a dark tunnel.
 18665 | Volcano  | Entered a volcano
 18779 | Volcano  | Found a burning altar of Makhleb.
 18864 | Volcano  | HP: 4/86 [molten gargoyle/bolt of magma (11)]
 19548 | Lair:2   | Found a staircase to the Swamp.
 19888 | Lair:3   | Reached XP level 15. HP: 74/91 MP: 26/28
 19893 | Lair:3   | Found a runed translucent gate.
 19893 | Lair:3   | Found a runed translucent gate.
 19893 | Lair:3   | Found a runed translucent gate.
 19893 | Lair:3   | Noticed brujo666's ghost (journeyman DrCj)
 19973 | Lair:3   | Reached skill level 10 in Spellcasting
 20709 | Lair:4   | Reached ****** piety under Vehumet
 20709 | Lair:4   | Offered knowledge of Yara's Violent Unravelling by Vehumet.
 21023 | Lair:4   | Found a hole to the Spider Nest.
 21369 | Lair:5   | Found a staircase to the Slime Pits.
 21469 | Lair:5   | Noticed Rupert
 21478 | Lair:5   | Killed Rupert
 21478 | Lair:5   | Reached skill level 10 in Fighting
 22281 | Lair:6   | Entered Level 6 of the Lair of Beasts
 22322 | Lair:6   | Found a runed translucent gate.
 22322 | Lair:6   | Found a runed translucent gate.
 22322 | Lair:6   | Found a runed translucent gate.
 22325 | Lair:6   | Noticed Nixze's ghost (journeyman GrEE)
 22327 | Lair:6   | Found a viscous altar of Jiyva.
 22670 | Lair:6   | Offered knowledge of Ozocubu's Refrigeration by Vehumet.
 23022 | Lair:6   | Reached XP level 16. HP: 71/98 MP: 28/30
 23134 | Lair:6   | Found a burning altar of Makhleb.
 23254 | Lair:6   | Reached skill level 10 in Fire Magic
 23941 | Orc:1    | Entered Level 1 of the Orcish Mines
 23941 | Orc:1    | Noticed Sonja
 23956 | Orc:1    | Killed Sonja
 23979 | Orc:1    | Found a bloodstained altar of Trog.
 24250 | Orc:2    | Entered Level 2 of the Orcish Mines
 24313 | Orc:2    | Found a staircase to the Elven Halls.
 24449 | Orc:1    | Found a roughly hewn altar of Beogh.
 24786 | Orc:2    | Offered knowledge of Bolt of Magma by Vehumet.
 25828 | Orc:2    | Reached skill level 10 in Maces & Flails
 26105 | Orc:2    | Learned a level 5 spell: Bolt of Magma
 26352 | Orc:2    | Found Asik's Food Emporium.
 26352 | Orc:2    | Found Pul Suk's Antique Armour Emporium.
 26353 | Orc:2    | Found Wevohasa's Distillery.
 26353 | Orc:2    | Found Ushralawk's Jewellery Shoppe.
 26377 | Orc:2    | Bought 2 potions of heal wounds for 110 gold pieces
 26377 | Orc:2    | Bought a potion of curing for 33 gold pieces
 26377 | Orc:2    | Bought a potion of heal wounds for 55 gold pieces
 26377 | Orc:2    | Bought a potion of heal wounds for 55 gold pieces
 26377 | Orc:2    | Bought a potion of curing for 33 gold pieces
 26377 | Orc:2    | Bought a potion of curing for 33 gold pieces
 26377 | Orc:2    | Bought a potion of cancellation for 88 gold pieces
 26377 | Orc:2    | Bought a potion of cancellation for 88 gold pieces
 26377 | Orc:2    | Bought a potion of brilliance for 44 gold pieces
 26733 | D:15     | Offered knowledge of Orb of Destruction by Vehumet.
 26747 | D:15     | Learned a level 7 spell: Orb of Destruction
 26771 | D:15     | Noticed Louise
 27130 | D:15     | Found an iron altar of Okawaru.
 27196 | D:15     | Found a staircase to the Depths.
 27224 | D:15     | Killed Louise
 28410 | Spider:1 | Entered Level 1 of the Spider Nest
 29680 | Spider:2 | Reached XP level 17. HP: 90/104 MP: 24/32
 30194 | Spider:2 | Offered knowledge of Starburst by Vehumet.
 30202 | Spider:2 | Learned a level 6 spell: Starburst
 31162 | Spider:3 | Identified a scroll of acquirement
 31162 | Spider:3 | Identified Xuzir's Catalogue of Igneous Feathers (You
                  | acquired it on level 3 of the Spider Nest)
 31162 | Spider:3 | Identified the ring of Celeupra {rC+ MR+ SInv} (You
                  | acquired it on level 3 of the Spider Nest)
 31249 | Spider:3 | Offered knowledge of Chain Lightning by Vehumet.
 31384 | Spider:3 | Identified the +5 dire flail of Distraction {freeze, Int+4
                  | Stlth-} (You acquired it on level 3 of the Spider Nest)
 31384 | Spider:3 | Identified the Collected Works on the Arsonist and Arcane
                  | Weapons (You acquired it on level 3 of the Spider Nest)
 31511 | Spider:4 | Entered Level 4 of the Spider Nest
 31558 | Spider:4 | Found the +2 ratskin cloak {+Rats rPois rN+ Str-1 Int-1
                  | Dex+1}
 33612 | Swamp:1  | Entered Level 1 of the Swamp
 33878 | Swamp:1  | Reached XP level 18. HP: 96/112 MP: 9/33
 34060 | Swamp:1  | Offered knowledge of Lehudib's Crystal Spear by Vehumet.
 34060 | Swamp:1  | Offered knowledge of Fire Storm by Vehumet.
 34060 | Swamp:1  | Offered knowledge of Ignition by Vehumet.
 34120 | Swamp:1  | Learned a level 8 spell: Ignition
 37126 | Swamp:4  | Entered Level 4 of the Swamp
 37146 | Swamp:4  | Reached skill level 15 in Fire Magic
 37395 | Swamp:4  | Reached skill level 15 in Earth Magic
 38313 | Swamp:4  | Got a decaying rune of Zot
 38626 | Spider:4 | Reached XP level 19. HP: 35/116 MP: 7/34
 38794 | Spider:4 | Got a gossamer rune of Zot
 39242 | Elf:1    | Entered Level 1 of the Elven Halls
 39265 | Elf:1    | Reached skill level 10 in Dodging
 40000 | Elf:1    | Found Erekuec's General Store.
 40010 | Elf:1    | Noticed an Ice Fiend
 40536 | Elf:1    | Found a runed translucent gate.
 40536 | Elf:1    | Found a runed translucent gate.
 40536 | Elf:1    | Found a runed translucent gate.
 40536 | Elf:1    | Found a runed translucent gate.
 40536 | Elf:1    | Found a runed translucent gate.
 40537 | Elf:1    | Found a runed translucent gate.
 41206 | Elf:2    | Identified the amulet "Kuitosogh" {Faith rPois rC+ MR+}
 41439 | Elf:2    | Identified the +4 scimitar "Loeddok" {speed, rN++ Dex+4}
 41585 | Elf:2    | Found a runed translucent gate.
 41585 | Elf:2    | Found a runed translucent gate.
 41585 | Elf:2    | Found a runed translucent gate.
 42000 | Elf:2    | Found a shimmering blue altar of Sif Muna.
 42122 | Elf:3    | Entered Level 3 of the Elven Halls
 42155 | Elf:3    | Noticed Donald
 42175 | Elf:3    | Killed Donald
 42462 | Elf:3    | Reached XP level 20. HP: 124/124 MP: 36/36
 42589 | Elf:3    | Noticed Asterion
 42596 | Elf:3    | Killed Asterion
 43103 | Elf:3    | Noticed a Tzitzimitl
 43581 | Elf:3    | Found the +11 plutonium sword {*Contam Stlth-}
 43996 | Vaults:1 | Entered Level 1 of the Vaults
 44417 | Vaults:1 | Noticed Agnes
 44473 | Vaults:1 | Killed Agnes
 44495 | Vaults:1 | Paralysed by a sphinx for 4 turns
 44499 | Vaults:1 | HP: 2/125 [sphinx/divine providence (7)]
 45048 | Vaults:1 | Reached XP level 21. HP: 130/130 MP: 37/37
 45252 | Vaults:1 | Found Sofo's Gadget Shop.
 45944 | Vaults:2 | Found Voriryhata's Antique Armour Shoppe.
 46315 | Vaults:2 | Reached skill level 15 in Conjurations
 47486 | Vaults:3 | Found a staircase to the Crypt.
 47486 | Vaults:3 | Found a basalt altar of Yredelemnul.
 47487 | Vaults:3 | Found an ancient bone altar of Kikubaaqudgha.
 48665 | Vaults:4 | Reached XP level 22. HP: 137/137 MP: 39/39
 48762 | Vaults:4 | Identified Sif Muna's Volume of Atheism
 48771 | Vaults:4 | Learned a level 5 spell: Borgnjor's Vile Clutch
 49441 | Vaults:5 | Entered Level 5 of the Vaults
 49451 | Vaults:5 | Noticed a golden dragon
 49602 | Vaults:4 | Reached XP level 23. HP: 143/143 MP: 40/40
 49613 | Vaults:4 | Learned a level 9 spell: Shatter
 49620 | Vaults:5 | Noticed an ancient lich
 49624 | Vaults:5 | HP: 1/143 [tengu reaver/+0 glaive (16)]
 49632 | Vaults:5 | Killed an ancient lich
 50081 | Vaults:5 | Identified the ring of Qiops {MR+ Str+2 SInv}
 50088 | Vaults:5 | Reached XP level 24. HP: 117/148 MP: 40/40
 50844 | Vaults:5 | Identified the cursed +2 quarterstaff of Distant Shores
                  | {drain, rF+}
 50844 | Vaults:5 | Identified the cursed +1 robe of the Loofah {rElec Dex+4
                  | Stlth+}
 51221 | Vaults:5 | Noticed an ancient lich
 51230 | Vaults:5 | Killed an ancient lich
 51319 | Vaults:5 | Identified the +9 spear of the Pariah {speed, rC+ Int+3
                  | Dex+2 Stlth-}
 51319 | Vaults:5 | Identified the ring "Cuwe Hakk" {rC+ MR+ rCorr Stlth+}
 51710 | Vaults:5 | Got a silver rune of Zot
 51717 | Vaults:5 | Identified Pyskeps's Incunabulum of Envenoming and Unholy
                  | Magic
 52367 | Crypt:1  | Entered Level 1 of the Crypt
 52774 | Vaults:3 | Learned a level 8 spell: Lehudib's Crystal Spear
 53020 | Crypt:1  | Found the +3 giant club "Skullcrusher" {speed, Str+7}
 53810 | Crypt:2  | Reached XP level 25. HP: 154/154 MP: 40/40
 54189 | Crypt:3  | Entered Level 3 of the Crypt
 54237 | Crypt:3  | Reached skill level 15 in Fighting
 55213 | Crypt:3  | Found a staircase to the Tomb.
 55958 | Crypt:3  | Got a smoking lead ring
 55958 | Crypt:3  | Got a heavily runed iron ring
 55967 | Crypt:3  | Identified the Almanac of the Guardian
 55969 | Crypt:3  | Identified the ring "Kalufamo" {*Contam rC+ rN+ Int+2} (You
                  | found it on level 3 of the Crypt)
 55971 | Crypt:3  | Identified the ring "Lemm" {rF+++ rC- rN+ Str+6 Slay-3}
                  | (You found it on level 3 of the Crypt)
 56293 | Depths:1 | Entered Level 1 of the Depths
 56479 | Depths:1 | Found the cursed +14 obsidian axe {vorpal, +Fly SInv
                  | *Curse}
 56486 | Depths:1 | Identified the Volume of Incorporation
 56897 | Depths:1 | Found a burning altar of Makhleb.
 56900 | Depths:1 | Found a burning altar of Makhleb.
 57125 | Depths:1 | Found a one-way gate leading to the halls of Pandemonium.
 57248 | Depths:1 | Found a gateway to Hell.
 57530 | Depths:2 | Found a one-way gate to the infinite horrors of the Abyss.
 57719 | Depths:2 | Reached XP level 26. HP: 142/163 MP: 40/41
 58678 | Depths:3 | Reached skill level 15 in Spellcasting
 58680 | Depths:3 | Noticed the Enchantress
 58682 | Depths:3 | Killed the Enchantress
 59027 | Depths:3 | Noticed Xtahua
 59035 | Depths:3 | Killed Xtahua
 59215 | Depths:3 | Noticed Margery
 59220 | Depths:3 | Killed Margery
 59393 | Depths:3 | Found a runed translucent door.
 59394 | Depths:3 | Noticed an ancient lich
 59404 | Depths:3 | Killed an ancient lich
 59416 | Depths:3 | Identified the +9 dire flail of the Dove {protect, rC+}
                  | (You found it on level 3 of the Depths)
 60202 | Elf:2    | Reached XP level 27. HP: 149/171 MP: 25/42
 60878 | D:12     | Killed Hajin's ghost
 61412 | Depths:4 | Identified the Tome of Transmigration and Execration
 61495 | Depths:4 | HP: 4/172 [stone giant/large rock (20)]
 61500 | Depths:3 | HP: 6/172 [stone giant (21)]
 61998 | Depths:4 | Found Butah's Armour Shoppe.
 61998 | Depths:4 | Found Rydeel's Book Emporium.
 62681 | Depths:5 | Entered Level 5 of the Depths
 62787 | Depths:4 | Learned a level 9 spell: Fire Storm
 62869 | Depths:5 | Paralysed by a great orb of eyes for 4 turns
 62997 | Depths:5 | Identified the +2 robe of the Hare {-Cast Int+2 Stlth+}
                  | (You found it on level 5 of the Depths)
 63019 | Depths:5 | Identified the Catalogue of Unstable Transmigration
 63128 | Depths:5 | Found a gate to the Realm of Zot.
 63344 | Depths:5 | Noticed Saint Roka
 63349 | Depths:5 | Killed Saint Roka
 63596 | Depths:5 | Found a gateway to a ziggurat.
 63616 | Depths:4 | Identified the +4 quarterstaff of Fedhas's Benevolence
                  | {vorpal, rPois Str+2} (You found it on level 4 of the
                  | Depths)
 64172 | Slime:1  | Entered Level 1 of the Pits of Slime
 64403 | Slime:3  | Lost mutation: Your mind is acute. (Int +2) [a shining eye]
 64506 | Slime:5  | Entered Level 5 of the Pits of Slime
 64562 | Slime:5  | Noticed the Royal Jelly
 64563 | Slime:5  | Found a viscous altar of Jiyva.
 64657 | Slime:3  | Gained mutation: You are clumsy. (Dex -2) [a shining eye]
 64875 | Slime:5  | Killed the Royal Jelly
 64992 | Slime:5  | Gained mutation: Your body sometimes deteriorates upon
                  | taking damage. [a shining eye]
 64996 | Slime:5  | Gained mutation: You evolve. [a shining eye]
 65084 | Slime:5  | Got a glittering silver amulet
 65085 | Slime:5  | Identified the amulet of Leass {Acrobat Int+6} (You found
                  | it on level 5 of the Pits of Slime)
 65103 | Slime:5  | Got a slimy rune of Zot
 65145 | Slime:5  | Identified the +4 quarterstaff "Fuemen" {freeze, rC+ SInv}
                  | (You found it on level 5 of the Pits of Slime)
 65219 | Slime:5  | Identified the +11 quarterstaff of Sulphur {antimagic, +Fly
                  | rN+ Str+3 SInv} (You found it on level 5 of the Pits of
                  | Slime)
 65349 | Lair:4   | Gained mutation: You rapidly evolve. [evolution]
 65659 | Zig:1    | Entered Level 1 of a ziggurat
 65742 | Zig:2    | Entered Level 2 of a ziggurat
 65799 | Zig:3    | Entered Level 3 of a ziggurat
 65848 | Zig:3    | Got a transparent lapis lazuli ring
 65849 | Zig:3    | Identified the ring of Miymag {+Fly rC- MR+ Dex+5} (You
                  | found it on level 3 of a ziggurat)
 65858 | Zig:4    | Entered Level 4 of a ziggurat
 65861 | Zig:4    | Noticed an orb of fire
 65865 | Zig:4    | Reached skill level 15 in Dodging
 65866 | Zig:4    | Gained mutation: Scrolls take you a little longer to read.
                  | [an orb of fire]
 65873 | Zig:4    | Lost mutation: You possess an exceptional clarity of mind.
                  | [an orb of fire]
 65887 | Zig:4    | Killed an orb of fire
 66012 | Zig:4    | Identified the Almanac of a Thousand Queens
 66020 | Zig:5    | Entered Level 5 of a ziggurat
 66023 | Zig:5    | Noticed a juggernaut
 66027 | Zig:5    | Killed a juggernaut
 66096 | Zig:6    | Entered Level 6 of a ziggurat
 66104 | Zig:6    | Found the +8 demon blade "Leech" {vamp, *Rage +Rage rN+}
 66121 | Zig:7    | Entered Level 7 of a ziggurat
 66165 | Zig:8    | Entered Level 8 of a ziggurat
 66174 | Zig:8    | Noticed Tuahobal the pandemonium lord
 66177 | Zig:8    | Killed Tuahobal the pandemonium lord
 66446 | Zig:8    | Got a clouded golden ring
 66449 | Zig:8    | Identified the ring "Tuona" {rC+ MR+ Dex+4} (You found it
                  | on level 8 of a ziggurat)
 66458 | Zig:9    | Entered Level 9 of a ziggurat
 66515 | Zig:9    | Identified the ring "Tapoll" {rElec EV+2 Str+4} (You
                  | acquired it on level 9 of a ziggurat)
 66538 | Zig:9    | Got a smoking steel ring
 66541 | Zig:9    | Identified the ring "Goduid" {MR+ AC+1} (You found it on
                  | level 9 of a ziggurat)
 66548 | Zig:10   | Entered Level 10 of a ziggurat
 66557 | Zig:10   | Noticed Cyuvoy Asugh the pandemonium lord
 66561 | Zig:10   | Killed Cyuvoy Asugh the pandemonium lord
 66718 | Zig:11   | Entered Level 11 of a ziggurat
 66778 | Zig:11   | Identified the +4 morningstar "Xucodo" {vorpal, +Inv rC+
                  | Int+2} (You found it on level 11 of a ziggurat)
 66788 | Zig:12   | Entered Level 12 of a ziggurat
 66909 | Zig:13   | Entered Level 13 of a ziggurat
 66918 | Zig:13   | Noticed an ancient lich
 66924 | Zig:13   | Killed an ancient lich
 66938 | Zig:13   | Identified the Catalogue of Frigorific Poison
 67035 | Zig:14   | Entered Level 14 of a ziggurat
 67125 | Zig:14   | Got a slimy golden amulet
 67128 | Zig:14   | Identified the amulet of the Robin {Acrobat Fragile +Inv
                  | Str+2 Int+4} (You found it on level 14 of a ziggurat)
 67158 | Zig:15   | Entered Level 15 of a ziggurat
 67351 | Zig:15   | Got a crude amber ring
 67354 | Zig:15   | Identified the ring of Feuhuhez {*Corrode +Inv +Fly rF+
                  | Slay+6} (You found it on level 15 of a ziggurat)
 67357 | Zig:15   | Got a glittering pewter ring
 67360 | Zig:15   | Identified the ring "Meaxosiu" {*Tele MR+} (You found it on
                  | level 15 of a ziggurat)
 67365 | Zig:15   | Identified the Disquisition on the Shifting Entourage
 67370 | Zig:16   | Entered Level 16 of a ziggurat
 67375 | Zig:16   | Noticed Firaeczo the pandemonium lord
 67377 | Zig:16   | Noticed Peoc the pandemonium lord
 67380 | Zig:16   | Noticed Mycs the pandemonium lord
 67382 | Zig:16   | Noticed Fycei the pandemonium lord
 67391 | Zig:17   | Entered Level 17 of a ziggurat
 67509 | Zig:17   | Learned a level 8 spell: Necromutation
 67522 | Zig:18   | Entered Level 18 of a ziggurat
 67534 | Zig:18   | Reached skill level 1 in Transmutations
 67541 | Zig:18   | Found the +2 Maxwell's thermic engine {flame, freeze}
 67606 | Zig:18   | Reached skill level 5 in Transmutations
 67624 | Zig:19   | Entered Level 19 of a ziggurat
 67658 | Zig:19   | Found the +6 shillelagh "Devastator" {shatter}
 67703 | Zig:19   | Identified the Tome of Transmutation and Earth
 67717 | Zig:19   | Reached skill level 10 in Necromancy
 67728 | Zig:20   | Entered Level 20 of a ziggurat
 67741 | Zig:20   | Reached skill level 10 in Transmutations
 67743 | Zig:20   | Gained mutation: You tend to lose your temper in combat. [a
                  | neqoxec]
 67882 | Zig:20   | Lost mutation: Scrolls take you a little longer to read.
                  | [potion of mutation]
 67882 | Zig:20   | Lost mutation: Your body sometimes deteriorates upon taking
                  | damage. [potion of mutation]
 67882 | Zig:20   | Lost mutation: You are clumsy. (Dex -2) [potion of
                  | mutation]
 67882 | Zig:20   | Gained mutation: You are surrounded by a mild repulsion
                  | field. (EV +2) [potion of mutation]
 67919 | Zig:20   | Identified the Grimoire of Aerial Talismans
 67923 | Zig:20   | Identified the Almanac of Ice and Summoning
 67927 | Zig:20   | Got a smoking wooden ring
 67928 | Zig:20   | Identified the ring of Unasuem {Wiz *Corrode rF+ MR+} (You
                  | found it on level 20 of a ziggurat)
 67956 | Zig:21   | Entered Level 21 of a ziggurat
 67965 | Zig:21   | Gained mutation: You have a pair of small antennae on your
                  | head. [a neqoxec]
 67971 | Zig:21   | Noticed an ancient lich
 67975 | Zig:21   | Killed an ancient lich
 68044 | Zig:21   | Found the +8 storm bow {elec, penet}
 68095 | Zig:22   | Entered Level 22 of a ziggurat
 68104 | Zig:22   | Noticed Zisac the pandemonium lord
 68104 | Zig:22   | Noticed Jusmuq the pandemonium lord
 68104 | Zig:22   | Noticed Xom Liloinoy the pandemonium lord
 68105 | Zig:22   | Noticed Doah the pandemonium lord
 68105 | Zig:22   | Noticed Osiequ the pandemonium lord
 68106 | Zig:22   | Noticed Zosup the pandemonium lord
 68106 | Zig:22   | Noticed Kaschotu the pandemonium lord
 68106 | Zig:22   | Noticed Cidwocro the pandemonium lord
 68107 | Zig:22   | Noticed Xanoysuga the pandemonium lord
 68107 | Zig:22   | Noticed Midwiur the pandemonium lord
 68107 | Zig:22   | Noticed Isou the pandemonium lord
 68107 | Zig:22   | Noticed Witiuth the pandemonium lord
 68112 | Zig:23   | Entered Level 23 of a ziggurat
 68393 | Zig:24   | Entered Level 24 of a ziggurat
 68405 | Zig:24   | Noticed Kolerph the pandemonium lord
 68407 | Zig:24   | Reached skill level 15 in Necromancy
 68409 | Zig:24   | Found the +8 demon trident "Rift" {distort, reach+}
 68412 | Zig:25   | Entered Level 25 of a ziggurat
 68426 | Zig:25   | Noticed a juggernaut
 68437 | Zig:25   | Noticed a juggernaut
 68438 | Zig:25   | Killed a juggernaut
 68445 | Zig:25   | Killed a juggernaut
 68448 | Zig:25   | Noticed a juggernaut
 68451 | Zig:25   | Killed a juggernaut
 68596 | Zig:25   | Got a translucent tin ring
 68597 | Zig:25   | Identified the ring of the Villain {rF++ rC+ rN++ Dex-4}
                  | (You found it on level 25 of a ziggurat)
 68601 | Zig:25   | Got a vibrating platinum ring
 68602 | Zig:25   | Identified the ring of Umeqeos {*Contam rF+ MR+ EV+3} (You
                  | found it on level 25 of a ziggurat)
 68615 | Zig:25   | Got a fine ivory ring
 68616 | Zig:25   | Identified the ring of Lutigg {Ice rElec Dex+6 Slay-3
                  | Stlth+} (You found it on level 25 of a ziggurat)
 68659 | Zig:26   | Entered Level 26 of a ziggurat
 68667 | Zig:26   | Noticed a greater mummy
 68671 | Zig:26   | Noticed a greater mummy
 68672 | Zig:26   | Noticed a greater mummy
 68673 | Zig:26   | Noticed a greater mummy
 68673 | Zig:26   | Noticed a greater mummy
 68674 | Zig:26   | Killed a greater mummy
 68674 | Zig:26   | Noticed a greater mummy
 68675 | Zig:26   | Killed a greater mummy
 68676 | Zig:26   | Killed a greater mummy
 68676 | Zig:26   | Killed a greater mummy
 68676 | Zig:26   | Noticed a greater mummy
 68676 | Zig:26   | Noticed a greater mummy
 68676 | Zig:26   | Noticed a greater mummy
 68677 | Zig:26   | Killed a greater mummy
 68678 | Zig:26   | Noticed a greater mummy
 68679 | Zig:26   | Killed a greater mummy
 68680 | Zig:26   | Killed a greater mummy
 68680 | Zig:26   | Noticed a greater mummy
 68681 | Zig:26   | Killed a greater mummy
 68681 | Zig:26   | Killed a greater mummy
 68681 | Zig:26   | Killed a greater mummy
 68681 | Zig:26   | Noticed a greater mummy
 68681 | Zig:26   | Noticed a greater mummy
 68682 | Zig:26   | Noticed a greater mummy
 68684 | Zig:26   | Killed a greater mummy
 68685 | Zig:26   | Killed a greater mummy
 68685 | Zig:26   | Killed a greater mummy
 68686 | Zig:26   | Killed a greater mummy
 68689 | Zig:26   | Noticed a greater mummy
 68695 | Zig:26   | Killed a greater mummy
 68793 | Zig:26   | Found the macabre finger necklace {rN+}
 68803 | Zig:26   | Identified the Incunabulum of Conjuration (You acquired it
                  | on level 26 of a ziggurat)
 68803 | Zig:26   | Identified the +0 pair of gloves of the Eight Realms {+Inv
                  | SInv} (You acquired it on level 26 of a ziggurat)
 68835 | Zig:26   | Learned a level 9 spell: Absolute Zero
 68856 | Zig:26   | Got a steaming lead ring
 68857 | Zig:26   | Identified the ring "Xiuzutos" {rPois rF+ rN+} (You found
                  | it on level 26 of a ziggurat)
 68865 | Zig:27   | Entered Level 27 of a ziggurat
 68889 | Zig:27   | Reached skill level 1 in Ice Magic
 68895 | Zig:27   | Reached skill level 5 in Ice Magic
 68898 | Zig:27   | Found the +3 salamander hide armour {+Rage rF++}
 68915 | Zig:27   | Got a scintillating pewter ring
 68916 | Zig:27   | Identified the ring of Befih {Wiz rN++} (You found it on
                  | level 27 of a ziggurat)
 69081 | Depths:4 | Gained mutation: Your flesh is cold resistant. (rC+)
                  | [evolution]
 69138 | D:15     | Lost mutation: You tend to lose your temper in combat.
                  | [potion of mutation]
 69138 | D:15     | Lost mutation: You have a pair of small antennae on your
                  | head. [potion of mutation]
 69138 | D:15     | Lost mutation: You have large cloven feet. [potion of
                  | mutation]
 69138 | D:15     | Lost mutation: You rapidly evolve. [potion of mutation]
 69138 | D:15     | Gained mutation: You have a pair of small horns on your
                  | head. [potion of mutation]
 69138 | D:15     | Gained mutation: Your mind is acute. (Int +2) [potion of
                  | mutation]
 69151 | Zig:1    | Entered Level 1 of a ziggurat
 69155 | Zig:1    | Reached skill level 10 in Ice Magic
 69168 | Zig:2    | Entered Level 2 of a ziggurat
 69311 | Zig:3    | Entered Level 3 of a ziggurat
 69429 | Zig:4    | Entered Level 4 of a ziggurat
 69432 | Zig:4    | Noticed an ancient lich
 69435 | Zig:4    | Killed an ancient lich
 69467 | Zig:5    | Entered Level 5 of a ziggurat
 69473 | Zig:5    | Found the +10 Black Knight's horse barding {ponderous,
                  | rPois rN+}
 69513 | Zig:6    | Entered Level 6 of a ziggurat
 69518 | Zig:6    | Found the +7 pair of quick blades "Gyre" and "Gimble"
                  | {protect}
 69540 | Zig:6    | Got a faintly glowing iron ring
 69541 | Zig:6    | Identified the ring "Juywis" {+Blink +Fly rF+ rC- SInv}
                  | (You found it on level 6 of a ziggurat)
 69554 | Zig:7    | Entered Level 7 of a ziggurat
 69589 | Zig:8    | Entered Level 8 of a ziggurat
 69618 | Zig:8    | Identified the Reference Book on Boosting Displacement
 69628 | Zig:8    | Identified Laosaerr's Grimoire of Indemnity
 69740 | Zig:9    | Entered Level 9 of a ziggurat
 69751 | Zig:9    | Found the +10 morningstar "Eos" {elec, Halo rElec}
 69801 | Zig:9    | Learned a level 8 spell: Death's Door
 69804 | Zig:10   | Entered Level 10 of a ziggurat
 69816 | Zig:10   | Reached skill level 1 in Charms
 69931 | Zig:11   | Entered Level 11 of a ziggurat
 70003 | Zig:12   | Entered Level 12 of a ziggurat
 70076 | Zig:13   | Entered Level 13 of a ziggurat
 70093 | Zig:13   | Reached skill level 5 in Charms
 70199 | Zig:14   | Entered Level 14 of a ziggurat
 70225 | Zig:14   | Found the +0 mask of the Dragon {MR+ Slay+3 SInv}
 70230 | Zig:14   | Got a transparent bone amulet
 70231 | Zig:14   | Identified the amulet "Poeseh" {Gourm rElec rC- Int+3} (You
                  | found it on level 14 of a ziggurat)
 70246 | Zig:14   | Identified Buocoppe's Reference Book on the Destructive
                  | Rocks
 70256 | Zig:14   | Got a vibrating ivory ring
 70257 | Zig:14   | Identified the ring of Maoch {rF- rC+++ rN++ Str-5 Dex+2}
                  | (You found it on level 14 of a ziggurat)
 70268 | Zig:15   | Entered Level 15 of a ziggurat
 70281 | Zig:15   | Noticed Geuck the pandemonium lord
 70283 | Zig:15   | Reached skill level 15 in Ice Magic
 70287 | Zig:15   | Killed Geuck the pandemonium lord
 70463 | Zig:15   | Identified Qehug's Grimoire of Unholy Attacks
 70469 | Zig:16   | Entered Level 16 of a ziggurat
 70500 | Zig:16   | Found the +6 Majin-Bo {vamp, Archmagi MP+6 Int+6}
 70540 | Zig:17   | Entered Level 17 of a ziggurat
 70565 | Zig:17   | Found the ring of the Mage {Wiz MR++ Int+3}
 70577 | Zig:17   | Identified the Catalogue of Enthralling Cold
 70624 | Zig:17   | Identified the +4 demon whip of Autumn {freeze, +Inv rPois}
                  | (You found it on level 17 of a ziggurat)
 70688 | Zig:18   | Entered Level 18 of a ziggurat
 70705 | Zig:18   | Noticed Ifuzeiba the pandemonium lord
 70705 | Zig:18   | Noticed Mocraf the pandemonium lord
 70705 | Zig:18   | Noticed Gotisaj the pandemonium lord
 70706 | Zig:18   | Noticed Dashif the pandemonium lord
 70707 | Zig:18   | Reached skill level 10 in Charms
 70707 | Zig:18   | Noticed Kuituppee the pandemonium lord
 70710 | Zig:18   | Noticed Yrubb the pandemonium lord
 70710 | Zig:18   | Noticed Cexesk the pandemonium lord
 70711 | Zig:18   | Noticed Tuisilla the pandemonium lord
 70711 | Zig:18   | Noticed Jeddeibu the pandemonium lord
 70712 | Zig:18   | Killed Mocraf the pandemonium lord
 70712 | Zig:18   | Killed Dashif the pandemonium lord
 70712 | Zig:18   | Killed Kuituppee the pandemonium lord
 70712 | Zig:18   | Killed Tuisilla the pandemonium lord
 70713 | Zig:18   | Killed Ifuzeiba the pandemonium lord
 70714 | Zig:18   | Killed Cexesk the pandemonium lord
 70715 | Zig:18   | Killed Jeddeibu the pandemonium lord
 70718 | Zig:18   | Killed Gotisaj the pandemonium lord
 70754 | Zig:18   | HP: 6/196 [Yrubb the pandemonium lord (5)]
 70762 | Zig:18   | Found the +3 crown of Dyrovepreva {rElec Int+2 SInv}
 70771 | Zig:18   | Got a transparent buckler
 70777 | Zig:19   | Entered Level 19 of a ziggurat
 70949 | Zig:19   | Found the +7 captain's cutlass {speed, disarm}
 70952 | Zig:19   | Found the amulet of the Four Winds {rN+ MR+++ Clar}
 71000 | Zig:19   | Identified the cursed +0 buckler "Pasiatuo" {+Inv rF+
                  | rCorr} (You found it on level 18 of a ziggurat)
 71007 | Zig:19   | Got a crude copper ring
 71008 | Zig:19   | Identified the ring "Ruoc" {rF+ rC+ rN+} (You found it on
                  | level 19 of a ziggurat)
 71024 | Zig:20   | Entered Level 20 of a ziggurat
 71029 | Zig:20   | Noticed an ancient lich
 71042 | Zig:20   | Reached skill level 27 in Fighting
 71042 | Zig:20   | Reached skill level 1 in Shields
 71044 | Zig:20   | Killed an ancient lich
 71044 | Zig:20   | Reached skill level 5 in Shields
 71083 | Zig:20   | Got a steaming amber ring
 71084 | Zig:20   | Identified the ring of Absolutism {rPois Str+2} (You found
                  | it on level 20 of a ziggurat)
 71198 | Zig:21   | Entered Level 21 of a ziggurat
 71226 | Zig:21   | Reached skill level 27 in Spellcasting
 71240 | Zig:21   | Found the +18 shield of the Gong {rElec rN+ MR+ EV-5}
 71306 | Zig:21   | Learned a level 9 spell: Tornado
 71312 | Zig:22   | Entered Level 22 of a ziggurat
 71337 | Zig:22   | Reached skill level 1 in Air Magic
 71337 | Zig:22   | Reached skill level 5 in Air Magic
 71340 | Zig:22   | Reached skill level 10 in Air Magic
 71351 | Zig:22   | Found the +3 robe of Clouds {+Thunder rCloud rElec}
 71351 | Zig:22   | Found the +8 autumn katana {vorpal, Clar}
 71404 | Zig:22   | Got a faintly glowing bronze amulet
 71405 | Zig:22   | Identified the amulet of Bacier {Spirit rF+++ rC- Str+5
                  | Stlth+} (You found it on level 22 of a ziggurat)
 71414 | Zig:23   | Entered Level 23 of a ziggurat
 71462 | Zig:23   | Found the +4 skin of Zhor {Englaciate rC+++ SInv}
 71472 | Zig:23   | Found the +4 Cigotuvi's embrace {rRot *Drain rN+}
 71481 | Zig:23   | Identified Agit's Disquisition on Unholy Magic and Cold
 71540 | Zig:23   | Identified the Handbook of Wyrd
 71544 | Zig:23   | Got a translucent amber ring
 71545 | Zig:23   | Identified the ring of the Twenty Nights {+Blink rF+ rC-
                  | AC+3 SInv} (You found it on level 23 of a ziggurat)
 71546 | Zig:23   | Gained mutation: You are robust. (+10% HP) [evolution]
 71566 | Zig:24   | Entered Level 24 of a ziggurat
 71594 | Zig:24   | Reached skill level 15 in Air Magic
 71676 | Zig:24   | Identified a +2 pair of boots of running (You found it on
                  | level 24 of a ziggurat)
 71684 | Zig:24   | Got a slimy iron ring
 71685 | Zig:24   | Identified the ring of the Worm {rN+ Str+4} (You found it
                  | on level 24 of a ziggurat)
 71698 | Zig:25   | Entered Level 25 of a ziggurat
 71752 | Zig:25   | Found the amulet of the Air {Inacc +Fly rElec EV+5 RMsl}
 71785 | Zig:25   | Learned a level 8 spell: Controlled Blink
 71821 | Zig:26   | Entered Level 26 of a ziggurat
 71837 | Zig:26   | Noticed a greater mummy
 71839 | Zig:26   | Noticed a greater mummy
 71841 | Zig:26   | Noticed a greater mummy
 71841 | Zig:26   | Noticed a greater mummy
 71843 | Zig:26   | Noticed a greater mummy
 71844 | Zig:26   | Noticed a greater mummy
 71845 | Zig:26   | Noticed a greater mummy
 71845 | Zig:26   | Noticed a greater mummy
 71847 | Zig:26   | Noticed a greater mummy
 71847 | Zig:26   | Killed a greater mummy
 71847 | Zig:26   | Killed a greater mummy
 71847 | Zig:26   | Killed a greater mummy
 71847 | Zig:26   | Noticed a greater mummy
 71847 | Zig:26   | Noticed a greater mummy
 71848 | Zig:26   | Noticed a greater mummy
 71848 | Zig:26   | Killed a greater mummy
 71848 | Zig:26   | Reached skill level 5 in Translocations
 71848 | Zig:26   | Killed a greater mummy
 71848 | Zig:26   | Killed a greater mummy
 71848 | Zig:26   | Killed a greater mummy
 71848 | Zig:26   | Killed a greater mummy
 71849 | Zig:26   | Noticed a greater mummy
 71850 | Zig:26   | Noticed a greater mummy
 71850 | Zig:26   | Noticed a greater mummy
 71851 | Zig:26   | Killed a greater mummy
 71851 | Zig:26   | Killed a greater mummy
 71852 | Zig:26   | Killed a greater mummy
 71852 | Zig:26   | Killed a greater mummy
 71852 | Zig:26   | Noticed a greater mummy
 71853 | Zig:26   | Killed a greater mummy
 71853 | Zig:26   | Reached skill level 10 in Translocations
 71853 | Zig:26   | Killed a greater mummy
 71853 | Zig:26   | Noticed a greater mummy
 71853 | Zig:26   | Noticed a greater mummy
 71853 | Zig:26   | Noticed a greater mummy
 71854 | Zig:26   | Noticed a greater mummy
 71855 | Zig:26   | Killed a greater mummy
 71855 | Zig:26   | Noticed a greater mummy
 71856 | Zig:26   | Killed a greater mummy
 71856 | Zig:26   | Killed a greater mummy
 71857 | Zig:26   | Noticed a greater mummy
 71857 | Zig:26   | Noticed a greater mummy
 71858 | Zig:26   | Killed a greater mummy
 71858 | Zig:26   | Killed a greater mummy
 71859 | Zig:26   | Killed a greater mummy
 71860 | Zig:26   | Killed a greater mummy
 71860 | Zig:26   | Killed a greater mummy
 71861 | Zig:26   | Killed a greater mummy
 71934 | Zig:26   | Found the +3 pair of gauntlets of War {Slay+5}
 71974 | Zig:26   | Identified the Handbook of the Aerial Arsonist
 71984 | Zig:26   | Identified the Volume of the Supportive Rocks
 72010 | Zig:27   | Entered Level 27 of a ziggurat
 72025 | Zig:27   | Noticed a greater mummy
 72028 | Zig:27   | Noticed a greater mummy
 72031 | Zig:27   | Noticed a greater mummy
 72032 | Zig:27   | Noticed a greater mummy
 72033 | Zig:27   | Noticed a greater mummy
 72033 | Zig:27   | Noticed a greater mummy
 72034 | Zig:27   | Killed a greater mummy
 72034 | Zig:27   | Killed a greater mummy
 72034 | Zig:27   | Noticed a greater mummy
 72034 | Zig:27   | Noticed a greater mummy
 72036 | Zig:27   | Killed a greater mummy
 72036 | Zig:27   | Killed a greater mummy
 72036 | Zig:27   | Noticed a greater mummy
 72037 | Zig:27   | Killed a greater mummy
 72037 | Zig:27   | Reached skill level 15 in Translocations
 72037 | Zig:27   | Killed a greater mummy
 72037 | Zig:27   | Killed a greater mummy
 72038 | Zig:27   | Noticed a greater mummy
 72039 | Zig:27   | Killed a greater mummy
 72039 | Zig:27   | Noticed a greater mummy
 72039 | Zig:27   | Noticed a greater mummy
 72039 | Zig:27   | Noticed a greater mummy
 72039 | Zig:27   | Noticed a greater mummy
 72040 | Zig:27   | Noticed a greater mummy
 72040 | Zig:27   | Noticed a greater mummy
 72040 | Zig:27   | Noticed a greater mummy
 72041 | Zig:27   | Killed a greater mummy
 72041 | Zig:27   | Noticed a greater mummy
 72041 | Zig:27   | Noticed a greater mummy
 72042 | Zig:27   | Killed a greater mummy
 72042 | Zig:27   | Noticed a greater mummy
 72043 | Zig:27   | Killed a greater mummy
 72043 | Zig:27   | Killed a greater mummy
 72043 | Zig:27   | Killed a greater mummy
 72043 | Zig:27   | Killed a greater mummy
 72043 | Zig:27   | Killed a greater mummy
 72044 | Zig:27   | Killed a greater mummy
 72044 | Zig:27   | Killed a greater mummy
 72044 | Zig:27   | Killed a greater mummy
 72045 | Zig:27   | Killed a greater mummy
 72045 | Zig:27   | Killed a greater mummy
 72045 | Zig:27   | Noticed a greater mummy
 72045 | Zig:27   | Noticed a greater mummy
 72046 | Zig:27   | Noticed a greater mummy
 72047 | Zig:27   | Reached skill level 10 in Evocations
 72048 | Zig:27   | Noticed a greater mummy
 72049 | Zig:27   | Killed a greater mummy
 72050 | Zig:27   | Killed a greater mummy
 72051 | Zig:27   | Killed a greater mummy
 72053 | Zig:27   | Killed a greater mummy
 72172 | Zig:27   | Identified Aphehuex's Compendium of Changing and Creation
 72249 | Depths:2 | Voluntarily entered the Abyss.
 73005 | Abyss:2  | Found a corrupted altar of Lugonu.
 73090 | Abyss:3  | Found a corrupted altar of Lugonu.
 73121 | Abyss:3  | Gained mutation: You tend to lose your temper in combat. [a
                  | neqoxec]
 73331 | Abyss:3  | Found a shimmering blue altar of Sif Muna.
 73463 | Abyss:3  | Gained mutation: You are weak. (Str -2) [a cacodemon]
 73572 | Abyss:3  | Reached skill level 10 in Shields
 73584 | Abyss:3  | Got an abyssal rune of Zot
 73625 | Abyss:3  | Found a corrupted altar of Lugonu.
 73802 | Depths:2 | Escaped the Abyss
 73881 | Zig:1    | Entered Level 1 of a ziggurat
 73947 | Zig:2    | Entered Level 2 of a ziggurat
 73966 | Zig:3    | Entered Level 3 of a ziggurat
 73966 | Zig:3    | Found the +7 lajatang of Order {silver, rMut}
 73995 | Zig:4    | Entered Level 4 of a ziggurat
 73997 | Zig:4    | Noticed Sushradd the pandemonium lord
 74004 | Zig:4    | Killed Sushradd the pandemonium lord
 74153 | Zig:5    | Entered Level 5 of a ziggurat
 74203 | Zig:6    | Entered Level 6 of a ziggurat
 74207 | Zig:6    | Noticed an ancient lich
 74210 | Zig:6    | Killed an ancient lich
 74235 | Zig:7    | Entered Level 7 of a ziggurat
 74325 | Zig:8    | Entered Level 8 of a ziggurat
 74353 | Zig:8    | Got an ancient tin ring
 74354 | Zig:8    | Identified the ring of Mysticism {rElec rPois Int+2 Dex+4}
                  | (You found it on level 8 of a ziggurat)
 74370 | Zig:8    | Identified the +7 quarterstaff "Oniedyri" {freeze, rElec
                  | rF+} (You found it on level 8 of a ziggurat)
 74381 | Zig:9    | Entered Level 9 of a ziggurat
 74389 | Zig:9    | Reached skill level 15 in Shields
 74391 | Zig:9    | Gained mutation: Your spells are a little easier to cast,
                  | but a little less powerful. [a shining eye]
 74406 | Zig:9    | Identified the Papyrus of Shape Shifting and Air
 74478 | Zig:10   | Entered Level 10 of a ziggurat
 74485 | Zig:10   | Noticed a juggernaut
 74488 | Zig:10   | Killed a juggernaut
 74530 | Zig:11   | Entered Level 11 of a ziggurat
 74538 | Zig:11   | Noticed an ancient lich
 74539 | Zig:11   | Reached skill level 15 in Evocations
 74539 | Zig:11   | Noticed an ancient lich
 74541 | Zig:11   | Killed an ancient lich
 74541 | Zig:11   | Killed an ancient lich
 74568 | Zig:11   | Got a smoking ivory amulet
 74569 | Zig:11   | Identified the amulet of Nappe {Acrobat rPois rC+ MR-
                  | Str+2} (You found it on level 11 of a ziggurat)
 74583 | Zig:11   | Identified the +0 hat of Fun {rElec Int+7 Dex+3} (You
                  | acquired it on level 11 of a ziggurat)
 74596 | Zig:11   | Identified the ring "Plog" {rElec rCorr Int+2} (You
                  | acquired it on level 11 of a ziggurat)
 74619 | Zig:12   | Entered Level 12 of a ziggurat
 74628 | Zig:12   | Reached skill level 1 in Throwing
 74672 | Zig:12   | Identified Uhiarel's Spellcraft Continued
 74675 | Zig:12   | Identified the Incunabulum of Ice and the Birds
 74701 | Zig:13   | Entered Level 13 of a ziggurat
 74710 | Zig:13   | Noticed an ancient lich
 74712 | Zig:13   | Noticed an ancient lich
 74719 | Zig:13   | Noticed an ancient lich
 74722 | Zig:13   | Reached skill level 5 in Throwing
 74723 | Zig:13   | Killed an ancient lich
 74724 | Zig:13   | Killed an ancient lich
 74724 | Zig:13   | Killed an ancient lich
 74726 | Zig:13   | Found the +8 mithril axe "Arga" {speed, MR+}
 74727 | Zig:13   | Found the +12 glaive of Prune {vorpal}
 74759 | Zig:13   | Identified the +5 great mace "Reubby" {vorpal, MR+} (You
                  | found it on level 13 of a ziggurat)
 74761 | Zig:14   | Entered Level 14 of a ziggurat
 74770 | Zig:14   | Noticed a juggernaut
 74775 | Zig:14   | Killed a juggernaut
 74841 | Zig:15   | Entered Level 15 of a ziggurat
 74851 | Zig:15   | Noticed a juggernaut
 74854 | Zig:15   | Killed a juggernaut
 74885 | Zig:15   | Identified the Volume of Torrid Fascination
 74887 | Zig:15   | Identified the Compendium of Fiery Aid
 74915 | Zig:15   | Got a crude iron ring
 74916 | Zig:15   | Identified the ring of Wasob {*Tele rF+} (You found it on
                  | level 15 of a ziggurat)
 74928 | Zig:15   | Identified the +5 tower shield of Lifelessness {rElec rF-
                  | Str+5} (You acquired it on level 15 of a ziggurat)
 74936 | Zig:16   | Entered Level 16 of a ziggurat
 74942 | Zig:16   | Noticed Senown the pandemonium lord
 74945 | Zig:16   | Noticed Tuqonout the pandemonium lord
 74945 | Zig:16   | Noticed Otoq the pandemonium lord
 74946 | Zig:16   | Noticed Toalej the pandemonium lord
 74946 | Zig:16   | Noticed Urchier the pandemonium lord
 74949 | Zig:16   | Noticed Beregyuwk the pandemonium lord
 74951 | Zig:16   | Reached skill level 10 in Throwing
 74951 | Zig:16   | Noticed Ysiebudgh the pandemonium lord
 74952 | Zig:16   | Killed Senown the pandemonium lord
 74952 | Zig:16   | Killed Toalej the pandemonium lord
 74952 | Zig:16   | Noticed Gaxoles the pandemonium lord
 74953 | Zig:16   | Killed Ysiebudgh the pandemonium lord
 74965 | Zig:16   | Killed Urchier the pandemonium lord
 74968 | Zig:16   | Killed Gaxoles the pandemonium lord
 74975 | Zig:16   | Noticed Vosi the pandemonium lord
 74976 | Zig:16   | Killed Beregyuwk the pandemonium lord
 74977 | Zig:16   | Noticed Siliptac the pandemonium lord
 75011 | Zig:17   | Entered Level 17 of a ziggurat
 75158 | Zig:17   | Lost mutation: You tend to lose your temper in combat.
                  | [potion of mutation]
 75158 | Zig:17   | Lost mutation: You are weak. (Str -2) [potion of mutation]
 75158 | Zig:17   | Lost mutation: You have a pair of small horns on your head.
                  | [potion of mutation]
 75158 | Zig:17   | Gained mutation: You are partially covered in large bone
                  | plates. (SH +4) [potion of mutation]
 75158 | Zig:17   | Gained mutation: Your muscles are strong. (Str +2) [potion
                  | of mutation]
 75159 | Zig:17   | Lost mutation: You are robust. (+10% HP) [potion of
                  | mutation]
 75159 | Zig:17   | Lost mutation: Your mind is acute. (Int +2) [potion of
                  | mutation]
 75159 | Zig:17   | Lost mutation: Your spells are a little easier to cast, but
                  | a little less powerful. [potion of mutation]
 75159 | Zig:17   | Lost mutation: Your flesh is cold resistant. (rC+) [potion
                  | of mutation]
 75159 | Zig:17   | Lost mutation: Your muscles are strong. (Str +2) [potion of
                  | mutation]
 75159 | Zig:17   | Gained mutation: You have supernaturally acute eyesight.
                  | (SInv) [potion of mutation]
 75159 | Zig:17   | Gained mutation: You are partially covered in slimy green
                  | scales. (AC +2) [potion of mutation]
 75235 | Zig:17   | Got a slimy lead ring
 75236 | Zig:17   | Identified the ring "Kaulogir" {rPois MP+9 Int+3} (You
                  | found it on level 17 of a ziggurat)
 75249 | Zig:17   | Identified the Papyrus of Stolen Souls and Enhancements
 75397 | Zig:18   | Entered Level 18 of a ziggurat
 75530 | Zig:18   | Got a scintillating sapphire amulet
 75531 | Zig:18   | Identified the amulet of Nahi {+Rage rF+ Str+2} (You found
                  | it on level 18 of a ziggurat)
 75540 | Zig:18   | Got a transparent jade ring
 75541 | Zig:18   | Identified the cursed ring of Kaahifydy {*Slow +Blink rElec
                  | MP+9 AC-3} (You found it on level 18 of a ziggurat)
 75545 | Zig:18   | Identified the Tome of Earthen Fire
 75547 | Zig:18   | Identified the Almanac of the Evil Blaze
 75556 | Zig:19   | Entered Level 19 of a ziggurat
 75594 | Zig:19   | Found the +7 great mace "Firestarter" {inner flame, rF++}
 75616 | Zig:19   | Identified the +2 pair of gloves "Ogylog" {Dex+3} (You
                  | found it on level 19 of a ziggurat)
 75842 | Zig:20   | Entered Level 20 of a ziggurat
 75863 | Zig:20   | Reached skill level 27 in Dodging
 75886 | Zig:20   | Found the +6 arbalest "Damnation" {damnation}
 76047 | Zig:21   | Entered Level 21 of a ziggurat
 76104 | Zig:21   | Identified the -1 pair of boots of Cuypp {rN+ Dex+3} (You
                  | found it on level 21 of a ziggurat)
 76107 | Zig:21   | Got a translucent brass ring
 76108 | Zig:21   | Identified the ring "Vupauff" {rPois Int+3 Dex+6} (You
                  | found it on level 21 of a ziggurat)
 76126 | Zig:22   | Entered Level 22 of a ziggurat
 76146 | Zig:22   | Noticed Kail the pandemonium lord
 76150 | Zig:22   | Gained mutation: Armour fits poorly on your strangely
                  | shaped body. [a cacodemon]
 76152 | Zig:22   | Gained mutation: You are dopey. (Int -2) [a cacodemon]
 76154 | Zig:22   | Killed Kail the pandemonium lord
 76167 | Zig:22   | Found the +3 warlock's mirror {reflect}
 76343 | Zig:22   | Got a pitted wooden ring
 76344 | Zig:22   | Identified the cursed ring "Wajoni" {+Blink Str+8 Int+2
                  | Dex-2 Slay-3} (You found it on level 22 of a ziggurat)
 76347 | Zig:22   | Identified the Incunabulum of Glacial Confrontation
 76357 | Zig:22   | Got a faintly glowing golden amulet
 76358 | Zig:22   | Identified the amulet of Veotitod {+Inv rPois Regen+ Dex+7
                  | Stlth-} (You found it on level 22 of a ziggurat)
 76367 | Zig:23   | Entered Level 23 of a ziggurat
 76557 | Zig:24   | Entered Level 24 of a ziggurat
 76616 | Zig:24   | Got a crude pewter ring
 76617 | Zig:24   | Identified the ring "Vema Ergh" {rElec EV+3 Str+4} (You
                  | found it on level 24 of a ziggurat)
 76635 | Zig:24   | Identified Poifaam's Reference Book on the Assistive
                  | Traveller
 76686 | Zig:24   | Lost mutation: Armour fits poorly on your strangely shaped
                  | body. [evolution]
 76861 | Zig:25   | Entered Level 25 of a ziggurat
 76909 | Zig:25   | Found the +4 dagger "Morg" {pain, MR+ Int+5}
 76937 | Zig:25   | Got a clouded platinum ring
 76938 | Zig:25   | Identified the ring of Amelioration {rC+ MR+ Dex+2} (You
                  | found it on level 25 of a ziggurat)
 76944 | Zig:25   | Identified the Collected Works on Mutagenic Translocation
 76976 | Zig:26   | Entered Level 26 of a ziggurat
 77000 | Zig:26   | Reached skill level 27 in Earth Magic
 77033 | Zig:26   | Found the ring of the Octopus King
 77101 | Zig:26   | Got a ring of the Octopus King
 77110 | Zig:26   | Identified the Guide on Torrid Orientation
 77126 | Zig:26   | Got a crude iron ring
 77127 | Zig:26   | Identified the ring "Ocotit" {Wiz +Fly Int+2} (You found it
                  | on level 26 of a ziggurat)
 77140 | Zig:27   | Entered Level 27 of a ziggurat
 77175 | Zig:27   | Noticed an ancient lich
 77178 | Zig:27   | Killed an ancient lich
 77430 | Zig:1    | Entered Level 1 of a ziggurat
 77495 | Zig:2    | Entered Level 2 of a ziggurat
 77538 | Zig:3    | Entered Level 3 of a ziggurat
 77575 | Zig:4    | Entered Level 4 of a ziggurat
 77583 | Zig:4    | Noticed Naptaotu the pandemonium lord
 77584 | Zig:4    | Killed Naptaotu the pandemonium lord
 77640 | Zig:4    | Got a brightly glowing ivory amulet
 77641 | Zig:4    | Identified the amulet of Jiusedes {Spirit rN+ Str+7} (You
                  | found it on level 4 of a ziggurat)
 77657 | Zig:5    | Entered Level 5 of a ziggurat
 77661 | Zig:5    | Noticed a juggernaut
 77664 | Zig:5    | Killed a juggernaut
 77681 | Zig:5    | Got a heavily runed pewter ring
 77682 | Zig:5    | Identified the ring of Rukhlyo {+Blink rPois Str+6 Dex-4
                  | Stlth+} (You found it on level 5 of a ziggurat)
 77686 | Zig:5    | Identified the Grimoire of the Sixty-Six Places
 77712 | Zig:6    | Entered Level 6 of a ziggurat
 77757 | Zig:7    | Entered Level 7 of a ziggurat
 77812 | Zig:8    | Entered Level 8 of a ziggurat
 77885 | Zig:9    | Entered Level 9 of a ziggurat
 77887 | Zig:9    | Noticed Ciecup the pandemonium lord
 77888 | Zig:9    | Noticed Ecal the pandemonium lord
 77888 | Zig:9    | Noticed Qifuunwo the pandemonium lord
 77888 | Zig:9    | Noticed Ucateev Hemo the pandemonium lord
 77890 | Zig:9    | Noticed Exkenkie the pandemonium lord
 77920 | Zig:9    | Killed Ucateev Hemo the pandemonium lord
 77922 | Zig:9    | Reached skill level 27 in Fire Magic
 77922 | Zig:9    | Killed Qifuunwo the pandemonium lord
 77922 | Zig:9    | Killed Ecal the pandemonium lord
 77922 | Zig:9    | Killed Ciecup the pandemonium lord
 77933 | Zig:9    | Killed Exkenkie the pandemonium lord
 77933 | Zig:9    | Reached skill level 27 in Conjurations
 78057 | Zig:9    | Identified Jugguc's Collected Works on Destructive
                  | Companions
 78074 | Zig:10   | Entered Level 10 of a ziggurat
 78160 | Zig:10   | Found the -2 hat of the Alchemist {rElec rPois rF+ rC+ rN+
                  | MR+ rMut rCorr}
 78185 | Zig:10   | Got an ancient tin amulet
 78187 | Zig:10   | Identified the amulet of the Insatiable People {Faith MR-
                  | Int+5 Dex+3} (You found it on level 10 of a ziggurat)
 78190 | Zig:11   | Entered Level 11 of a ziggurat
 78322 | Zig:12   | Entered Level 12 of a ziggurat
 78344 | Zig:12   | Identified the Tome of Ashen Stolen Souls
 78386 | Zig:13   | Entered Level 13 of a ziggurat
 78397 | Zig:13   | Reached skill level 27 in Air Magic
 78425 | Zig:13   | Got a warped lapis lazuli ring
 78426 | Zig:13   | Identified the ring "Imnedd" {rPois rC++ AC+4 Str-3 Int+2}
                  | (You found it on level 13 of a ziggurat)
 78436 | Zig:13   | Got a fine marble ring
 78437 | Zig:13   | Identified the ring "Bicacin" {+Fly rC- rCorr Str+6 Slay-2}
                  | (You found it on level 13 of a ziggurat)
 78441 | Zig:13   | Identified the +4 kite shield of Inevitability {rCorr
                  | Int+4} (You acquired it on level 13 of a ziggurat)
 78441 | Zig:13   | Identified the amulet of Uruxzat {Harm *Drain *Slow rPois
                  | Str+4 Stlth+} (You acquired it on level 13 of a ziggurat)
 78441 | Zig:13   | Identified the +5 mace of the Onslaught {elec, *Rage rElec
                  | rC+} (You acquired it on level 13 of a ziggurat)
 78454 | Zig:13   | Gained mutation: You are resistant to hostile enchantments.
                  | (MR+) [evolution]
 78542 | Zig:14   | Entered Level 14 of a ziggurat
 78562 | Zig:14   | Found the +5 scythe "Finisher" {speed, eviscerate}
 78766 | Zig:15   | Entered Level 15 of a ziggurat
 78832 | Zig:15   | Identified the +6 lajatang "Diaxyu" {freeze, Stlth+} (You
                  | found it on level 15 of a ziggurat)
 78917 | Zig:16   | Entered Level 16 of a ziggurat
 78917 | Zig:16   | Noticed an ancient lich
 78925 | Zig:16   | Noticed an ancient lich
 78926 | Zig:16   | Killed an ancient lich
 78926 | Zig:16   | Killed an ancient lich
 78926 | Zig:16   | Noticed an ancient lich
 78930 | Zig:16   | Killed an ancient lich
 78930 | Zig:16   | Noticed an ancient lich
 78933 | Zig:16   | Killed an ancient lich
 78996 | Zig:16   | Got a bound bronze ring
 79007 | Zig:16   | Got a clouded copper ring
 79017 | Zig:16   | Identified the ring "Buximaum" {Fire Str-4 Dex+10 SInv}
                  | (You found it on level 16 of a ziggurat)
 79019 | Zig:16   | Identified the ring of Bawoh {Fire MR- Dex+8 Slay+4} (You
                  | found it on level 16 of a ziggurat)
 79022 | Zig:17   | Entered Level 17 of a ziggurat
 79027 | Zig:17   | Noticed an ancient lich
 79034 | Zig:17   | Killed an ancient lich
 79037 | Zig:17   | Noticed an ancient lich
 79039 | Zig:17   | Killed an ancient lich
 79124 | Zig:17   | Got a vibrating bronze ring
 79126 | Zig:17   | Identified the ring of Xoytta {Fire rElec Str+3 Stlth+}
                  | (You found it on level 17 of a ziggurat)
 79129 | Zig:18   | Entered Level 18 of a ziggurat
 79132 | Zig:18   | Noticed a greater mummy
 79132 | Zig:18   | Noticed a greater mummy
 79133 | Zig:18   | Noticed a greater mummy
 79133 | Zig:18   | Noticed a greater mummy
 79136 | Zig:18   | Noticed a greater mummy
 79138 | Zig:18   | Killed a greater mummy
 79138 | Zig:18   | Killed a greater mummy
 79138 | Zig:18   | Killed a greater mummy
 79139 | Zig:18   | Killed a greater mummy
 79139 | Zig:18   | Noticed a greater mummy
 79139 | Zig:18   | Noticed a greater mummy
 79139 | Zig:18   | Noticed a greater mummy
 79139 | Zig:18   | Noticed a greater mummy
 79141 | Zig:18   | Killed a greater mummy
 79142 | Zig:18   | Killed a greater mummy
 79142 | Zig:18   | Killed a greater mummy
 79142 | Zig:18   | Killed a greater mummy
 79142 | Zig:18   | Noticed a greater mummy
 79143 | Zig:18   | Noticed a greater mummy
 79144 | Zig:18   | Killed a greater mummy
 79144 | Zig:18   | Noticed a greater mummy
 79146 | Zig:18   | Killed a greater mummy
 79146 | Zig:18   | Killed a greater mummy
 79147 | Zig:18   | Noticed a greater mummy
 79148 | Zig:18   | Noticed a greater mummy
 79148 | Zig:18   | Noticed a greater mummy
 79149 | Zig:18   | Killed a greater mummy
 79149 | Zig:18   | Noticed a greater mummy
 79150 | Zig:18   | Noticed a greater mummy
 79151 | Zig:18   | Killed a greater mummy
 79153 | Zig:18   | Killed a greater mummy
 79154 | Zig:18   | Killed a greater mummy
 79155 | Zig:18   | Killed a greater mummy
 79155 | Zig:18   | Killed a greater mummy
 79182 | Zig:18   | Got a sparkling copper ring
 79183 | Zig:18   | Identified the ring of the Catamount {Wiz rC+ Dex+3 Slay-4}
                  | (You found it on level 18 of a ziggurat)
 79190 | Zig:18   | Identified Xufufoa's Guide on Glamour and Cold
 79215 | Zig:18   | Got a glittering brass ring
 79216 | Zig:18   | Identified the ring "Vyng" {rC+ Stlth+} (You found it on
                  | level 18 of a ziggurat)
 79221 | Zig:18   | Identified the Disquisition on Creation and the Blaze
 79229 | Zig:19   | Entered Level 19 of a ziggurat
 79234 | Zig:19   | Noticed an ancient lich
 79234 | Zig:19   | Noticed an ancient lich
 79235 | Zig:19   | Noticed an ancient lich
 79236 | Zig:19   | Noticed an ancient lich
 79239 | Zig:19   | Killed an ancient lich
 79239 | Zig:19   | Killed an ancient lich
 79240 | Zig:19   | Killed an ancient lich
 79240 | Zig:19   | Killed an ancient lich
 79243 | Zig:19   | Reached skill level 27 in Ice Magic
 79269 | Zig:19   | Got a crude turquoise ring
 79270 | Zig:19   | Identified the ring of Eczep {+Fly Str+3} (You found it on
                  | level 19 of a ziggurat)
 79333 | Zig:20   | Entered Level 20 of a ziggurat
 79418 | Zig:20   | Got a pitted copper ring
 79419 | Zig:20   | Identified the ring "Roufeokk" {Fire +Inv Str+5} (You found
                  | it on level 20 of a ziggurat)
 79422 | Zig:20   | Identified the Compendium of the Compass
 79534 | Zig:21   | Entered Level 21 of a ziggurat
 79546 | Zig:21   | Reached skill level 27 in Evocations
 79546 | Zig:21   | Reached skill level 5 in Stealth
 79552 | Zig:21   | Reached skill level 10 in Stealth
 79670 | Zig:21   | Got a twitching golden ring
 79671 | Zig:21   | Identified the ring of Meaphu {rElec rCorr} (You found it
                  | on level 21 of a ziggurat)
 79689 | Zig:22   | Entered Level 22 of a ziggurat
 79700 | Zig:22   | Noticed a juggernaut
 79702 | Zig:22   | Noticed a juggernaut
 79702 | Zig:22   | Noticed a juggernaut
 79702 | Zig:22   | Noticed a juggernaut
 79703 | Zig:22   | Noticed a juggernaut
 79704 | Zig:22   | Noticed a juggernaut
 79704 | Zig:22   | Noticed a juggernaut
 79705 | Zig:22   | Noticed a juggernaut
 79706 | Zig:22   | Reached skill level 15 in Stealth
 79706 | Zig:22   | Killed a juggernaut
 79707 | Zig:22   | Noticed a juggernaut
 79707 | Zig:22   | Killed a juggernaut
 79707 | Zig:22   | Killed a juggernaut
 79707 | Zig:22   | Killed a juggernaut
 79708 | Zig:22   | Noticed a juggernaut
 79708 | Zig:22   | Noticed a juggernaut
 79708 | Zig:22   | Killed a juggernaut
 79708 | Zig:22   | Killed a juggernaut
 79708 | Zig:22   | Killed a juggernaut
 79708 | Zig:22   | Killed a juggernaut
 79708 | Zig:22   | Noticed a juggernaut
 79709 | Zig:22   | Killed a juggernaut
 79710 | Zig:22   | Noticed a juggernaut
 79711 | Zig:22   | Killed a juggernaut
 79712 | Zig:22   | Killed a juggernaut
 79713 | Zig:22   | Killed a juggernaut
 79713 | Zig:22   | Killed a juggernaut
 79817 | Zig:22   | Identified the Incunabulum of Battle Magic and Feathers
 79820 | Zig:22   | Identified the Almanac of Unholy Magic
 79864 | Zig:22   | Got a slimy silver ring
 79865 | Zig:22   | Identified the ring "Weufet" {rF++ rC+++ rN+++ rCorr Str-4}
                  | (You found it on level 22 of a ziggurat)
 79876 | Zig:23   | Entered Level 23 of a ziggurat
 79878 | Zig:23   | Noticed an ancient lich
 79878 | Zig:23   | Noticed an ancient lich
 79891 | Zig:23   | Killed an ancient lich
 79894 | Zig:23   | Killed an ancient lich
 79904 | Zig:23   | Reached skill level 27 in Stealth
 79927 | Zig:23   | Got a sparkling amber ring
 79928 | Zig:23   | Identified the ring "Erphekh" {+Fly rPois rN+ Str+5} (You
                  | found it on level 23 of a ziggurat)
 79933 | Zig:23   | Reached skill level 10 in Armour
 79947 | Zig:23   | Identified the Tome of Fiery Stones
 79949 | Zig:23   | Identified Jenonk's Volume of Congealing Conjuration
 79958 | Zig:23   | Identified the +1 helmet of the Moneychanger {Str+5} (You
                  | found it on level 23 of a ziggurat)
 80043 | Zig:24   | Entered Level 24 of a ziggurat
 80050 | Zig:24   | Noticed an ancient lich
 80051 | Zig:24   | Noticed an ancient lich
 80052 | Zig:24   | Noticed an ancient lich
 80053 | Zig:24   | Killed an ancient lich
 80054 | Zig:24   | Killed an ancient lich
 80054 | Zig:24   | Killed an ancient lich
 80056 | Zig:24   | Noticed an ancient lich
 80057 | Zig:24   | Reached skill level 15 in Armour
 80060 | Zig:24   | Noticed an ancient lich
 80060 | Zig:24   | Noticed an ancient lich
 80060 | Zig:24   | Killed an ancient lich
 80064 | Zig:24   | Killed an ancient lich
 80065 | Zig:24   | Killed an ancient lich
 80082 | Zig:24   | Found the +9 staff of Wucad Mu {channel}
 80136 | Zig:25   | Entered Level 25 of a ziggurat
 80141 | Zig:25   | Noticed a greater mummy
 80144 | Zig:25   | Noticed a greater mummy
 80144 | Zig:25   | Noticed a greater mummy
 80145 | Zig:25   | Noticed a greater mummy
 80145 | Zig:25   | Noticed a greater mummy
 80146 | Zig:25   | Noticed a greater mummy
 80146 | Zig:25   | Noticed a greater mummy
 80147 | Zig:25   | Noticed a greater mummy
 80148 | Zig:25   | Killed a greater mummy
 80148 | Zig:25   | Killed a greater mummy
 80148 | Zig:25   | Noticed a greater mummy
 80148 | Zig:25   | Noticed a greater mummy
 80148 | Zig:25   | Noticed a greater mummy
 80149 | Zig:25   | Killed a greater mummy
 80149 | Zig:25   | Killed a greater mummy
 80149 | Zig:25   | Killed a greater mummy
 80149 | Zig:25   | Killed a greater mummy
 80150 | Zig:25   | Noticed a greater mummy
 80150 | Zig:25   | Noticed a greater mummy
 80150 | Zig:25   | Noticed a greater mummy
 80151 | Zig:25   | Noticed a greater mummy
 80151 | Zig:25   | Noticed a greater mummy
 80151 | Zig:25   | Noticed a greater mummy
 80151 | Zig:25   | Noticed a greater mummy
 80152 | Zig:25   | Killed a greater mummy
 80152 | Zig:25   | Killed a greater mummy
 80152 | Zig:25   | Killed a greater mummy
 80152 | Zig:25   | Noticed a greater mummy
 80153 | Zig:25   | Killed a greater mummy
 80153 | Zig:25   | Killed a greater mummy
 80153 | Zig:25   | Killed a greater mummy
 80153 | Zig:25   | Killed a greater mummy
 80153 | Zig:25   | Noticed a greater mummy
 80154 | Zig:25   | Noticed a greater mummy
 80154 | Zig:25   | Killed a greater mummy
 80154 | Zig:25   | Killed a greater mummy
 80154 | Zig:25   | Noticed a greater mummy
 80155 | Zig:25   | Killed a greater mummy
 80155 | Zig:25   | Killed a greater mummy
 80156 | Zig:25   | Killed a greater mummy
 80156 | Zig:25   | Killed a greater mummy
 80156 | Zig:25   | Killed a greater mummy
 80157 | Zig:25   | Killed a greater mummy
 80158 | Zig:25   | Killed a greater mummy
 80158 | Zig:25   | Noticed a greater mummy
 80158 | Zig:25   | Noticed a greater mummy
 80159 | Zig:25   | Noticed a greater mummy
 80160 | Zig:25   | Noticed a greater mummy
 80161 | Zig:25   | Killed a greater mummy
 80161 | Zig:25   | Noticed a greater mummy
 80163 | Zig:25   | Killed a greater mummy
 80164 | Zig:25   | Killed a greater mummy
 80165 | Zig:25   | Killed a greater mummy
 80165 | Zig:25   | Killed a greater mummy
 80264 | Zig:25   | Got a glittering brass ring
 80265 | Zig:25   | Identified the cursed ring "Uho Cak" {AC-3 Dex+4} (You
                  | found it on level 25 of a ziggurat)
 80269 | Zig:25   | Identified the +3 demon whip of Kyb Suck {pain, *Corrode
                  | rF++ SInv Stlth+} (You found it on level 25 of a ziggurat)
 80308 | Zig:25   | Identified the cursed +0 pair of boots "Cesueh" {MR+ Dex+3}
                  | (You found it on level 25 of a ziggurat)
 80324 | Zig:26   | Entered Level 26 of a ziggurat
 80335 | Zig:26   | Noticed an ancient lich
 80337 | Zig:26   | Killed an ancient lich
 80337 | Zig:26   | Noticed an ancient lich
 80340 | Zig:26   | Killed an ancient lich
 80343 | Zig:26   | Noticed an ancient lich
 80344 | Zig:26   | Reached skill level 27 in Armour
 80346 | Zig:26   | Killed an ancient lich
 80346 | Zig:26   | Noticed an ancient lich
 80347 | Zig:26   | Noticed an ancient lich
 80348 | Zig:26   | Noticed an ancient lich
 80349 | Zig:26   | Killed an ancient lich
 80350 | Zig:26   | Noticed an ancient lich
 80351 | Zig:26   | Killed an ancient lich
 80351 | Zig:26   | Killed an ancient lich
 80352 | Zig:26   | Killed an ancient lich
 80371 | Zig:26   | Found the ring of Shadows {Umbra +Inv Stlth+}
 80389 | Zig:26   | Identified An Early Guide to Wizardry
 80392 | Zig:26   | Got a scintillating bone amulet
 80393 | Zig:26   | Identified the amulet "Imee" {RegenMP +Inv Int-2 Dex-2
                  | Slay+5} (You found it on level 26 of a ziggurat)
 80409 | Zig:26   | Identified Virex's Handbook of the Lucky Birds
 80437 | Zig:26   | Got a pitted pewter ring
 80438 | Zig:26   | Identified the ring of Foolhardiness {Fire rPois MR+} (You
                  | found it on level 26 of a ziggurat)
 80450 | Zig:27   | Entered Level 27 of a ziggurat
 80469 | Zig:27   | Reached skill level 27 in Shields
 80484 | Zig:27   | Found the +7 Singing Sword {vorpal, sonic wave}
 80490 | Zig:27   | Found the +3 Elemental Staff {rElec rF++ rC++ MR++ AC+5}
 80506 | Zig:27   | Got a fine platinum ring
 80507 | Zig:27   | Identified the ring "Ypeiz" {Ice *Slow rN+ MR++ Int+4} (You
                  | found it on level 27 of a ziggurat)
 80536 | Zig:27   | Identified Gifiwn's Guide on Translocation and Fire
 80560 | Zig:27   | Identified the +1 hand axe "Hasyoruu" {vamp, MR++ Dex+3}
                  | (You acquired it on level 27 of a ziggurat)
 80777 | Zot:1    | Entered Level 1 of the Realm of Zot
 80855 | Zot:1    | Reached skill level 1 in Staves
 80951 | Zot:1    | Noticed an orb of fire
 80958 | Zot:1    | Killed an orb of fire
 80968 | Zot:1    | Reached skill level 5 in Staves
 82018 | Zot:2    | Reached skill level 15 in Throwing
 82267 | Zot:2    | You are sucked into a shaft and drop 2 floors!
 82313 | Zot:4    | Reached skill level 10 in Staves
 83228 | Zot:3    | Gained mutation: You are robust. (+10% HP) [evolution]
 83473 | Zot:4    | Identified the +3 pair of boots of Experimentation {rN++
                  | Stlth+} (You found it on level 4 of the Realm of Zot)
 84409 | Zot:5    | Entered Level 5 of the Realm of Zot
 84483 | Zot:5    | Reached skill level 15 in Staves
 84502 | Zot:5    | Noticed an orb of fire
 84755 | Zot:5    | Killed an orb of fire
 84760 | Zot:5    | Noticed an ancient lich
 84766 | Zot:5    | Killed an ancient lich
 85064 | Zot:5    | Noticed an ancient lich
 85073 | Zot:5    | Killed an ancient lich
 85103 | Zot:5    | Noticed an orb of fire
 85106 | Zot:5    | Killed an orb of fire
 85428 | Zot:5    | Noticed an ancient lich
 85429 | Zot:5    | Killed an ancient lich
 85643 | Zot:5    | Noticed an ancient lich
 85644 | Zot:5    | Killed an ancient lich
 85647 | Zot:5    | Noticed an ancient lich
 85648 | Zot:5    | Killed an ancient lich
 85648 | Zot:5    | Noticed an ancient lich
 85650 | Zot:5    | Killed an ancient lich
 85668 | Zot:5    | Noticed an ancient lich
 85673 | Zot:5    | Noticed an ancient lich
 85675 | Zot:5    | Killed an ancient lich
 85676 | Zot:5    | Killed an ancient lich
 85679 | Zot:5    | Noticed an ancient lich
 85682 | Zot:5    | Killed an ancient lich
 85824 | Zot:5    | Noticed an ancient lich
 85825 | Zot:5    | Killed an ancient lich
 86548 | Pan      | Entered Pandemonium
 86586 | Pan      | Found an exit through the horrors of the Abyss.
 86695 | Pan      | Noticed Wuocieshui the pandemonium lord
 86702 | Pan      | Killed Wuocieshui the pandemonium lord
 87167 | Pan      | Noticed Qeakka the pandemonium lord
 87168 | Pan      | Killed Qeakka the pandemonium lord
 87587 | Pan      | Lost mutation: You are robust. (+10% HP) [a cacodemon]
 87682 | Pan      | Noticed Fiappael the pandemonium lord
 87687 | Pan      | Killed Fiappael the pandemonium lord
 88455 | Pan      | Lost mutation: You are dopey. (Int -2) [evolution]
 88525 | Pan      | Noticed Nimma the pandemonium lord
 88530 | Pan      | Killed Nimma the pandemonium lord
 88819 | Pan      | Noticed Pismoen the pandemonium lord
 88823 | Pan      | Killed Pismoen the pandemonium lord
 88838 | Pan      | Got a demonic rune of Zot
 88850 | Pan      | Entered the realm of Cerebov.
 88995 | Pan      | Identified the +6 sword of Cerebov {flame}
 88995 | Pan      | Noticed Cerebov
 89015 | Pan      | Killed Cerebov
 89168 | Pan      | Identified the Guide on Necromancy and the Snowflakes
 89232 | Pan      | Identified the Catalogue of Earthen Aid
 89289 | Pan      | Got a fiery rune of Zot
 89494 | Pan      | Entered the realm of Lom Lobon.
 89935 | Pan      | Noticed Lom Lobon
 89940 | Pan      | Killed Lom Lobon
 89956 | Pan      | Got a magical rune of Zot
 90397 | Pan      | Noticed Cuenwac the pandemonium lord
 90400 | Pan      | Killed Cuenwac the pandemonium lord
 90450 | Pan      | Found an exit through the horrors of the Abyss.
 90467 | Pan      | Entered the realm of Gloorx Vloq.
 90529 | Pan      | Noticed Gloorx Vloq
 90552 | Pan      | Killed Gloorx Vloq
 90678 | Pan      | Reached skill level 27 in Staves
 90697 | Pan      | Got a dark rune of Zot
 90713 | Pan      | Reached skill level 15 in Maces & Flails
 90757 | Pan      | Entered the realm of Mnoleg.
 90796 | Pan      | Noticed Mnoleg
 90804 | Pan      | Gained mutation: You are clumsy. (Dex -2) [a cacodemon]
 90805 | Pan      | Killed Mnoleg
 90818 | Pan      | Gained mutation: You are weak. (Str -2) [a cacodemon]
 90823 | Pan      | Gained mutation: Your body sometimes deteriorates upon
                  | taking damage. [a cacodemon]
 90826 | Pan      | Got a glowing rune of Zot
 90826 | Pan      | Gained mutation: Your body often deteriorates upon taking
                  | damage. [a cacodemon]
 90827 | Pan      | Gained mutation: You are frail. (-10% HP) [a neqoxec]
 90829 | Pan      | Gained mutation: You tend to lose your temper in combat. [a
                  | cacodemon]
 90834 | Pan      | Gained mutation: You occasionally shout uncontrollably at
                  | your foes. [a cacodemon]
 91009 | Depths:3 | Escaped Pandemonium
 91211 | Zig:1    | Entered Level 1 of a ziggurat
 91230 | Zig:2    | Entered Level 2 of a ziggurat
 91263 | Zig:3    | Entered Level 3 of a ziggurat
 91281 | Zig:3    | Identified the Compendium of Intoxication and Battle Magic
 91290 | Zig:4    | Entered Level 4 of a ziggurat
 91326 | Zig:4    | Lost mutation: You evolve. [potion of mutation]
 91326 | Zig:4    | Lost mutation: Your body often deteriorates upon taking
                  | damage. [potion of mutation]
 91326 | Zig:4    | Lost mutation: You tend to lose your temper in combat.
                  | [potion of mutation]
 91326 | Zig:4    | Lost mutation: You are weak. (Str -2) [potion of mutation]
 91326 | Zig:4    | Gained mutation: Your mind is acute. (Int +2) [potion of
                  | mutation]
 91327 | Zig:4    | Lost mutation: You are clumsy. (Dex -2) [potion of
                  | mutation]
 91327 | Zig:4    | Lost mutation: You are surrounded by a mild repulsion
                  | field. (EV +2) [potion of mutation]
 91327 | Zig:4    | Gained mutation: Your spells are a little easier to cast,
                  | but a little less powerful. [potion of mutation]
 91327 | Zig:4    | Gained mutation: You have a pair of small antennae on your
                  | head. [potion of mutation]
 91328 | Zig:4    | Lost mutation: You are partially covered in slimy green
                  | scales. (AC +2) [potion of mutation]
 91328 | Zig:4    | Lost mutation: You are resistant to hostile enchantments.
                  | (MR+) [potion of mutation]
 91328 | Zig:4    | Lost mutation: You are frail. (-10% HP) [potion of
                  | mutation]
 91328 | Zig:4    | Lost mutation: You are partially covered in large bone
                  | plates. (SH +4) [potion of mutation]
 91328 | Zig:4    | Gained mutation: Your mind is very acute. (Int +4) [potion
                  | of mutation]
 91329 | Zig:4    | Lost mutation: Your mind is very acute. (Int +4) [potion of
                  | mutation]
 91329 | Zig:4    | Lost mutation: Your mind is acute. (Int +2) [potion of
                  | mutation]
 91329 | Zig:4    | Lost mutation: You occasionally shout uncontrollably at
                  | your foes. [potion of mutation]
 91329 | Zig:4    | Lost mutation: You have a pair of small antennae on your
                  | head. [potion of mutation]
 91329 | Zig:4    | Gained mutation: You do not regenerate when monsters are
                  | visible. [potion of mutation]
 91329 | Zig:4    | Lost mutation: You have supernaturally acute eyesight.
                  | (SInv) [potion of mutation]
 91329 | Zig:4    | Gained mutation: You are somewhat resistant to further
                  | mutation. [potion of mutation]
 91330 | Zig:4    | Lost mutation: Your spells are a little easier to cast, but
                  | a little less powerful. [potion of mutation]
 91330 | Zig:4    | Lost mutation: Your body sometimes deteriorates upon taking
                  | damage. [potion of mutation]
 91330 | Zig:4    | Lost mutation: You are somewhat resistant to further
                  | mutation. [potion of mutation]
 91330 | Zig:4    | Gained mutation: You are resistant to hostile enchantments.
                  | (MR+) [potion of mutation]
 91330 | Zig:4    | Gained mutation: You are partially covered in icy blue
                  | scales. (AC +2) [potion of mutation]
 91331 | Zig:4    | Lost mutation: You are partially covered in icy blue
                  | scales. (AC +2) [potion of mutation]
 91331 | Zig:4    | Gained mutation: You are agile. (Dex +2) [potion of
                  | mutation]
 91332 | Zig:4    | Lost mutation: You are agile. (Dex +2) [potion of mutation]
 91332 | Zig:4    | Lost mutation: You are resistant to hostile enchantments.
                  | (MR+) [potion of mutation]
 91332 | Zig:4    | Gained mutation: You have large cloven feet. [potion of
                  | mutation]
 91332 | Zig:4    | Gained mutation: You are partially covered in icy blue
                  | scales. (AC +2) [potion of mutation]
 91333 | Zig:4    | Lost mutation: You have large cloven feet. [potion of
                  | mutation]
 91333 | Zig:4    | Lost mutation: You do not regenerate when monsters are
                  | visible. [potion of mutation]
 91333 | Zig:4    | Gained mutation: Your muscles are strong. (Str +2) [potion
                  | of mutation]
 91333 | Zig:4    | Gained mutation: You are partially covered in molten
                  | scales. (AC +2) [potion of mutation]
 91333 | Zig:4    | Gained mutation: You can translocate small distances at
                  | will. [potion of mutation]
 91335 | Zig:5    | Entered Level 5 of a ziggurat
 91370 | Zig:6    | Entered Level 6 of a ziggurat
 91381 | Zig:6    | Found the +10 zealot's sword {holy, *Rage rN+ EV+3}
 91417 | Zig:7    | Entered Level 7 of a ziggurat
 91422 | Zig:7    | Noticed a juggernaut
 91424 | Zig:7    | Noticed a juggernaut
 91425 | Zig:7    | Killed a juggernaut
 91429 | Zig:7    | Killed a juggernaut
 91456 | Zig:7    | Got a flickering bronze ring
 91457 | Zig:7    | Identified the ring "Leotin" {rN+ rCorr Int+5} (You found
                  | it on level 7 of a ziggurat)
 91508 | Zig:8    | Entered Level 8 of a ziggurat
 91515 | Zig:8    | Noticed Oplut the pandemonium lord
 91518 | Zig:8    | Killed Oplut the pandemonium lord
 91599 | Zig:8    | Found the +7 great mace "Undeadhunter" {disrupt, rN+}
 91607 | Zig:8    | Got a coiled tin amulet
 91608 | Zig:8    | Identified the amulet of Hedonism {Gourm Str+4 Int+3 Dex+2}
                  | (You found it on level 8 of a ziggurat)
 91623 | Zig:9    | Entered Level 9 of a ziggurat
 91629 | Zig:9    | Noticed an ancient lich
 91629 | Zig:9    | Noticed an ancient lich
 91631 | Zig:9    | Killed an ancient lich
 91631 | Zig:9    | Noticed an ancient lich
 91631 | Zig:9    | Noticed an ancient lich
 91632 | Zig:9    | Killed an ancient lich
 91633 | Zig:9    | Killed an ancient lich
 91633 | Zig:9    | Killed an ancient lich
 91659 | Zig:10   | Entered Level 10 of a ziggurat
 91671 | Zig:10   | Reached skill level 27 in Maces & Flails
 91680 | Zig:10   | Found the brooch of Shielding {Reflect SH+8}
 91969 | Zig:11   | Entered Level 11 of a ziggurat
 91995 | Zig:11   | Found the +10 dark maul {vorpal}
 92014 | Zig:11   | Got a glittering marble ring
 92015 | Zig:11   | Identified the ring "Kokhli" {rElec rPois rCorr} (You found
                  | it on level 11 of a ziggurat)
 92023 | Zig:11   | Got a scorched glass ring
 92057 | Zig:12   | Entered Level 12 of a ziggurat
 92063 | Zig:12   | Noticed Muffal's ghost (legendary FoFi)
 92063 | Zig:12   | Noticed Icuofef's ghost (veteran SpEn)
 92063 | Zig:12   | Noticed Cearuunk's ghost (legendary DsFi)
 92064 | Zig:12   | Noticed Icuofef's ghost (veteran SpEn)
 92064 | Zig:12   | Noticed Omodibba's ghost (veteran BaHu)
 92064 | Zig:12   | Noticed Rucih's ghost (legendary DsFi)
 92064 | Zig:12   | Noticed Xekher's ghost (legendary GnEn)
 92065 | Zig:12   | Noticed Xust's ghost (legendary MiFi)
 92065 | Zig:12   | Noticed Xootouk's ghost (master SpEn)
 92065 | Zig:12   | Noticed Icuofef's ghost (veteran SpEn)
 92066 | Zig:12   | Killed Icuofef's ghost
 92066 | Zig:12   | Killed Xootouk's ghost
 92068 | Zig:12   | Noticed Omodibba's ghost (veteran BaHu)
 92069 | Zig:12   | Noticed Icuofef's ghost (veteran SpEn)
 92069 | Zig:12   | Killed Icuofef's ghost
 92070 | Zig:12   | Killed Icuofef's ghost
 92070 | Zig:12   | Killed Cearuunk's ghost
 92070 | Zig:12   | Killed Icuofef's ghost
 92070 | Zig:12   | Noticed Rikkoh's ghost (legendary GrEE)
 92070 | Zig:12   | Noticed Garop's ghost (legendary DDFi)
 92071 | Zig:12   | Killed Omodibba's ghost
 92071 | Zig:12   | Killed Rucih's ghost
 92072 | Zig:12   | Killed Muffal's ghost
 92073 | Zig:12   | Killed Omodibba's ghost
 92073 | Zig:12   | Killed Xekher's ghost
 92073 | Zig:12   | Killed Xust's ghost
 92077 | Zig:12   | Killed Rikkoh's ghost
 92080 | Zig:12   | Killed Garop's ghost
 92355 | Zig:12   | Got a shimmering marble ring
 92357 | Zig:12   | Identified the ring "Xos Zauph" {+Blink +Inv rElec Int+3
                  | Stlth-} (You found it on level 12 of a ziggurat)
 92359 | Zig:12   | Identified the ring of Stoicism {MP+9 Str-3 Slay+6} (You
                  | found it on level 11 of a ziggurat)
 92361 | Zig:12   | Identified the Handbook of Ice and Orientation
 92372 | Zig:13   | Entered Level 13 of a ziggurat
 92374 | Zig:13   | Noticed a greater mummy
 92374 | Zig:13   | Noticed a greater mummy
 92378 | Zig:13   | Noticed a greater mummy
 92379 | Zig:13   | Killed a greater mummy
 92380 | Zig:13   | Killed a greater mummy
 92380 | Zig:13   | Killed a greater mummy
 92380 | Zig:13   | Noticed a greater mummy
 92381 | Zig:13   | Noticed a greater mummy
 92382 | Zig:13   | Noticed a greater mummy
 92383 | Zig:13   | Killed a greater mummy
 92383 | Zig:13   | Noticed a greater mummy
 92384 | Zig:13   | Killed a greater mummy
 92385 | Zig:13   | Noticed a greater mummy
 92385 | Zig:13   | Killed a greater mummy
 92385 | Zig:13   | Noticed a greater mummy
 92386 | Zig:13   | Killed a greater mummy
 92389 | Zig:13   | Killed a greater mummy
 92391 | Zig:13   | Killed a greater mummy
 92455 | Zig:14   | Entered Level 14 of a ziggurat
 92490 | Zig:14   | Identified the Volume of Invincibility
 92674 | Zig:15   | Entered Level 15 of a ziggurat
 92691 | Zig:15   | Found the +12 Vampire's Tooth {vamp}
 92715 | Zig:15   | Got a crude lead amulet
 92716 | Zig:15   | Identified the amulet "Munug" {RegenMP MR+ Str+3} (You
                  | found it on level 15 of a ziggurat)
 92758 | Zig:15   | Got a clouded iron ring
 92759 | Zig:15   | Identified the ring "Jozi" {*Tele rC+ rN+ Str-2 Stlth+}
                  | (You found it on level 15 of a ziggurat)
 92893 | Zig:16   | Entered Level 16 of a ziggurat
 92896 | Zig:16   | Noticed a juggernaut
 92897 | Zig:16   | Noticed a juggernaut
 92899 | Zig:16   | Noticed a juggernaut
 92901 | Zig:16   | Killed a juggernaut
 92901 | Zig:16   | Killed a juggernaut
 92902 | Zig:16   | Killed a juggernaut
 92937 | Zig:16   | Found the +7 sceptre of Torment {pain, torment}
 92952 | Zig:16   | Got a scorched amber ring
 92953 | Zig:16   | Identified the ring "Hauja" {*Slow +Fly Int+6 Dex+3} (You
                  | found it on level 16 of a ziggurat)
 92997 | Zig:17   | Entered Level 17 of a ziggurat
 93061 | Zig:17   | Got a flickering jade ring
 93062 | Zig:17   | Identified the ring "Hetio" {*Drain EV+3 Int+3} (You found
                  | it on level 17 of a ziggurat)
 93068 | Zig:17   | Identified the Disquisition on Supportive Snow
 93114 | Zig:17   | Identified the +1 pair of gloves of Wonder {rElec rC+ Dex-3
                  | Stlth+} (You acquired it on level 17 of a ziggurat)
 93114 | Zig:17   | Identified the amulet "Peref" {+Blink +Rage Dex+2} (You
                  | acquired it on level 17 of a ziggurat)
 93183 | Zig:18   | Entered Level 18 of a ziggurat
 93188 | Zig:18   | Noticed a juggernaut
 93189 | Zig:18   | Noticed a juggernaut
 93190 | Zig:18   | Killed a juggernaut
 93191 | Zig:18   | Noticed a juggernaut
 93193 | Zig:18   | Killed a juggernaut
 93196 | Zig:18   | Noticed a juggernaut
 93197 | Zig:18   | Killed a juggernaut
 93199 | Zig:18   | Killed a juggernaut
 93204 | Zig:18   | Found the cursed necklace of Bloodlust {*Rage +Rage MR++
                  | Int-3 Slay+6 *Curse}
 93204 | Zig:18   | Found the +0 sword of Power
 93219 | Zig:18   | Identified Lezaorap's Catalogue of the Lost Lies
 93239 | Zig:18   | Got a smoking wooden ring
 93240 | Zig:18   | Identified the ring "Tatiucae" {rF+ Dex+3} (You found it on
                  | level 18 of a ziggurat)
 93260 | Zig:18   | Identified the +0 pair of boots of the Stars {Int+5 Dex+3}
                  | (You found it on level 18 of a ziggurat)
 93261 | Zig:18   | Identified the Incunabulum of Torrid Conjuration
 93264 | Zig:18   | Got a clouded golden ring
 93265 | Zig:18   | Identified the ring "Tyejo" {rF+ rC- Str+4 Int+4 Dex+3}
                  | (You found it on level 18 of a ziggurat)
 93277 | Zig:18   | Got a heavily runed marble ring
 93278 | Zig:18   | Identified the ring "Suhuiz" {*Slow +Fly EV+2 Dex+7 SInv}
                  | (You found it on level 18 of a ziggurat)
 93292 | Zig:19   | Entered Level 19 of a ziggurat
 93300 | Zig:19   | Noticed Orimn the pandemonium lord
 93304 | Zig:19   | Killed Orimn the pandemonium lord
 93568 | Zig:19   | Identified Zujorime's Collected Works on Conjuration
 93574 | Zig:19   | Got a transparent garnet amulet
 93575 | Zig:19   | Identified the amulet of Deihua Dissa {RegenMP rPois Dex+6}
                  | (You found it on level 19 of a ziggurat)
 93583 | Zig:19   | Identified the +5 eveningstar "Lim Toa" {antimagic, Int+7}
                  | (You found it on level 19 of a ziggurat)
 93589 | Zig:19   | Got a bound pewter amulet
 93590 | Zig:19   | Identified the amulet of Vawaak {Inacc MR- Str+3 Dex+5}
                  | (You found it on level 19 of a ziggurat)
 93593 | Zig:19   | Got a steaming brass ring
 93595 | Zig:19   | Got a glittering jade ring
 93596 | Zig:19   | Identified the ring "Doudaumyegeo" {rF+ Str+3} (You found
                  | it on level 19 of a ziggurat)
 93598 | Zig:19   | Identified the ring "Rucwiaru" {rPois rC+ rN+ Dex+3} (You
                  | found it on level 19 of a ziggurat)
 93605 | Zig:19   | Identified the Handbook of Dusty Envenoming
 93607 | Zig:19   | Identified the Handbook of Evil Rituals and Combat Magic
 93620 | Zig:20   | Entered Level 20 of a ziggurat
 93632 | Zig:20   | Found the ring of Phasing {EV+8}
 93642 | Zig:20   | Found the +2 shield of Resistance {rF+ rC+ MR+}
 93697 | Zig:20   | Got a vibrating turquoise ring
 93698 | Zig:20   | Identified the ring of Toej {rF+ rN+ Int+2} (You found it
                  | on level 20 of a ziggurat)
 93707 | Zig:20   | Identified the +4 lajatang "Ruamaage" {elec, +Rage rF+ rC-
                  | Int+3} (You acquired it on level 20 of a ziggurat)
 93720 | Zig:20   | Identified the Handbook of Earth and Darkness
 93730 | Zig:20   | Got a smoking pewter amulet
 93731 | Zig:20   | Identified the amulet "Erutal" {Spirit rN+ Int+2} (You
                  | found it on level 20 of a ziggurat)
 93774 | Zig:21   | Entered Level 21 of a ziggurat
 93779 | Zig:21   | Noticed Vatroimo the pandemonium lord
 93780 | Zig:21   | Noticed Morghuit the pandemonium lord
 93781 | Zig:21   | Noticed Turybbuh the pandemonium lord
 93781 | Zig:21   | Noticed Pidaine the pandemonium lord
 93781 | Zig:21   | Noticed Fappan the pandemonium lord
 93781 | Zig:21   | Noticed Qihop the pandemonium lord
 93781 | Zig:21   | Noticed Gillu Cio the pandemonium lord
 93782 | Zig:21   | Noticed Hoik the pandemonium lord
 93782 | Zig:21   | Noticed Falo the pandemonium lord
 93782 | Zig:21   | Noticed Seutrur the pandemonium lord
 93783 | Zig:21   | Noticed Kann the pandemonium lord
 93783 | Zig:21   | Noticed Xybit the pandemonium lord
 93783 | Zig:21   | Noticed Tufa the pandemonium lord
 93783 | Zig:21   | Noticed Tianape the pandemonium lord
 93783 | Zig:21   | Noticed Xecsedghe the pandemonium lord
 93783 | Zig:21   | Noticed Ihikk the pandemonium lord
 93784 | Zig:21   | Noticed Voicin the pandemonium lord
 93784 | Zig:21   | Noticed Ciakat the pandemonium lord
 93784 | Zig:21   | Noticed Jucant the pandemonium lord
 93793 | Zig:21   | Killed Vatroimo the pandemonium lord
 93794 | Zig:21   | Killed Kann the pandemonium lord
 93794 | Zig:21   | Killed Pidaine the pandemonium lord
 93795 | Zig:21   | Killed Qihop the pandemonium lord
 93796 | Zig:21   | Killed Falo the pandemonium lord
 93796 | Zig:21   | Killed Ciakat the pandemonium lord
 93797 | Zig:21   | Killed Tufa the pandemonium lord
 93797 | Zig:21   | Reached skill level 27 in Translocations
 93797 | Zig:21   | Killed Jucant the pandemonium lord
 93797 | Zig:21   | Killed Seutrur the pandemonium lord
 93798 | Zig:21   | Killed Fappan the pandemonium lord
 93801 | Zig:21   | Killed Hoik the pandemonium lord
 93801 | Zig:21   | Killed Turybbuh the pandemonium lord
 93803 | Zig:21   | Killed Voicin the pandemonium lord
 93804 | Zig:21   | Noticed Ludal the pandemonium lord
 93805 | Zig:21   | Killed Ihikk the pandemonium lord
 93807 | Zig:21   | Killed Gillu Cio the pandemonium lord
 93807 | Zig:21   | Killed Morghuit the pandemonium lord
 93807 | Zig:21   | Killed Xybit the pandemonium lord
 93807 | Zig:21   | Reached skill level 27 in Throwing
 93808 | Zig:21   | Noticed Qiyrro the pandemonium lord
 93808 | Zig:21   | Noticed Raluet Saile the pandemonium lord
 93808 | Zig:21   | Noticed Tubed the pandemonium lord
 93808 | Zig:21   | Noticed Odedekee the pandemonium lord
 93809 | Zig:21   | Killed Xecsedghe the pandemonium lord
 93809 | Zig:21   | Noticed Vouddapper the pandemonium lord
 93809 | Zig:21   | Noticed Ihyuwn the pandemonium lord
 93810 | Zig:21   | Noticed Beefimyqy the pandemonium lord
 93810 | Zig:21   | Noticed Cuamor the pandemonium lord
 93810 | Zig:21   | Noticed Fuma the pandemonium lord
 93810 | Zig:21   | Noticed Goicesucs the pandemonium lord
 93811 | Zig:21   | Killed Ludal the pandemonium lord
 93811 | Zig:21   | Noticed Wiegutef the pandemonium lord
 93812 | Zig:21   | Killed Raluet Saile the pandemonium lord
 93812 | Zig:21   | Noticed Moph the pandemonium lord
 93812 | Zig:21   | Noticed Zuinauk the pandemonium lord
 93813 | Zig:21   | Killed Qiyrro the pandemonium lord
 93813 | Zig:21   | Killed Goicesucs the pandemonium lord
 93813 | Zig:21   | Killed Odedekee the pandemonium lord
 93813 | Zig:21   | Killed Fuma the pandemonium lord
 93813 | Zig:21   | Killed Ihyuwn the pandemonium lord
 93813 | Zig:21   | Noticed Issaoriy the pandemonium lord
 93814 | Zig:21   | Killed Tianape the pandemonium lord
 93814 | Zig:21   | Killed Wiegutef the pandemonium lord
 93814 | Zig:21   | Killed Moph the pandemonium lord
 93814 | Zig:21   | Reached skill level 15 in Charms
 93814 | Zig:21   | Noticed Jaavvala the pandemonium lord
 93816 | Zig:21   | Killed Cuamor the pandemonium lord
 93816 | Zig:21   | Noticed Koidyhab the pandemonium lord
 93816 | Zig:21   | Noticed Etsueg the pandemonium lord
 93817 | Zig:21   | Killed Tubed the pandemonium lord
 93819 | Zig:21   | Noticed Qeots the pandemonium lord
 93819 | Zig:21   | Noticed Jolaat the pandemonium lord
 93821 | Zig:21   | Killed Issaoriy the pandemonium lord
 93821 | Zig:21   | Killed Beefimyqy the pandemonium lord
 93822 | Zig:21   | Killed Koidyhab the pandemonium lord
 93823 | Zig:21   | Killed Jaavvala the pandemonium lord
 93824 | Zig:21   | Killed Etsueg the pandemonium lord
 93824 | Zig:21   | Killed Zuinauk the pandemonium lord
 93824 | Zig:21   | Killed Vouddapper the pandemonium lord
 93825 | Zig:21   | Killed Jolaat the pandemonium lord
 93825 | Zig:21   | Killed Qeots the pandemonium lord
 94004 | Zig:21   | Found the ring of Robustness {AC+8}
 94020 | Zig:21   | Got a fine lead ring
 94022 | Zig:21   | Identified the ring "Keox" {EV+5 Int+3} (You found it on
                  | level 21 of a ziggurat)
 94033 | Zig:21   | Got a vibrating lead amulet
 94034 | Zig:21   | Identified the amulet "Zuaxkie" {Gourm rElec Int+4} (You
                  | found it on level 21 of a ziggurat)
 94079 | Zig:22   | Entered Level 22 of a ziggurat
 94094 | Zig:22   | Found the +5 demon whip "Spellbinder" {antimagic, MR+}
 94144 | Zig:22   | Identified the +0 cloak of Ifiuc {rPois Regen+ Int+3} (You
                  | found it on level 22 of a ziggurat)
 94149 | Zig:22   | Identified Guekk's Incunabulum of Flying Talismans
 94186 | Zig:22   | Got a vibrating steel amulet
 94188 | Zig:22   | Identified the amulet "Takyahu" {Gourm Int+4} (You found it
                  | on level 22 of a ziggurat)
 94301 | Zig:23   | Entered Level 23 of a ziggurat
 94391 | Zig:23   | Identified the Compendium of the Blaze and Darkness
 94393 | Zig:23   | Identified the Reference Book on Weightlessness
 94417 | Zig:24   | Entered Level 24 of a ziggurat
 94455 | Zig:24   | Found the +1 cloak of Starlight {rElec rC+ EV+4 Stlth--}
 94655 | Zig:24   | Identified the Compendium of Summoning
 94682 | Zig:24   | Got a flickering marble ring
 94683 | Zig:24   | Identified the ring of Dokosunwy {*Corrode +Blink +Fly
                  | rPois} (You found it on level 24 of a ziggurat)
 94687 | Zig:25   | Entered Level 25 of a ziggurat
 94692 | Zig:25   | Noticed Puilloiv the pandemonium lord
 94693 | Zig:25   | Killed Puilloiv the pandemonium lord
 94693 | Zig:25   | Noticed Mommuf the pandemonium lord
 94693 | Zig:25   | Noticed Cunuirgh the pandemonium lord
 94694 | Zig:25   | Noticed Atter the pandemonium lord
 94694 | Zig:25   | Noticed Evegoq the pandemonium lord
 94694 | Zig:25   | Noticed Qisipty the pandemonium lord
 94695 | Zig:25   | Noticed Doirgh the pandemonium lord
 94695 | Zig:25   | Noticed Nesask the pandemonium lord
 94696 | Zig:25   | Noticed Xid Ce Ylu the pandemonium lord
 94696 | Zig:25   | Noticed Useulil the pandemonium lord
 94697 | Zig:25   | Noticed Naivucsi the pandemonium lord
 94697 | Zig:25   | Killed Nesask the pandemonium lord
 94697 | Zig:25   | Noticed Miuxkalo the pandemonium lord
 94697 | Zig:25   | Noticed Inyi the pandemonium lord
 94698 | Zig:25   | Killed Doirgh the pandemonium lord
 94698 | Zig:25   | Noticed Winur the pandemonium lord
 94699 | Zig:25   | Killed Evegoq the pandemonium lord
 94699 | Zig:25   | Killed Atter the pandemonium lord
 94699 | Zig:25   | Noticed Yladut the pandemonium lord
 94699 | Zig:25   | Noticed Waetwirgh the pandemonium lord
 94699 | Zig:25   | Noticed Caehe the pandemonium lord
 94699 | Zig:25   | Noticed Ahol Muh the pandemonium lord
 94699 | Zig:25   | Noticed Lior the pandemonium lord
 94700 | Zig:25   | Noticed Ometwo the pandemonium lord
 94701 | Zig:25   | Noticed Cuxuw the pandemonium lord
 94702 | Zig:25   | Killed Naivucsi the pandemonium lord
 94702 | Zig:25   | Killed Xid Ce Ylu the pandemonium lord
 94702 | Zig:25   | Killed Qisipty the pandemonium lord
 94702 | Zig:25   | Noticed Cydyvi the pandemonium lord
 94703 | Zig:25   | Noticed Xoonenex the pandemonium lord
 94703 | Zig:25   | Noticed Womak the pandemonium lord
 94704 | Zig:25   | Reached skill level 27 in Charms
 94704 | Zig:25   | Killed Ahol Muh the pandemonium lord
 94704 | Zig:25   | Killed Lior the pandemonium lord
 94704 | Zig:25   | Noticed Heschy the pandemonium lord
 94705 | Zig:25   | Noticed Noomiocw the pandemonium lord
 94705 | Zig:25   | Noticed Acof the pandemonium lord
 94706 | Zig:25   | Noticed Xomoeckuism the pandemonium lord
 94706 | Zig:25   | Noticed Mamnu the pandemonium lord
 94706 | Zig:25   | Killed Mommuf the pandemonium lord
 94706 | Zig:25   | Killed Winur the pandemonium lord
 94706 | Zig:25   | Noticed Wiguaxt the pandemonium lord
 94707 | Zig:25   | Noticed Kuwiuxt the pandemonium lord
 94707 | Zig:25   | Killed Cuxuw the pandemonium lord
 94707 | Zig:25   | Killed Ometwo the pandemonium lord
 94707 | Zig:25   | Noticed Ybruacux the pandemonium lord
 94707 | Zig:25   | Noticed Otewebro the pandemonium lord
 94707 | Zig:25   | Noticed Deangoca the pandemonium lord
 94707 | Zig:25   | Noticed Ymoevom the pandemonium lord
 94707 | Zig:25   | Noticed Deigygih the pandemonium lord
 94708 | Zig:25   | Found the cursed +13 scythe of Curses {drain, *Curse}
 94708 | Zig:25   | Found the +8 frozen axe "Frostbite" {freezing cloud, *Noise
                  | +Fly rC+}
 94708 | Zig:25   | Noticed Toirph the pandemonium lord
 94708 | Zig:25   | Noticed Ubbacw the pandemonium lord
 94708 | Zig:25   | Noticed Irghauc the pandemonium lord
 94708 | Zig:25   | Noticed Wedas the pandemonium lord
 94708 | Zig:25   | Noticed Omeof the pandemonium lord
 94708 | Zig:25   | Noticed Fiqoklevvu the pandemonium lord
 94708 | Zig:25   | Noticed Tyulidd the pandemonium lord
 94708 | Zig:25   | Noticed Geckuxy the pandemonium lord
 94708 | Zig:25   | Noticed Vipeu the pandemonium lord
 94708 | Zig:25   | Noticed Kyofal the pandemonium lord
 94708 | Zig:25   | Noticed Babommou the pandemonium lord
 94708 | Zig:25   | Noticed Halugac the pandemonium lord
 94710 | Zig:26   | Entered Level 26 of a ziggurat
 94734 | Zig:26   | Noticed Muvaj the pandemonium lord
 94738 | Zig:26   | Killed Muvaj the pandemonium lord
 94738 | Zig:26   | Reached skill level 15 in Transmutations
 94950 | Zig:26   | Got a smoking iron ring
 94978 | Zig:26   | Got a pitted pewter ring
 94986 | Zig:26   | Identified the ring "Tamidopp" {rF- rN+ Str+4 Dex+10 SInv}
                  | (You found it on level 26 of a ziggurat)
 94988 | Zig:26   | Identified the ring "Yfait" {rPois rN+ Str+4 Int+4 Dex+3}
                  | (You found it on level 26 of a ziggurat)
 94990 | Zig:26   | Identified the +9 eveningstar of Nightmares {freeze, Str+4
                  | Dex+3} (You found it on level 26 of a ziggurat)
 95100 | Zig:27   | Entered Level 27 of a ziggurat
 95310 | Zig:1    | Entered Level 1 of a ziggurat
 95356 | Zig:2    | Entered Level 2 of a ziggurat
 95390 | Zig:3    | Entered Level 3 of a ziggurat
 95421 | Zig:4    | Entered Level 4 of a ziggurat
 95511 | Zig:4    | Got a bound platinum ring
 95514 | Zig:4    | Identified the ring "Yqoiniem" {*Tele rN+ Dex+2} (You found
                  | it on level 4 of a ziggurat)
 95518 | Zig:5    | Entered Level 5 of a ziggurat
 95560 | Zig:6    | Entered Level 6 of a ziggurat
 95563 | Zig:6    | Noticed Domaomi the pandemonium lord
 95564 | Zig:6    | Noticed Pipesek the pandemonium lord
 95565 | Zig:6    | Noticed Iroplerr the pandemonium lord
 95565 | Zig:6    | Noticed Pahuvec the pandemonium lord
 95565 | Zig:6    | Noticed Cotiurph the pandemonium lord
 95565 | Zig:6    | Noticed Oniruoc the pandemonium lord
 95566 | Zig:6    | Killed Iroplerr the pandemonium lord
 95567 | Zig:6    | Killed Pahuvec the pandemonium lord
 95568 | Zig:6    | Killed Pipesek the pandemonium lord
 95582 | Zig:6    | Killed Domaomi the pandemonium lord
 95587 | Zig:6    | Killed Oniruoc the pandemonium lord
 95588 | Zig:6    | Killed Cotiurph the pandemonium lord
 95701 | Zig:7    | Entered Level 7 of a ziggurat
 95730 | Zig:8    | Entered Level 8 of a ziggurat
 95766 | Zig:8    | Got a shimmering bone ring
 95767 | Zig:8    | Identified the ring of Gometol {+Inv rF+ rC+ Str+2 Slay-4}
                  | (You found it on level 8 of a ziggurat)
 95906 | Zig:9    | Entered Level 9 of a ziggurat
 95948 | Zig:9    | Identified the Collected Works on Supportive Malediction
 95956 | Zig:9    | Got a glittering platinum ring
 95957 | Zig:9    | Identified the ring "Vygosej" {rPois rF+ rC+ Str+2} (You
                  | found it on level 9 of a ziggurat)
 95961 | Zig:9    | Identified Qionn's Guide on the Escort and Flames
 95972 | Zig:10   | Entered Level 10 of a ziggurat
 95972 | Zig:10   | Noticed a juggernaut
 95975 | Zig:10   | Noticed a juggernaut
 95976 | Zig:10   | Killed a juggernaut
 95977 | Zig:10   | Killed a juggernaut
 95978 | Zig:10   | Noticed a juggernaut
 95981 | Zig:10   | Noticed a juggernaut
 95982 | Zig:10   | Killed a juggernaut
 95984 | Zig:10   | Killed a juggernaut
 96004 | Zig:10   | Identified Elent's Compendium of the Doomed Compass
 96016 | Zig:11   | Entered Level 11 of a ziggurat
 96077 | Zig:11   | Got a warped tin ring
 96078 | Zig:11   | Identified the ring of Activism {rPois rF+ Str+5} (You
                  | found it on level 11 of a ziggurat)
 96114 | Zig:12   | Entered Level 12 of a ziggurat
 96116 | Zig:12   | Noticed an ancient lich
 96119 | Zig:12   | Noticed an ancient lich
 96121 | Zig:12   | Noticed an ancient lich
 96123 | Zig:12   | Killed an ancient lich
 96123 | Zig:12   | Killed an ancient lich
 96123 | Zig:12   | Killed an ancient lich
 96123 | Zig:12   | Noticed an ancient lich
 96125 | Zig:12   | Killed an ancient lich
 96127 | Zig:12   | Noticed an ancient lich
 96133 | Zig:12   | Killed an ancient lich
 96231 | Zig:12   | Got a shimmering bone ring
 96234 | Zig:12   | Identified the ring of Ashenzari's Fury {rF+ MR+} (You
                  | found it on level 12 of a ziggurat)
 96258 | Zig:13   | Entered Level 13 of a ziggurat
 96279 | Zig:13   | Found the ring of the Octopus King
 96280 | Zig:13   | Found the +8 whip "Snakebite" {curare, rPois}
 96297 | Zig:13   | Got a ring of the Octopus King
 96341 | Zig:14   | Entered Level 14 of a ziggurat
 96347 | Zig:14   | Noticed Lasynef the pandemonium lord
 96347 | Zig:14   | Noticed Facagat the pandemonium lord
 96347 | Zig:14   | Noticed Voramuw the pandemonium lord
 96347 | Zig:14   | Noticed Gagifoi the pandemonium lord
 96348 | Zig:14   | Noticed Ciywkom the pandemonium lord
 96348 | Zig:14   | Noticed Fitouw the pandemonium lord
 96348 | Zig:14   | Noticed Nejujuh the pandemonium lord
 96348 | Zig:14   | Noticed Hiseyhol the pandemonium lord
 96348 | Zig:14   | Noticed Uvitsicru the pandemonium lord
 96348 | Zig:14   | Noticed Onex the pandemonium lord
 96348 | Zig:14   | Noticed Jihomiry the pandemonium lord
 96348 | Zig:14   | Noticed Issujyar the pandemonium lord
 96348 | Zig:14   | Noticed Vamm the pandemonium lord
 96348 | Zig:14   | Noticed Dodyiph the pandemonium lord
 96348 | Zig:14   | Noticed Niekh the pandemonium lord
 96348 | Zig:14   | Noticed Tor Poot the pandemonium lord
 96348 | Zig:14   | Noticed Fifixeib the pandemonium lord
 96348 | Zig:14   | Noticed Goxzufea the pandemonium lord
 96349 | Zig:14   | Found the +9 heavy crossbow "Sniper" {vorpal, Acc+∞ SInv}
 96350 | Zig:14   | Killed Uvitsicru the pandemonium lord
 96350 | Zig:14   | Killed Issujyar the pandemonium lord
 96350 | Zig:14   | Killed Niekh the pandemonium lord
 96350 | Zig:14   | Killed Fitouw the pandemonium lord
 96350 | Zig:14   | Killed Tor Poot the pandemonium lord
 96350 | Zig:14   | Killed Voramuw the pandemonium lord
 96352 | Zig:14   | Killed Fifixeib the pandemonium lord
 96352 | Zig:14   | Killed Jihomiry the pandemonium lord
 96352 | Zig:14   | Killed Goxzufea the pandemonium lord
 96352 | Zig:14   | Killed Facagat the pandemonium lord
 96352 | Zig:14   | Reached skill level 27 in Necromancy
 96353 | Zig:14   | Killed Dodyiph the pandemonium lord
 96354 | Zig:14   | Killed Ciywkom the pandemonium lord
 96354 | Zig:14   | Killed Onex the pandemonium lord
 96354 | Zig:14   | Killed Vamm the pandemonium lord
 96354 | Zig:14   | Killed Gagifoi the pandemonium lord
 96360 | Zig:14   | Killed Lasynef the pandemonium lord
 96360 | Zig:14   | Killed Hiseyhol the pandemonium lord
 96365 | Zig:14   | Killed Nejujuh the pandemonium lord
 96415 | Zig:14   | Identified the Volume of Execration and Fire
 96441 | Zig:15   | Entered Level 15 of a ziggurat
 96681 | Zig:15   | Got a vibrating wooden ring
 96682 | Zig:15   | Identified the ring "Izimn" {rN+ Str+2} (You found it on
                  | level 15 of a ziggurat)
 96715 | Zig:16   | Entered Level 16 of a ziggurat
 96718 | Zig:16   | Noticed Eluad the pandemonium lord
 96718 | Zig:16   | Noticed Jinudo the pandemonium lord
 96718 | Zig:16   | Noticed Jaoronur the pandemonium lord
 96718 | Zig:16   | Noticed Bojoddoe the pandemonium lord
 96718 | Zig:16   | Noticed Asodgha the pandemonium lord
 96718 | Zig:16   | Noticed Wupnei Irilo the pandemonium lord
 96718 | Zig:16   | Noticed Cig Cakh the pandemonium lord
 96718 | Zig:16   | Noticed Pephege the pandemonium lord
 96718 | Zig:16   | Noticed Agilasoq the pandemonium lord
 96718 | Zig:16   | Noticed Ishenyurr the pandemonium lord
 96718 | Zig:16   | Noticed Paajysk the pandemonium lord
 96718 | Zig:16   | Noticed Xuneo the pandemonium lord
 96718 | Zig:16   | Noticed Itaun the pandemonium lord
 96718 | Zig:16   | Noticed Nigewkol the pandemonium lord
 96718 | Zig:16   | Noticed Lamaotz the pandemonium lord
 96718 | Zig:16   | Noticed Zuredoil the pandemonium lord
 96718 | Zig:16   | Noticed Tixocsor the pandemonium lord
 96719 | Zig:16   | Noticed Wodit the pandemonium lord
 96720 | Zig:16   | Noticed Ziaryerhod the pandemonium lord
 96720 | Zig:16   | Killed Agilasoq the pandemonium lord
 96720 | Zig:16   | Killed Jinudo the pandemonium lord
 96720 | Zig:16   | Killed Jaoronur the pandemonium lord
 96720 | Zig:16   | Reached skill level 27 in Transmutations
 96720 | Zig:16   | Reached skill level 1 in Axes
 96720 | Zig:16   | Reached skill level 1 in Polearms
 96720 | Zig:16   | Killed Xuneo the pandemonium lord
 96720 | Zig:16   | Reached skill level 5 in Axes
 96720 | Zig:16   | Reached skill level 5 in Polearms
 96720 | Zig:16   | Noticed Zuamaabu the pandemonium lord
 96722 | Zig:16   | Noticed Mohe the pandemonium lord
 96723 | Zig:16   | Killed Nigewkol the pandemonium lord
 96723 | Zig:16   | Noticed Fuakyts the pandemonium lord
 96724 | Zig:16   | Noticed Moczocef the pandemonium lord
 96724 | Zig:16   | Noticed Sykeot Luaxt the pandemonium lord
 96724 | Zig:16   | Noticed Muoxauc the pandemonium lord
 96726 | Zig:16   | Killed Eluad the pandemonium lord
 96726 | Zig:16   | Killed Lamaotz the pandemonium lord
 96726 | Zig:16   | Killed Sykeot Luaxt the pandemonium lord
 96726 | Zig:16   | Killed Wodit the pandemonium lord
 96726 | Zig:16   | Reached skill level 10 in Axes
 96726 | Zig:16   | Reached skill level 10 in Polearms
 96726 | Zig:16   | Killed Bojoddoe the pandemonium lord
 96726 | Zig:16   | Killed Cig Cakh the pandemonium lord
 96726 | Zig:16   | Killed Itaun the pandemonium lord
 96726 | Zig:16   | Killed Asodgha the pandemonium lord
 96726 | Zig:16   | Killed Ziaryerhod the pandemonium lord
 96726 | Zig:16   | Killed Mohe the pandemonium lord
 96728 | Zig:16   | Killed Fuakyts the pandemonium lord
 96728 | Zig:16   | Reached skill level 1 in Short Blades
 96728 | Zig:16   | Reached skill level 1 in Long Blades
 96728 | Zig:16   | Reached skill level 1 in Bows
 96728 | Zig:16   | Reached skill level 1 in Unarmed Combat
 96728 | Zig:16   | Killed Zuredoil the pandemonium lord
 96729 | Zig:16   | Killed Ishenyurr the pandemonium lord
 96732 | Zig:16   | Killed Tixocsor the pandemonium lord
 96733 | Zig:16   | Killed Moczocef the pandemonium lord
 96739 | Zig:16   | Killed Wupnei Irilo the pandemonium lord
 96739 | Zig:16   | Reached skill level 5 in Long Blades
 96739 | Zig:16   | Reached skill level 5 in Bows
 96739 | Zig:16   | Reached skill level 5 in Unarmed Combat
 96739 | Zig:16   | Killed Zuamaabu the pandemonium lord
 96739 | Zig:16   | Reached skill level 5 in Short Blades
 96740 | Zig:16   | Killed Muoxauc the pandemonium lord
 96741 | Zig:16   | Killed Pephege the pandemonium lord
 96741 | Zig:16   | Killed Paajysk the pandemonium lord
 96921 | Zig:16   | Got a sparkling pewter ring
 96922 | Zig:16   | Identified the ring of the Median {rC+ MR- Int+2 Stlth+}
                  | (You found it on level 16 of a ziggurat)
 96926 | Zig:16   | Identified the Reference Book on Dislocation and Attacks
 96956 | Zig:17   | Entered Level 17 of a ziggurat
 96963 | Zig:17   | Reached skill level 10 in Bows
 96963 | Zig:17   | Reached skill level 10 in Unarmed Combat
 96964 | Zig:17   | Reached skill level 10 in Long Blades
 96964 | Zig:17   | Reached skill level 10 in Short Blades
 96968 | Zig:17   | Noticed Inobb the pandemonium lord
 96971 | Zig:17   | Killed Inobb the pandemonium lord
 97077 | Zig:17   | Identified the Tome of Lethal Orientation
 97113 | Zig:18   | Entered Level 18 of a ziggurat
 97127 | Zig:18   | Reached skill level 15 in Unarmed Combat
 97127 | Zig:18   | Reached skill level 15 in Long Blades
 97130 | Zig:18   | Found the +4 robe of Augmentation {Str+4 Int+4 Dex+4}
 97163 | Zig:18   | Identified the Tome of Cankerous Augmentations
 97192 | Zig:18   | Got a translucent copper ring
 97194 | Zig:18   | Identified the ring of Adorch {Fire rN+ Str+2} (You found
                  | it on level 18 of a ziggurat)
 97203 | Zig:18   | Identified the Catalogue of Frigorific Necromancy
 97222 | Zig:18   | Identified Lippogigh's Tome of Glacial Ignition
 97236 | Zig:19   | Entered Level 19 of a ziggurat
 97252 | Zig:19   | Identified Sif Muna's Grimoire of Twisted Black Secrets
 97305 | Zig:19   | Identified the Grimoire of Moulding
 97472 | Zig:20   | Entered Level 20 of a ziggurat
 97485 | Zig:20   | Found the +8 lance "Wyrmbane" {slay drac, rPois rF+ rC+
                  | AC+3}
 97487 | Zig:20   | Found the ring of the Octopus King
 97487 | Zig:20   | Found the +8 glaive of the Guard {elec, +Rage AC+5 SInv}
 97585 | Zig:20   | Got a vibrating glass ring
 97586 | Zig:20   | Identified the cursed ring of Age Nyig {EV-3 Str+2} (You
                  | found it on level 20 of a ziggurat)
 97592 | Zig:20   | Got a ring of the Octopus King
 97625 | Zig:21   | Entered Level 21 of a ziggurat
 97675 | Zig:21   | Reached skill level 15 in Polearms
 97751 | Zig:21   | Found the +8 trident of the Octopus King {venom, rElec
                  | rPois MR+}
 97767 | Zig:21   | Identified Begey's Further Steps in Thaumaturgy
 97793 | Zig:21   | Got a crude amber ring
 97794 | Zig:21   | Identified the ring "Wull" {MR+ Str+2 SInv} (You found it
                  | on level 21 of a ziggurat)
 97799 | Zig:21   | Identified Kihexoy's Volume of Calling and Execration
 97809 | Zig:21   | Got a transparent pewter ring
 97810 | Zig:21   | Identified the ring of Due Proportion {rN+ rCorr} (You
                  | found it on level 21 of a ziggurat)
 97833 | Zig:21   | Got a twitching lead ring
 97834 | Zig:21   | Identified the ring of Daycosah {MR++ Str-4 Stlth+} (You
                  | found it on level 21 of a ziggurat)
 97846 | Zig:22   | Entered Level 22 of a ziggurat
 97855 | Zig:22   | Noticed Mullor the pandemonium lord
 97857 | Zig:22   | Noticed Xeve Jaa the pandemonium lord
 97857 | Zig:22   | Noticed Vallus the pandemonium lord
 97857 | Zig:22   | Noticed Xiedy the pandemonium lord
 97857 | Zig:22   | Noticed Fumittiwn the pandemonium lord
 97857 | Zig:22   | Noticed Taurim the pandemonium lord
 97857 | Zig:22   | Noticed Girocyas the pandemonium lord
 97857 | Zig:22   | Noticed Guaph the pandemonium lord
 97857 | Zig:22   | Noticed Sunt the pandemonium lord
 97857 | Zig:22   | Noticed Inoz the pandemonium lord
 97857 | Zig:22   | Noticed Molennue the pandemonium lord
 97857 | Zig:22   | Noticed Bajuanoura the pandemonium lord
 97857 | Zig:22   | Noticed Zuor the pandemonium lord
 97857 | Zig:22   | Noticed Leopohug the pandemonium lord
 97857 | Zig:22   | Noticed Saucejao the pandemonium lord
 97857 | Zig:22   | Noticed Siuripna the pandemonium lord
 97857 | Zig:22   | Noticed Quttariff the pandemonium lord
 97857 | Zig:22   | Noticed Zieroi the pandemonium lord
 97857 | Zig:22   | Noticed Ochuts the pandemonium lord
 97857 | Zig:22   | Noticed Uheon the pandemonium lord
 97857 | Zig:22   | Noticed Qividech the pandemonium lord
 97857 | Zig:22   | Noticed Qouhaugi the pandemonium lord
 97857 | Zig:22   | Noticed Keepinko the pandemonium lord
 97857 | Zig:22   | Noticed Hezeth the pandemonium lord
 97857 | Zig:22   | Noticed Xestaddo the pandemonium lord
 97857 | Zig:22   | Noticed Mac Vonyuke the pandemonium lord
 97857 | Zig:22   | Noticed Lyluif the pandemonium lord
 97857 | Zig:22   | Noticed Siblerr the pandemonium lord
 97857 | Zig:22   | Noticed Iliexufi the pandemonium lord
 97857 | Zig:22   | Noticed Jasucig the pandemonium lord
 97857 | Zig:22   | Noticed Sukis the pandemonium lord
 97857 | Zig:22   | Noticed Ohow the pandemonium lord
 97857 | Zig:22   | Noticed Wiwys the pandemonium lord
 97857 | Zig:22   | Noticed Qugar the pandemonium lord
 97857 | Zig:22   | Noticed Yfeewn the pandemonium lord
 97857 | Zig:22   | Noticed Waeg Ju Veoq the pandemonium lord
 97857 | Zig:22   | Noticed Saybbud the pandemonium lord
 97857 | Zig:22   | Noticed Yckutar the pandemonium lord
 97857 | Zig:22   | Noticed Xasche Jisma the pandemonium lord
 97858 | Zig:22   | Found the +9 staff of Olgreb {rPois∞}
 97858 | Zig:22   | Found the +7 Kryia's mail coat {PotionHeal*2 rC+}
 97858 | Zig:22   | Killed Ochuts the pandemonium lord
 97858 | Zig:22   | Killed Sunt the pandemonium lord
 97858 | Zig:22   | Killed Zuor the pandemonium lord
 97858 | Zig:22   | Killed Jasucig the pandemonium lord
 97858 | Zig:22   | Killed Siblerr the pandemonium lord
 97858 | Zig:22   | Killed Siuripna the pandemonium lord
 97858 | Zig:22   | Killed Iliexufi the pandemonium lord
 97858 | Zig:22   | Killed Xasche Jisma the pandemonium lord
 97859 | Zig:22   | Noticed Ylickuq the pandemonium lord
 97859 | Zig:22   | Noticed Uddozeo the pandemonium lord
 97859 | Zig:22   | Noticed Yfose the pandemonium lord
 97859 | Zig:22   | Noticed Kiddicae the pandemonium lord
 97859 | Zig:22   | Noticed Nullyga the pandemonium lord
 97859 | Zig:22   | Noticed Utsasett the pandemonium lord
 97860 | Zig:22   | Noticed Nourphogua the pandemonium lord
 97860 | Zig:22   | Noticed Qaomukico the pandemonium lord
 97861 | Zig:22   | Noticed Puatwec the pandemonium lord
 97861 | Zig:22   | Killed Xiedy the pandemonium lord
 97861 | Zig:22   | Killed Molennue the pandemonium lord
 97861 | Zig:22   | Killed Leopohug the pandemonium lord
 97861 | Zig:22   | Killed Wiwys the pandemonium lord
 97861 | Zig:22   | Killed Mac Vonyuke the pandemonium lord
 97861 | Zig:22   | Killed Fumittiwn the pandemonium lord
 97861 | Zig:22   | Killed Uheon the pandemonium lord
 97861 | Zig:22   | Killed Inoz the pandemonium lord
 97861 | Zig:22   | Killed Bajuanoura the pandemonium lord
 97861 | Zig:22   | Killed Guaph the pandemonium lord
 97861 | Zig:22   | Killed Qividech the pandemonium lord
 97861 | Zig:22   | Killed Vallus the pandemonium lord
 97861 | Zig:22   | Killed Uddozeo the pandemonium lord
 97861 | Zig:22   | Killed Xeve Jaa the pandemonium lord
 97861 | Zig:22   | Killed Quttariff the pandemonium lord
 97861 | Zig:22   | Killed Yfeewn the pandemonium lord
 97861 | Zig:22   | Reached skill level 27 in Unarmed Combat
 97861 | Zig:22   | Killed Qouhaugi the pandemonium lord
 97861 | Zig:22   | Killed Yckutar the pandemonium lord
 97861 | Zig:22   | Killed Qugar the pandemonium lord
 97861 | Zig:22   | Killed Mullor the pandemonium lord
 97862 | Zig:22   | Killed Ohow the pandemonium lord
 97865 | Zig:22   | Noticed Ivvyutod the pandemonium lord
 97870 | Zig:22   | Killed Keepinko the pandemonium lord
 97872 | Zig:22   | Killed Lyluif the pandemonium lord
 97873 | Zig:22   | Killed Qaomukico the pandemonium lord
 97873 | Zig:22   | Killed Kiddicae the pandemonium lord
 97873 | Zig:22   | Killed Ylickuq the pandemonium lord
 97873 | Zig:22   | Killed Taurim the pandemonium lord
 97874 | Zig:22   | Killed Puatwec the pandemonium lord
 97874 | Zig:22   | Killed Girocyas the pandemonium lord
 97882 | Zig:22   | Killed Hezeth the pandemonium lord
 97884 | Zig:23   | Entered Level 23 of a ziggurat
 98251 | Zig:23   | Gained mutation: Your spells are a little easier to cast,
                  | but a little less powerful. [a shining eye]
 98308 | Zig:23   | Lost mutation: Your spells are a little easier to cast, but
                  | a little less powerful. [potion of mutation]
 98308 | Zig:23   | Lost mutation: Your muscles are strong. (Str +2) [potion of
                  | mutation]
 98308 | Zig:23   | Lost mutation: You can translocate small distances at will.
                  | [potion of mutation]
 98308 | Zig:23   | Lost mutation: You are partially covered in icy blue
                  | scales. (AC +2) [potion of mutation]
 98308 | Zig:23   | Gained mutation: You are weak. (Str -2) [potion of
                  | mutation]
 98308 | Zig:23   | Gained mutation: You are agile. (Dex +2) [potion of
                  | mutation]
 98309 | Zig:23   | Lost mutation: You are agile. (Dex +2) [potion of mutation]
 98309 | Zig:23   | Lost mutation: You are weak. (Str -2) [potion of mutation]
 98309 | Zig:23   | Lost mutation: You are partially covered in molten scales.
                  | (AC +2) [potion of mutation]
 98309 | Zig:23   | Gained mutation: Your body sometimes deteriorates upon
                  | taking damage. [potion of mutation]
 98309 | Zig:23   | Gained mutation: Your spells are a little harder to cast,
                  | but a little more powerful. [potion of mutation]
 98309 | Zig:23   | Gained mutation: Your flesh is cold resistant. (rC+)
                  | [potion of mutation]
 98329 | Zig:23   | Identified the Guide on Talismans and Confrontation
 98352 | Zig:23   | Got a faintly glowing bone amulet
 98353 | Zig:23   | Identified the amulet of Vooteats {Gourm rPois Dex+4} (You
                  | found it on level 23 of a ziggurat)
 98361 | Zig:23   | Identified the Compendium of Unstable Poisoning
 98385 | Zig:23   | Got a scorched lead amulet
 98386 | Zig:23   | Identified the amulet of Attuped {Spirit Dex+4} (You found
                  | it on level 23 of a ziggurat)
 98391 | Zig:23   | Got a clouded bone ring
 98392 | Zig:23   | Identified the ring "Udarhol" {Fire *Slow +Inv Str+8} (You
                  | found it on level 23 of a ziggurat)
 98396 | Zig:24   | Entered Level 24 of a ziggurat
 98416 | Zig:24   | Reached skill level 27 in Polearms
 98417 | Zig:24   | Reached skill level 5 in Slings
 98418 | Zig:24   | Reached skill level 10 in Slings
 98518 | Zig:24   | Found the +9 sword of Zonguldrok {reap}
 98519 | Zig:24   | Found the +5 robe of Misfortune {*Contam Harm *Corrode
                  | *Drain *Slow EV+5}
 98540 | Zig:24   | Identified Isiciopn's Collected Works on Beguiling
 98550 | Zig:24   | Identified the Disquisition on Envenoming
 98558 | Zig:24   | Identified the Reference Book on the Mountains and Good
                  | Luck
 98570 | Zig:24   | Got a translucent ivory ring
 98571 | Zig:24   | Identified the ring of the Tortoise {rC+ rN+ Dex-2 Stlth+}
                  | (You found it on level 24 of a ziggurat)
 98576 | Zig:24   | Got a wavering golden ring
 98577 | Zig:24   | Identified the ring of Dishonour {*Contam rElec rPois rN+
                  | Slay+2} (You found it on level 24 of a ziggurat)
 98594 | Zig:24   | Got a shimmering iron ring
 98595 | Zig:24   | Identified the ring of Udemeiz {rN+ Int+3 Slay+5} (You
                  | found it on level 24 of a ziggurat)
 98599 | Zig:24   | Identified Sif Muna's Disquisition on Spatial Summoning
 98618 | Zig:25   | Entered Level 25 of a ziggurat
 98654 | Zig:25   | Identified the +1 helmet "Fangihur" {Str+3 Slay+2} (You
                  | found it on level 25 of a ziggurat)
 98709 | Zig:25   | Identified the Grimoire of Flying Ice
 98723 | Zig:25   | Identified the +1 pair of boots of Makhleb's Vengeance {rF-
                  | rCorr Int+4} (You found it on level 25 of a ziggurat)
 98727 | Zig:26   | Entered Level 26 of a ziggurat
 98731 | Zig:26   | Noticed a juggernaut
 98731 | Zig:26   | Noticed a juggernaut
 98733 | Zig:26   | Noticed a juggernaut
 98734 | Zig:26   | Noticed a juggernaut
 98736 | Zig:26   | Killed a juggernaut
 98736 | Zig:26   | Killed a juggernaut
 98736 | Zig:26   | Noticed a juggernaut
 98737 | Zig:26   | Killed a juggernaut
 98737 | Zig:26   | Noticed a juggernaut
 98738 | Zig:26   | Killed a juggernaut
 98738 | Zig:26   | Killed a juggernaut
 98738 | Zig:26   | Noticed a juggernaut
 98738 | Zig:26   | Noticed a juggernaut
 98739 | Zig:26   | Noticed a juggernaut
 98739 | Zig:26   | Noticed a juggernaut
 98740 | Zig:26   | Killed a juggernaut
 98740 | Zig:26   | Noticed a juggernaut
 98741 | Zig:26   | Killed a juggernaut
 98741 | Zig:26   | Killed a juggernaut
 98741 | Zig:26   | Killed a juggernaut
 98741 | Zig:26   | Killed a juggernaut
 98742 | Zig:26   | Noticed a juggernaut
 98742 | Zig:26   | Noticed a juggernaut
 98744 | Zig:26   | Killed a juggernaut
 98744 | Zig:26   | Killed a juggernaut
 98744 | Zig:26   | Noticed a juggernaut
 98745 | Zig:26   | Killed a juggernaut
 98746 | Zig:26   | Noticed a juggernaut
 98748 | Zig:26   | Killed a juggernaut
 98749 | Zig:26   | Killed a juggernaut
 98751 | Zig:26   | Noticed a juggernaut
 98758 | Zig:26   | Killed a juggernaut
 98795 | Zig:26   | Got a bound brass ring
 98796 | Zig:26   | Identified the ring of the Pharaoh's Fist {rN+ rCorr Str+3
                  | Int+3} (You found it on level 26 of a ziggurat)
 98818 | Zig:26   | Got a heavily runed emerald amulet
 98819 | Zig:26   | Identified the amulet "Dajiyx" {*Slow +Rage rC++ Dex+3}
                  | (You found it on level 26 of a ziggurat)
 98826 | Zig:26   | Got a pitted steel amulet
 98827 | Zig:26   | Identified the amulet "Cukkam" {rC++ Regen+ Str-3} (You
                  | found it on level 26 of a ziggurat)
 98840 | Zig:26   | Identified Sif Muna's Compendium of Transmigration and the
                  | Compass
 98856 | Zig:27   | Entered Level 27 of a ziggurat
 98872 | Zig:27   | Found the +2 robe of Vines {NoPotionHeal Regen+7}
 98922 | Zig:27   | Identified the Compendium of Necromancy and Air
 98923 | Zig:27   | Identified Sif Muna's Guide on Twisted Clay
 98939 | Zig:27   | Identified the -4 pair of gloves of Mumblety Peg {Slay+2}
                  | (You found it on level 27 of a ziggurat)
 99018 | D:15     | Upgraded the game from 0.25-a0-842-g81a31cfd23 to
                  | 0.25-a0-855-g681bda5bb4
 99255 | Tomb:1   | Entered Level 1 of the Tomb of the Ancients
 99527 | Tomb:1   | Noticed a greater mummy
 99537 | Tomb:1   | Killed a greater mummy
 99545 | Tomb:1   | Noticed a greater mummy
 99545 | Tomb:1   | Noticed a greater mummy
 99552 | Tomb:1   | Noticed a greater mummy
 99554 | Tomb:1   | Killed a greater mummy
 99555 | Tomb:1   | Killed a greater mummy
 99555 | Tomb:1   | Killed a greater mummy
 99588 | Tomb:1   | Noticed a greater mummy
 99589 | Tomb:1   | Noticed a greater mummy
 99597 | Tomb:1   | Noticed a greater mummy
 99599 | Tomb:1   | Killed a greater mummy
 99600 | Tomb:1   | Killed a greater mummy
 99600 | Tomb:1   | Killed a greater mummy
 99612 | Tomb:1   | Noticed a greater mummy
 99612 | Tomb:1   | Noticed a greater mummy
 99613 | Tomb:1   | Noticed a greater mummy
 99618 | Tomb:1   | Noticed a greater mummy
 99619 | Tomb:1   | Killed a greater mummy
 99620 | Tomb:1   | Killed a greater mummy
 99620 | Tomb:1   | Killed a greater mummy
 99807 | Tomb:1   | Noticed a greater mummy
 99808 | Tomb:1   | Noticed a greater mummy
 99828 | Tomb:1   | Killed a greater mummy
 99831 | Tomb:1   | Killed a greater mummy
 99866 | Tomb:1   | Noticed a greater mummy
 99869 | Tomb:1   | Killed a greater mummy
100014 | Tomb:1   | Noticed a greater mummy
100015 | Tomb:1   | Killed a greater mummy
100016 | Tomb:1   | Noticed a greater mummy
100017 | Tomb:1   | Killed a greater mummy
100042 | Tomb:1   | Noticed a greater mummy
100054 | Tomb:1   | Killed a greater mummy
100102 | Tomb:1   | Noticed a greater mummy
100103 | Tomb:1   | Noticed a greater mummy
100107 | Tomb:1   | Killed a greater mummy
100107 | Tomb:1   | Killed a greater mummy
100108 | Tomb:1   | Killed a greater mummy
100139 | Tomb:1   | Noticed a greater mummy
100143 | Tomb:1   | Noticed a greater mummy
100152 | Tomb:1   | Killed a greater mummy
100153 | Tomb:1   | Killed a greater mummy
100170 | Tomb:1   | Noticed a greater mummy
100180 | Tomb:1   | Noticed a greater mummy
100181 | Tomb:1   | Killed a greater mummy
100213 | Tomb:1   | Killed a greater mummy
100216 | Tomb:1   | Noticed a greater mummy
100225 | Tomb:1   | Killed a greater mummy
100339 | Tomb:1   | Noticed a greater mummy
100347 | Tomb:1   | Killed a greater mummy
100761 | Tomb:2   | Noticed a greater mummy
100761 | Tomb:2   | Noticed a greater mummy
100765 | Tomb:2   | Noticed a greater mummy
100766 | Tomb:2   | Killed a greater mummy
100766 | Tomb:2   | Killed a greater mummy
100777 | Tomb:2   | Killed a greater mummy
100778 | Tomb:2   | Noticed a greater mummy
100778 | Tomb:2   | Noticed a greater mummy
100782 | Tomb:2   | Killed a greater mummy
100782 | Tomb:2   | Killed a greater mummy
101442 | Tomb:3   | Entered Level 3 of the Tomb of the Ancients
101451 | Tomb:3   | Found the +27 Lear's hauberk
101459 | Tomb:3   | Noticed a greater mummy
101464 | Tomb:3   | Killed a greater mummy
101466 | Tomb:3   | Noticed a greater mummy
101469 | Tomb:3   | Killed a greater mummy
101471 | Tomb:3   | Noticed an ancient lich
101473 | Tomb:3   | Killed an ancient lich
101483 | Tomb:3   | Noticed a greater mummy
101486 | Tomb:3   | Killed a greater mummy
101539 | Tomb:3   | Found the +0 staff of Battle
101589 | Tomb:3   | Noticed a greater mummy
101592 | Tomb:3   | Noticed a greater mummy
101595 | Tomb:3   | Killed a greater mummy
101596 | Tomb:3   | Killed a greater mummy
101603 | Tomb:3   | Noticed a greater mummy
101605 | Tomb:3   | Noticed a greater mummy
101610 | Tomb:3   | Killed a greater mummy
101611 | Tomb:3   | Noticed a greater mummy
101612 | Tomb:3   | Killed a greater mummy
101613 | Tomb:3   | Killed a greater mummy
101615 | Tomb:3   | Got a golden rune of Zot
102025 | Tomb:3   | Got a translucent jade ring
102026 | Tomb:3   | Identified the ring "Gorit" {rN+ Str+7 Int+2} (You found it
                  | on level 3 of the Tomb of the Ancients)
102131 | Tomb:3   | Got a slimy bone ring
102132 | Tomb:3   | Identified the ring of Ukkaogad {rF+ rN+ MR- Int+5} (You
                  | found it on level 3 of the Tomb of the Ancients)
102136 | Tomb:3   | Got a flickering lapis lazuli ring
102137 | Tomb:3   | Identified the ring of Fallacy {MR+ Stlth-} (You found it
                  | on level 3 of the Tomb of the Ancients)
102559 | Zig:1    | Entered Level 1 of a ziggurat
102570 | Zig:2    | Entered Level 2 of a ziggurat
102749 | Zig:3    | Entered Level 3 of a ziggurat
102906 | Zig:4    | Entered Level 4 of a ziggurat
102906 | Zig:4    | Noticed Ophoebot the pandemonium lord
102906 | Zig:4    | Noticed Janadavi the pandemonium lord
102906 | Zig:4    | Noticed Pirghime the pandemonium lord
102906 | Zig:4    | Noticed Fyoh the pandemonium lord
102907 | Zig:4    | Killed Ophoebot the pandemonium lord
102909 | Zig:4    | Killed Pirghime the pandemonium lord
102909 | Zig:4    | Killed Fyoh the pandemonium lord
102913 | Zig:4    | Killed Janadavi the pandemonium lord
103082 | Zig:5    | Entered Level 5 of a ziggurat
103084 | Zig:5    | Found the +8 longbow "Zephyr" {speed, Dex+3 SInv}
103092 | Zig:5    | Identified the +1 helmet of Agnosticism {+Inv rC- Str+4
                  | Dex+6} (You found it on level 5 of a ziggurat)
103115 | Zig:5    | Identified the +2 pair of boots "Ytiykh" {Int+2 Dex+5} (You
                  | found it on level 5 of a ziggurat)
103123 | Zig:6    | Entered Level 6 of a ziggurat
103175 | Zig:6    | Identified the Incunabulum of the Escort and Weightlessness
103196 | Zig:7    | Entered Level 7 of a ziggurat
103333 | Zig:8    | Entered Level 8 of a ziggurat
103506 | Zig:9    | Entered Level 9 of a ziggurat
103549 | Zig:9    | Identified the Handbook of Dark Battle Magic
103576 | Zig:9    | Identified the Tome of Scorching Summoning
103658 | Zig:10   | Entered Level 10 of a ziggurat
103663 | Zig:10   | Noticed an ancient lich
103664 | Zig:10   | Noticed an ancient lich
103664 | Zig:10   | Noticed an ancient lich
103664 | Zig:10   | Noticed an ancient lich
103665 | Zig:10   | Noticed an ancient lich
103665 | Zig:10   | Killed an ancient lich
103666 | Zig:10   | Killed an ancient lich
103666 | Zig:10   | Killed an ancient lich
103666 | Zig:10   | Killed an ancient lich
103666 | Zig:10   | Killed an ancient lich
103666 | Zig:10   | Noticed an ancient lich
103666 | Zig:10   | Noticed an ancient lich
103667 | Zig:10   | Killed an ancient lich
103667 | Zig:10   | Noticed an ancient lich
103668 | Zig:10   | Noticed an ancient lich
103669 | Zig:10   | Killed an ancient lich
103669 | Zig:10   | Killed an ancient lich
103673 | Zig:10   | Killed an ancient lich
103703 | Zig:10   | Identified Sif Muna's Papyrus of Flight and Snow
103718 | Zig:10   | Identified the Collected Works on Bewitching Flames
103721 | Zig:10   | Got an ancient jade ring
103723 | Zig:10   | Got a translucent lapis lazuli ring
103726 | Zig:10   | Identified the ring "Ero Umm" {rPois rF++ MR++ Dex+4} (You
                  | found it on level 10 of a ziggurat)
103728 | Zig:10   | Identified the ring of Vyohupraysch {+Blink rPois rF+ MR-
                  | Str+5} (You found it on level 10 of a ziggurat)
103734 | Zig:10   | Got a fine bone ring
103735 | Zig:10   | Identified the ring "Reol" {rF+ SInv Stlth+} (You found it
                  | on level 10 of a ziggurat)
103743 | Zig:11   | Entered Level 11 of a ziggurat
103930 | Zig:12   | Entered Level 12 of a ziggurat
103935 | Zig:12   | Noticed a greater mummy
103935 | Zig:12   | Noticed a greater mummy
103936 | Zig:12   | Reached skill level 27 in Long Blades
103936 | Zig:12   | Noticed a greater mummy
103937 | Zig:12   | Noticed a greater mummy
103939 | Zig:12   | Noticed a greater mummy
103939 | Zig:12   | Noticed a greater mummy
103940 | Zig:12   | Killed a greater mummy
103940 | Zig:12   | Killed a greater mummy
103940 | Zig:12   | Noticed a greater mummy
103940 | Zig:12   | Noticed a greater mummy
103941 | Zig:12   | Killed a greater mummy
103941 | Zig:12   | Killed a greater mummy
103942 | Zig:12   | Killed a greater mummy
103942 | Zig:12   | Killed a greater mummy
103942 | Zig:12   | Killed a greater mummy
103942 | Zig:12   | Noticed a greater mummy
103943 | Zig:12   | Killed a greater mummy
103944 | Zig:12   | Noticed a greater mummy
103946 | Zig:12   | Killed a greater mummy
103946 | Zig:12   | Killed a greater mummy
103949 | Zig:12   | Noticed a greater mummy
103951 | Zig:12   | Killed a greater mummy
104136 | Zig:12   | Got a vibrating lapis lazuli ring
104137 | Zig:12   | Identified the ring "Sutit" {rPois rC+ Int+3} (You found it
                  | on level 12 of a ziggurat)
104150 | Zig:12   | Got a pitted iron ring
104154 | Zig:12   | Identified the ring "Laimese" {Fire Str+2 Slay+2 Stlth+}
                  | (You found it on level 12 of a ziggurat)
104167 | Zig:12   | Reached skill level 27 in Short Blades
104172 | Zig:13   | Entered Level 13 of a ziggurat
104182 | Zig:13   | Noticed an ancient lich
104182 | Zig:13   | Noticed an ancient lich
104182 | Zig:13   | Noticed an ancient lich
104182 | Zig:13   | Noticed an ancient lich
104182 | Zig:13   | Noticed an ancient lich
104182 | Zig:13   | Noticed an ancient lich
104182 | Zig:13   | Noticed an ancient lich
104183 | Zig:13   | Killed an ancient lich
104183 | Zig:13   | Killed an ancient lich
104184 | Zig:13   | Killed an ancient lich
104184 | Zig:13   | Killed an ancient lich
104184 | Zig:13   | Killed an ancient lich
104184 | Zig:13   | Killed an ancient lich
104184 | Zig:13   | Killed an ancient lich
104268 | Zig:13   | Got a smoking marble ring
104276 | Zig:14   | Entered Level 14 of a ziggurat
104347 | Zig:14   | Got a scorched ivory amulet
104350 | Zig:14   | Identified the amulet of the Equinox {Spirit +Inv MR+
                  | Str+2} (You found it on level 14 of a ziggurat)
104352 | Zig:14   | Identified the ring "Inuf" {Fire rPois Str+4 Int+3 Slay+3}
                  | (You found it on level 13 of a ziggurat)
104358 | Zig:14   | Got a slimy steel ring
104359 | Zig:14   | Identified the ring of Vufeupurom {MR+ Int+2} (You found it
                  | on level 14 of a ziggurat)
104459 | Zig:15   | Entered Level 15 of a ziggurat
104470 | Zig:15   | Found the ring of the Octopus King
104474 | Zig:15   | Found the +2 hood of the Assassin {Detection Stab+ Stlth++}
104500 | Zig:15   | Got a ring of the Octopus King
104504 | Zig:15   | Identified the Papyrus of Flamy Weightlessness
104717 | Zig:16   | Entered Level 16 of a ziggurat
104724 | Zig:16   | Noticed Saonuxt's ghost (legendary DsFi)
104726 | Zig:16   | Noticed Cearuunk's ghost (legendary DsFi)
104726 | Zig:16   | Noticed Rucih's ghost (legendary DsFi)
104726 | Zig:16   | Noticed Umoqal's ghost (legendary DEEE)
104726 | Zig:16   | Noticed Muffal's ghost (legendary FoFi)
104726 | Zig:16   | Noticed Ygonacw's ghost (legendary GrEE)
104726 | Zig:16   | Noticed Umoqal's ghost (legendary DEEE)
104726 | Zig:16   | Noticed Ereufydu's ghost (legendary VSGl)
104726 | Zig:16   | Noticed Gyofeun's ghost (legendary FoFi)
104726 | Zig:16   | Noticed Rotwopom's ghost (legendary NaVM)
104726 | Zig:16   | Noticed Cearuunk's ghost (legendary DsFi)
104726 | Zig:16   | Noticed Tieschogg's ghost (legendary DsFi)
104726 | Zig:16   | Noticed Tieschogg's ghost (legendary DsFi)
104726 | Zig:16   | Noticed Ereufydu's ghost (legendary VSGl)
104726 | Zig:16   | Noticed Garop's ghost (legendary DDFi)
104726 | Zig:16   | Noticed Icuofef's ghost (veteran SpEn)
104726 | Zig:16   | Noticed Ihoic's ghost (legendary SpEn)
104726 | Zig:16   | Noticed Tieschogg's ghost (legendary DsFi)
104726 | Zig:16   | Noticed Erhaimih's ghost (legendary DDNe)
104726 | Zig:16   | Noticed Ygonacw's ghost (legendary GrEE)
104726 | Zig:16   | Noticed Gyofeun's ghost (legendary FoFi)
104726 | Zig:16   | Noticed Ihoic's ghost (legendary SpEn)
104726 | Zig:16   | Noticed Omodibba's ghost (veteran BaHu)
104726 | Zig:16   | Noticed Xiorchab's ghost (legendary VSFi)
104726 | Zig:16   | Noticed Rotwopom's ghost (legendary NaVM)
104727 | Zig:16   | Killed Icuofef's ghost
104727 | Zig:16   | Noticed Omodibba's ghost (veteran BaHu)
104727 | Zig:16   | Noticed Ihoic's ghost (legendary SpEn)
104731 | Zig:16   | Killed Ihoic's ghost
104731 | Zig:16   | Killed Ihoic's ghost
104733 | Zig:16   | Killed Xootouk's ghost
104733 | Zig:16   | Killed Omodibba's ghost
104734 | Zig:16   | Noticed Saonuxt's ghost (legendary DsFi)
104737 | Zig:16   | Noticed Xiorchab's ghost (legendary VSFi)
104738 | Zig:16   | Killed Ihoic's ghost
104738 | Zig:16   | Killed Umoqal's ghost
104738 | Zig:16   | Killed Ygonacw's ghost
104739 | Zig:16   | Killed Umoqal's ghost
104739 | Zig:16   | Killed Xiorchab's ghost
104739 | Zig:16   | Killed Cearuunk's ghost
104740 | Zig:16   | Killed Ygonacw's ghost
104740 | Zig:16   | Killed Tieschogg's ghost
104740 | Zig:16   | Killed Cearuunk's ghost
104740 | Zig:16   | Killed Ereufydu's ghost
104740 | Zig:16   | Killed Omodibba's ghost
104741 | Zig:16   | Killed Muffal's ghost
104741 | Zig:16   | Killed Tieschogg's ghost
104741 | Zig:16   | Killed Tieschogg's ghost
104741 | Zig:16   | Killed Gyofeun's ghost
104741 | Zig:16   | Killed Saonuxt's ghost
104741 | Zig:16   | Killed Garop's ghost
104741 | Zig:16   | Killed Ereufydu's ghost
104742 | Zig:16   | Killed Saonuxt's ghost
104742 | Zig:16   | Killed Gyofeun's ghost
104743 | Zig:16   | Killed Rotwopom's ghost
104743 | Zig:16   | Killed Xiorchab's ghost
104743 | Zig:16   | Killed Rucih's ghost
104746 | Zig:16   | Killed Erhaimih's ghost
104749 | Zig:16   | Killed Rotwopom's ghost
104765 | Zig:16   | Gained mutation: You are dopey. (Int -2) [mutagenic glow]
104987 | Zig:16   | Lost mutation: You are dopey. (Int -2) [potion of mutation]
104987 | Zig:16   | Lost mutation: Your spells are a little harder to cast, but
                  | a little more powerful. [potion of mutation]
104987 | Zig:16   | Lost mutation: Your body sometimes deteriorates upon taking
                  | damage. [potion of mutation]
104987 | Zig:16   | Lost mutation: Your flesh is cold resistant. (rC+) [potion
                  | of mutation]
104987 | Zig:16   | Gained mutation: You have a pair of small antennae on your
                  | head. [potion of mutation]
104987 | Zig:16   | Gained mutation: You occasionally shout uncontrollably at
                  | your foes. [potion of mutation]
104987 | Zig:16   | Gained mutation: You evolve. [potion of mutation]
104987 | Zig:16   | Gained mutation: You have large cloven feet. [potion of
                  | mutation]
104988 | Zig:16   | Lost mutation: You have a pair of small antennae on your
                  | head. [potion of mutation]
104988 | Zig:16   | Lost mutation: You occasionally shout uncontrollably at
                  | your foes. [potion of mutation]
104988 | Zig:16   | Lost mutation: You evolve. [potion of mutation]
104988 | Zig:16   | Lost mutation: You have large cloven feet. [potion of
                  | mutation]
104988 | Zig:16   | Gained mutation: You tend to lose your temper in combat.
                  | [potion of mutation]
104988 | Zig:16   | Gained mutation: Potions are less effective at restoring
                  | your health. [potion of mutation]
104988 | Zig:16   | Gained mutation: You are robust. (+10% HP) [potion of
                  | mutation]
104988 | Zig:16   | Lost mutation: You tend to lose your temper in combat.
                  | [potion of mutation]
104989 | Zig:16   | Lost mutation: You are robust. (+10% HP) [potion of
                  | mutation]
104989 | Zig:16   | Lost mutation: Potions are less effective at restoring your
                  | health. [potion of mutation]
104989 | Zig:16   | Gained mutation: Your body sometimes deteriorates upon
                  | taking damage. [potion of mutation]
104989 | Zig:16   | Gained mutation: Your magical capacity is low. (-10% MP)
                  | [potion of mutation]
104989 | Zig:16   | Gained mutation: Your spells are a little harder to cast,
                  | but a little more powerful. [potion of mutation]
104990 | Zig:16   | Lost mutation: Your spells are a little harder to cast, but
                  | a little more powerful. [potion of mutation]
104990 | Zig:16   | Lost mutation: Your body sometimes deteriorates upon taking
                  | damage. [potion of mutation]
104990 | Zig:16   | Lost mutation: Your magical capacity is low. (-10% MP)
                  | [potion of mutation]
104990 | Zig:16   | Gained mutation: You evolve. [potion of mutation]
104990 | Zig:16   | Gained mutation: You are partially covered in large bone
                  | plates. (SH +4) [potion of mutation]
104990 | Zig:16   | Gained mutation: You are partially covered in icy blue
                  | scales. (AC +2) [potion of mutation]
104990 | Zig:16   | Gained mutation: You are resistant to hostile enchantments.
                  | (MR+) [potion of mutation]
105037 | Zig:16   | Got a glittering platinum ring
105064 | Zig:16   | Identified Sif Muna's Catalogue of the Ashen Escort
105075 | Zig:17   | Entered Level 17 of a ziggurat
105309 | Zig:17   | Identified the Handbook of Bewitching Protection
105315 | Zig:17   | Identified the Papyrus of the Lucky Escort
105330 | Zig:18   | Entered Level 18 of a ziggurat
105337 | Zig:18   | Noticed Ereufydu's ghost (legendary VSGl)
105340 | Zig:18   | Noticed Erhaimih's ghost (legendary DDNe)
105341 | Zig:18   | Noticed Ereufydu's ghost (legendary VSGl)
105341 | Zig:18   | Noticed Icuofef's ghost (veteran SpEn)
105341 | Zig:18   | Noticed Xekher's ghost (legendary GnEn)
105341 | Zig:18   | Noticed Xust's ghost (legendary MiFi)
105341 | Zig:18   | Noticed Qumaaz's ghost (legendary HuIE)
105341 | Zig:18   | Noticed Tieschogg's ghost (legendary DsFi)
105341 | Zig:18   | Noticed Muffal's ghost (legendary FoFi)
105341 | Zig:18   | Noticed Xootouk's ghost (master SpEn)
105341 | Zig:18   | Noticed Umoqal's ghost (legendary DEEE)
105341 | Zig:18   | Noticed Ygonacw's ghost (legendary GrEE)
105341 | Zig:18   | Noticed Xekher's ghost (legendary GnEn)
105341 | Zig:18   | Noticed Xekher's ghost (legendary GnEn)
105341 | Zig:18   | Noticed Saonuxt's ghost (legendary DsFi)
105341 | Zig:18   | Noticed Rucih's ghost (legendary DsFi)
105341 | Zig:18   | Noticed Ihoic's ghost (legendary SpEn)
105341 | Zig:18   | Noticed Ihoic's ghost (legendary SpEn)
105341 | Zig:18   | Noticed Saonuxt's ghost (legendary DsFi)
105341 | Zig:18   | Noticed Xootouk's ghost (master SpEn)
105341 | Zig:18   | Noticed Erhaimih's ghost (legendary DDNe)
105341 | Zig:18   | Noticed Icuofef's ghost (veteran SpEn)
105342 | Zig:18   | Noticed Garop's ghost (legendary DDFi)
105342 | Zig:18   | Killed Xootouk's ghost
105342 | Zig:18   | Killed Xootouk's ghost
105342 | Zig:18   | Noticed Erhaimih's ghost (legendary DDNe)
105344 | Zig:18   | Noticed Ygonacw's ghost (legendary GrEE)
105346 | Zig:18   | Killed Ihoic's ghost
105346 | Zig:18   | Killed Ihoic's ghost
105346 | Zig:18   | Killed Icuofef's ghost
105346 | Zig:18   | Killed Icuofef's ghost
105346 | Zig:18   | Noticed Rotwopom's ghost (legendary NaVM)
105347 | Zig:18   | Killed Umoqal's ghost
105347 | Zig:18   | Noticed Xootouk's ghost (master SpEn)
105347 | Zig:18   | Noticed Xootouk's ghost (master SpEn)
105347 | Zig:18   | Noticed Erhaimih's ghost (legendary DDNe)
105349 | Zig:18   | Killed Tieschogg's ghost
105349 | Zig:18   | Killed Ygonacw's ghost
105349 | Zig:18   | Killed Xekher's ghost
105349 | Zig:18   | Killed Saonuxt's ghost
105349 | Zig:18   | Noticed Tieschogg's ghost (legendary DsFi)
105349 | Zig:18   | Noticed Ihoic's ghost (legendary SpEn)
105349 | Zig:18   | Noticed Icuofef's ghost (veteran SpEn)
105349 | Zig:18   | Noticed Xust's ghost (legendary MiFi)
105350 | Zig:18   | Killed Ereufydu's ghost
105351 | Zig:18   | Killed Xekher's ghost
105351 | Zig:18   | Killed Qumaaz's ghost
105351 | Zig:18   | Killed Xekher's ghost
105351 | Zig:18   | Killed Saonuxt's ghost
105351 | Zig:18   | Killed Ereufydu's ghost
105351 | Zig:18   | Killed Ygonacw's ghost
105351 | Zig:18   | Killed Xust's ghost
105352 | Zig:18   | Killed Xootouk's ghost
105353 | Zig:18   | Noticed Xootouk's ghost (master SpEn)
105355 | Zig:18   | Killed Erhaimih's ghost
105355 | Zig:18   | Killed Xootouk's ghost
105355 | Zig:18   | Killed Garop's ghost
105356 | Zig:18   | Noticed Garop's ghost (legendary DDFi)
105356 | Zig:18   | Killed Muffal's ghost
105356 | Zig:18   | Killed Ihoic's ghost
105356 | Zig:18   | Killed Icuofef's ghost
105358 | Zig:18   | Killed Xootouk's ghost
105358 | Zig:18   | Killed Erhaimih's ghost
105359 | Zig:18   | Killed Tieschogg's ghost
105360 | Zig:18   | Killed Erhaimih's ghost
105363 | Zig:18   | Killed Erhaimih's ghost
105364 | Zig:18   | Killed Rotwopom's ghost
105365 | Zig:18   | Killed Xust's ghost
105367 | Zig:18   | Killed Rucih's ghost
105662 | Zig:18   | Got a transparent turquoise ring
105663 | Zig:18   | Identified the ring "Vunlu" {*Tele rF- rC+ Str+4} (You
                  | found it on level 16 of a ziggurat)
105665 | Zig:18   | Identified the ring "Qeatsuhe" {+Fly Str+5 Int+2 Slay+3}
                  | (You found it on level 18 of a ziggurat)
105669 | Zig:18   | Got a flickering platinum amulet
105670 | Zig:18   | Identified the amulet of Cowardice {Spirit rElec rC++ rN+
                  | Dex-3} (You found it on level 18 of a ziggurat)
105697 | Zig:19   | Entered Level 19 of a ziggurat
105710 | Zig:19   | Noticed an ancient lich
105710 | Zig:19   | Noticed an ancient lich
105710 | Zig:19   | Noticed an ancient lich
105710 | Zig:19   | Noticed an ancient lich
105710 | Zig:19   | Noticed an ancient lich
105710 | Zig:19   | Noticed an ancient lich
105711 | Zig:19   | Found the +3 sling "Punk" {acid, rCorr}
105711 | Zig:19   | Noticed an ancient lich
105711 | Zig:19   | Noticed an ancient lich
105711 | Zig:19   | Killed an ancient lich
105711 | Zig:19   | Killed an ancient lich
105711 | Zig:19   | Noticed an ancient lich
105712 | Zig:19   | Killed an ancient lich
105712 | Zig:19   | Killed an ancient lich
105712 | Zig:19   | Killed an ancient lich
105712 | Zig:19   | Killed an ancient lich
105712 | Zig:19   | Killed an ancient lich
105713 | Zig:19   | Killed an ancient lich
105713 | Zig:19   | Killed an ancient lich
105713 | Zig:19   | Noticed an ancient lich
105714 | Zig:19   | Noticed an ancient lich
105715 | Zig:19   | Noticed an ancient lich
105715 | Zig:19   | Killed an ancient lich
105715 | Zig:19   | Noticed an ancient lich
105716 | Zig:19   | Killed an ancient lich
105716 | Zig:19   | Killed an ancient lich
105719 | Zig:19   | Killed an ancient lich
105874 | Zig:19   | Identified the Tome of Enchantment
105902 | Zig:20   | Entered Level 20 of a ziggurat
105911 | Zig:20   | Noticed Unezogou the pandemonium lord
105912 | Zig:20   | Noticed Kavvyplu the pandemonium lord
105913 | Zig:20   | Noticed Ihuses the pandemonium lord
105913 | Zig:20   | Noticed Tovef the pandemonium lord
105913 | Zig:20   | Noticed Gous the pandemonium lord
105913 | Zig:20   | Noticed Kurocois the pandemonium lord
105913 | Zig:20   | Noticed Yroajink the pandemonium lord
105913 | Zig:20   | Noticed Soewna the pandemonium lord
105913 | Zig:20   | Noticed Imung the pandemonium lord
105913 | Zig:20   | Noticed Rurur the pandemonium lord
105914 | Zig:20   | Noticed Tougiuc the pandemonium lord
105914 | Zig:20   | Noticed Ariam the pandemonium lord
105915 | Zig:20   | Noticed Dulaeh the pandemonium lord
105916 | Zig:20   | Killed Kurocois the pandemonium lord
105931 | Zig:20   | Killed Ariam the pandemonium lord
105935 | Zig:20   | Noticed Rentyt the pandemonium lord
105936 | Zig:20   | Noticed Qaunepho the pandemonium lord
105937 | Zig:20   | Noticed Ograrim Moh the pandemonium lord
105938 | Zig:20   | Noticed Satusy the pandemonium lord
105939 | Zig:20   | Noticed Fydeugh the pandemonium lord
105940 | Zig:20   | Killed Soewna the pandemonium lord
105941 | Zig:20   | Noticed Wuilaoss the pandemonium lord
105941 | Zig:20   | Noticed Pucleq the pandemonium lord
105942 | Zig:20   | Noticed Wuorroestra the pandemonium lord
105942 | Zig:20   | Noticed Fetu Hos the pandemonium lord
105942 | Zig:20   | Noticed Giotz the pandemonium lord
105942 | Zig:20   | Noticed Fuast the pandemonium lord
105942 | Zig:20   | Noticed Naram the pandemonium lord
105942 | Zig:20   | Noticed Qifagax the pandemonium lord
105942 | Zig:20   | Noticed Sameniom the pandemonium lord
105954 | Zig:20   | Noticed Rumoze the pandemonium lord
105955 | Zig:20   | Noticed Cozoset the pandemonium lord
105955 | Zig:20   | Noticed Iziyne the pandemonium lord
105956 | Zig:20   | Noticed Faeshin the pandemonium lord
105956 | Zig:20   | Noticed Zimnim Luni the pandemonium lord
105956 | Zig:20   | Noticed Ucily the pandemonium lord
105956 | Zig:20   | Noticed Beddaibb the pandemonium lord
105956 | Zig:20   | Noticed Waafoass the pandemonium lord
105956 | Zig:20   | Noticed Ponkig the pandemonium lord
105956 | Zig:20   | Noticed Iluphuh the pandemonium lord
105956 | Zig:20   | Noticed Dogeza the pandemonium lord
105956 | Zig:20   | Noticed Ofrun the pandemonium lord
105956 | Zig:20   | Noticed Qoprethi the pandemonium lord
105957 | Zig:20   | Found the ring of the Octopus King
105957 | Zig:20   | Noticed Qihicwev the pandemonium lord
105959 | Zig:20   | Gained mutation: You tend to lose your temper in combat.
                  | [mutagenic glow]
105967 | D:15     | Killed Ponkig the pandemonium lord
106154 | Zig:1    | Entered Level 1 of a ziggurat
106154 | Zig:1    | Noticed Imeidgh the pandemonium lord
106157 | Zig:1    | Killed Imeidgh the pandemonium lord
106164 | Zig:1    | Gained mutation: You have a pair of small horns on your
                  | head. [evolution]
106166 | Zig:1    | Lost mutation: You have a pair of small horns on your head.
                  | [potion of mutation]
106166 | Zig:1    | Lost mutation: You are partially covered in large bone
                  | plates. (SH +4) [potion of mutation]
106166 | Zig:1    | Gained mutation: You often lose your temper in combat.
                  | [potion of mutation]
106166 | Zig:1    | Gained mutation: You are partially covered in iridescent
                  | scales. (AC +2) [potion of mutation]
106166 | Zig:1    | Gained mutation: Your body sometimes deteriorates upon
                  | taking damage. [potion of mutation]
106166 | Zig:1    | Gained mutation: You are partially covered in large bone
                  | plates. (SH +4) [potion of mutation]
106167 | Zig:1    | Lost mutation: You are partially covered in icy blue
                  | scales. (AC +2) [potion of mutation]
106167 | Zig:1    | Lost mutation: You are partially covered in iridescent
                  | scales. (AC +2) [potion of mutation]
106167 | Zig:1    | Lost mutation: Your body sometimes deteriorates upon taking
                  | damage. [potion of mutation]
106167 | Zig:1    | Lost mutation: You often lose your temper in combat.
                  | [potion of mutation]
106167 | Zig:1    | Lost mutation: You are partially covered in large bone
                  | plates. (SH +4) [potion of mutation]
106167 | Zig:1    | Gained mutation: You are robust. (+10% HP) [potion of
                  | mutation]
106168 | Zig:1    | Lost mutation: You are resistant to hostile enchantments.
                  | (MR+) [potion of mutation]
106168 | Zig:1    | Lost mutation: You evolve. [potion of mutation]
106168 | Zig:1    | Gained mutation: You can translocate small distances at
                  | will. [potion of mutation]
106168 | Zig:1    | Gained mutation: You expend magic power (3 MP) to
                  | strengthen your wands. [potion of mutation]
106169 | Zig:1    | Lost mutation: You expend magic power (3 MP) to strengthen
                  | your wands. [potion of mutation]
106169 | Zig:1    | Gained mutation: You are dopey. (Int -2) [potion of
                  | mutation]
106169 | Zig:1    | Lost mutation: You are dopey. (Int -2) [potion of mutation]
106169 | Zig:1    | Gained mutation: You are resistant to hostile enchantments.
                  | (MR+) [potion of mutation]
106170 | Zig:1    | Lost mutation: You can translocate small distances at will.
                  | [potion of mutation]
106170 | Zig:1    | Lost mutation: You are resistant to hostile enchantments.
                  | (MR+) [potion of mutation]
106170 | Zig:1    | Gained mutation: You are agile. (Dex +2) [potion of
                  | mutation]
106170 | Zig:1    | Gained mutation: Your muscles are strong. (Str +2) [potion
                  | of mutation]
106171 | Zig:1    | Lost mutation: You tend to lose your temper in combat.
                  | [potion of mutation]
106171 | Zig:1    | Lost mutation: You are robust. (+10% HP) [potion of
                  | mutation]
106171 | Zig:1    | Lost mutation: You are agile. (Dex +2) [potion of mutation]
106171 | Zig:1    | Lost mutation: Your muscles are strong. (Str +2) [potion of
                  | mutation]
106171 | Zig:1    | Gained mutation: Your skin changes colour to match your
                  | surroundings (Stealth+). [potion of mutation]
106171 | Zig:1    | Gained mutation: Your mind is acute. (Int +2) [potion of
                  | mutation]
106211 | Zig:1    | Lost mutation: Your mind is acute. (Int +2) [potion of
                  | mutation]
106211 | Zig:1    | Lost mutation: Your skin changes colour to match your
                  | surroundings (Stealth+). [potion of mutation]
106211 | Zig:1    | Gained mutation: Potions are less effective at restoring
                  | your health. [potion of mutation]
106211 | Zig:1    | Gained mutation: You are dopey. (Int -2) [potion of
                  | mutation]
106211 | Zig:1    | Gained mutation: You can translocate small distances at
                  | will. [potion of mutation]
106212 | Zig:1    | Lost mutation: Potions are less effective at restoring your
                  | health. [potion of mutation]
106212 | Zig:1    | Lost mutation: You are dopey. (Int -2) [potion of mutation]
106212 | Zig:1    | Gained mutation: You have large cloven feet. [potion of
                  | mutation]
106212 | Zig:1    | Gained mutation: You have a pair of small horns on your
                  | head. [potion of mutation]
106212 | Zig:1    | Gained mutation: Your flesh is cold resistant. (rC+)
                  | [potion of mutation]
106212 | Zig:1    | Gained mutation: Your muscles are strong. (Str +2) [potion
                  | of mutation]
106215 | Zig:2    | Entered Level 2 of a ziggurat
106383 | Zig:3    | Entered Level 3 of a ziggurat
106383 | Zig:3    | Noticed an ancient lich
106383 | Zig:3    | Noticed an ancient lich
106385 | Zig:3    | Killed an ancient lich
106385 | Zig:3    | Killed an ancient lich
106392 | Zig:3    | Identified The Second Course in Thaumaturgy
106397 | Zig:4    | Entered Level 4 of a ziggurat
106410 | Zig:4    | Identified the ring "Jimiw" {Fire Dex+6} (You acquired it
                  | on level 4 of a ziggurat)
106416 | Zig:5    | Entered Level 5 of a ziggurat
106558 | Zig:5    | Identified the Collected Works on Ensnaring Dislocation
106570 | Zig:6    | Entered Level 6 of a ziggurat
106570 | Zig:6    | Noticed a greater mummy
106570 | Zig:6    | Noticed a greater mummy
106570 | Zig:6    | Noticed a greater mummy
106570 | Zig:6    | Noticed a greater mummy
106572 | Zig:6    | Killed a greater mummy
106572 | Zig:6    | Noticed a greater mummy
106573 | Zig:6    | Killed a greater mummy
106573 | Zig:6    | Killed a greater mummy
106573 | Zig:6    | Killed a greater mummy
106573 | Zig:6    | Killed a greater mummy
106573 | Zig:6    | Noticed a greater mummy
106574 | Zig:6    | Noticed a greater mummy
106575 | Zig:6    | Killed a greater mummy
106578 | Zig:6    | Killed a greater mummy
106595 | Zig:6    | Found the ring of the Octopus King
106754 | Zig:7    | Entered Level 7 of a ziggurat
106755 | Zig:7    | Noticed Cunan the pandemonium lord
106755 | Zig:7    | Noticed Seemuf the pandemonium lord
106756 | Zig:7    | Noticed Rogaqa Juymn the pandemonium lord
106757 | Zig:7    | Noticed Plog the pandemonium lord
106757 | Zig:7    | Noticed Ruetauh the pandemonium lord
106757 | Zig:7    | Noticed Fastredasch the pandemonium lord
106757 | Zig:7    | Noticed Nuamy the pandemonium lord
106758 | Zig:7    | Killed Cunan the pandemonium lord
106764 | Zig:7    | Killed Plog the pandemonium lord
106764 | Zig:7    | Killed Nuamy the pandemonium lord
106765 | Zig:7    | Killed Seemuf the pandemonium lord
106765 | Zig:7    | Killed Rogaqa Juymn the pandemonium lord
106768 | Zig:7    | Killed Ruetauh the pandemonium lord
106769 | Zig:7    | Killed Fastredasch the pandemonium lord
106826 | Zig:7    | Got a translucent tin amulet
106827 | Zig:7    | Identified the amulet "Kobledd" {Inacc rC+ Str+4} (You
                  | found it on level 7 of a ziggurat)
106835 | Zig:7    | Identified the Catalogue of Virous Air
106842 | Zig:8    | Entered Level 8 of a ziggurat
106923 | Zig:8    | Identified the Disquisition on Dislocated Aid
106950 | Zig:9    | Entered Level 9 of a ziggurat
107026 | Zig:10   | Entered Level 10 of a ziggurat
107068 | Zig:10   | Identified the Volume of the Excruciating Birds
107106 | Zig:10   | Got a scintillating wooden ring
107107 | Zig:10   | Identified the ring of Pejarai {Wiz *Corrode rElec Str+4}
                  | (You found it on level 10 of a ziggurat)
107114 | Zig:11   | Entered Level 11 of a ziggurat
107424 | Zig:12   | Entered Level 12 of a ziggurat
107430 | Zig:12   | Cast into level 3 of the Abyss (reaper)
107448 | Abyss:3  | Found a runed translucent gate.
107448 | Abyss:3  | Found a runed translucent gate.
107450 | Abyss:3  | Found a runed translucent gate.
107498 | Zig:12   | Escaped the Abyss
107498 | Zig:12   | Found the +2 cloak of the Thief {+Fog Slay-2 SInv Stlth+}
107625 | Zig:12   | Identified the Catalogue of Shape Shifting and Arcane
                  | Weapons
107637 | Zig:12   | Identified the Almanac of Hexes
107696 | Zig:13   | Entered Level 13 of a ziggurat
107701 | Zig:13   | Noticed an ancient lich
107701 | Zig:13   | Noticed an ancient lich
107703 | Zig:13   | Noticed an ancient lich
107703 | Zig:13   | Noticed an ancient lich
107703 | Zig:13   | Noticed an ancient lich
107704 | Zig:13   | Killed an ancient lich
107704 | Zig:13   | Killed an ancient lich
107705 | Zig:13   | Killed an ancient lich
107705 | Zig:13   | Killed an ancient lich
107707 | Zig:13   | Killed an ancient lich
107708 | Zig:13   | Noticed an ancient lich
107710 | Zig:13   | Killed an ancient lich
107713 | Zig:13   | Noticed an ancient lich
107715 | Zig:13   | Killed an ancient lich
107715 | Zig:13   | Noticed an ancient lich
107716 | Zig:13   | Killed an ancient lich
107727 | Zig:13   | Found the +15 Maxwell's patent armour {-Cast -Tele rElec
                  | MR+ rCorr}
107756 | Zig:13   | Got a crude brass ring
107757 | Zig:13   | Identified the ring "Gedghiuc" {Str+4 Stlth-} (You found it
                  | on level 13 of a ziggurat)
107764 | Zig:13   | Identified Haluuca's Catalogue of Protection
107869 | Zig:14   | Entered Level 14 of a ziggurat
107876 | Zig:14   | Noticed a juggernaut
107877 | Zig:14   | Noticed a juggernaut
107877 | Zig:14   | Noticed a juggernaut
107879 | Zig:14   | Noticed a juggernaut
107880 | Zig:14   | Killed a juggernaut
107880 | Zig:14   | Killed a juggernaut
107880 | Zig:14   | Killed a juggernaut
107881 | Zig:14   | Killed a juggernaut
107881 | Zig:14   | Noticed a juggernaut
107882 | Zig:14   | Noticed a juggernaut
107882 | Zig:14   | Noticed a juggernaut
107884 | Zig:14   | Killed a juggernaut
107884 | Zig:14   | Killed a juggernaut
107885 | Zig:14   | Killed a juggernaut
107932 | Zig:14   | Got a brightly glowing steel ring
107933 | Zig:14   | Identified the ring "Cimobla" {*Tele rF+ MR+} (You found it
                  | on level 14 of a ziggurat)
107956 | Zig:14   | Got a transparent tin ring
107957 | Zig:14   | Identified the ring "Neptym" {*Slow rF+++ Int+3 Dex+5} (You
                  | found it on level 14 of a ziggurat)
107971 | Zig:15   | Entered Level 15 of a ziggurat
107982 | Zig:15   | Found the ring of the Octopus King
107982 | Zig:15   | Noticed Gipnumok the pandemonium lord
107991 | Zig:15   | Killed Gipnumok the pandemonium lord
108204 | Zig:15   | Identified Sif Muna's Handbook of the Arsonist and Cold
108208 | Zig:15   | Got a slimy lapis lazuli ring
108209 | Zig:15   | Identified the ring of Midwinter {MR+++ EV+5 Str+4 Stlth-}
                  | (You found it on level 15 of a ziggurat)
108249 | Zig:15   | Got a wavering wooden ring
108250 | Zig:15   | Identified the ring of Incredulity {MR+ Int+3 Slay+2
                  | Stlth-} (You found it on level 15 of a ziggurat)
108266 | Zig:16   | Entered Level 16 of a ziggurat
108315 | Zig:16   | Got a heavily runed jade amulet
108317 | Zig:16   | Identified the amulet of Sovereignty {Faith Dex+4} (You
                  | found it on level 16 of a ziggurat)
108331 | Zig:16   | Identified the Almanac of Freezing Flight
108339 | Zig:16   | Identified the Guide on the Aerial Glacier
108343 | Zig:16   | Got a steaming golden amulet
108344 | Zig:16   | Identified the amulet of Byaw {RegenMP Int+4} (You found it
                  | on level 16 of a ziggurat)
108350 | Zig:16   | Got a glittering jade ring
108351 | Zig:16   | Identified the ring of Divine Compulsion {rElec EV+1} (You
                  | found it on level 16 of a ziggurat)
108356 | Zig:17   | Entered Level 17 of a ziggurat
108423 | Zig:17   | Got a warped lead ring
108424 | Zig:17   | Identified the ring "Foycwoasee" {rPois rN+ MR+} (You found
                  | it on level 17 of a ziggurat)
108433 | Zig:17   | Identified the +3 pair of boots of Vemes {rPois Regen+
                  | Str+6 Int-5} (You found it on level 17 of a ziggurat)
108443 | Zig:17   | Identified Nokaoseu's Grimoire of Transmigration
108444 | Zig:17   | Identified the Handbook of Freezing Boosts
108552 | Zig:17   | Reached skill level 27 in Axes
108552 | Zig:17   | Reached skill level 27 in Bows
108552 | Zig:17   | Reached skill level 27 in Hexes
108552 | Zig:17   | Reached skill level 27 in Summonings
108554 | Zig:18   | Entered Level 18 of a ziggurat
108570 | Zig:18   | Noticed Jubeoth the pandemonium lord
108579 | Zig:19   | Entered Level 19 of a ziggurat
108590 | Zig:19   | Noticed an ancient lich
108596 | Zig:20   | Entered Level 20 of a ziggurat
108613 | Zig:20   | Noticed Guczioho the pandemonium lord
108616 | Zig:20   | Killed Guczioho the pandemonium lord
108616 | Zig:20   | Noticed Wyups the pandemonium lord
108616 | Zig:20   | Noticed Oheut the pandemonium lord
108616 | Zig:20   | Noticed Holos the pandemonium lord
108616 | Zig:20   | Noticed Fenavaz the pandemonium lord
108618 | Zig:20   | Noticed Jaac the pandemonium lord
108619 | Zig:20   | Noticed Erasaos the pandemonium lord
108619 | Zig:20   | Noticed Daidof the pandemonium lord
108619 | Zig:20   | Noticed Jiskoch the pandemonium lord
108619 | Zig:20   | Noticed Hifiqiu the pandemonium lord
108619 | Zig:20   | Noticed Yxyijyos the pandemonium lord
108619 | Zig:20   | Noticed Roakhlom the pandemonium lord
108619 | Zig:20   | Noticed Letoduj the pandemonium lord
108619 | Zig:20   | Noticed Koaczeng the pandemonium lord
108619 | Zig:20   | Noticed Wotithyp the pandemonium lord
108619 | Zig:20   | Noticed Quaciax the pandemonium lord
108620 | Zig:20   | Noticed Soonoble the pandemonium lord
108620 | Zig:20   | Noticed Jikougoc the pandemonium lord
108620 | Zig:20   | Noticed Ideuzxap the pandemonium lord
108620 | Zig:20   | Noticed Juxzet the pandemonium lord
108621 | Zig:20   | Noticed Quippeh the pandemonium lord
108622 | Zig:20   | Noticed Zyxzibry the pandemonium lord
108622 | Zig:20   | Noticed Uboteck the pandemonium lord
108622 | Zig:20   | Noticed Cyito the pandemonium lord
108622 | Zig:20   | Noticed Budit the pandemonium lord
108622 | Zig:20   | Noticed Buifeonk the pandemonium lord
108622 | Zig:20   | Noticed Kudghitz the pandemonium lord
108623 | Zig:20   | Noticed Atatiny the pandemonium lord
108623 | Zig:20   | Killed Roakhlom the pandemonium lord
108623 | Zig:20   | Noticed Kihuhow the pandemonium lord
108623 | Zig:20   | Noticed Qaiwun the pandemonium lord
108626 | Zig:20   | Killed Jikougoc the pandemonium lord
108626 | Zig:20   | Killed Daidof the pandemonium lord
108626 | Zig:20   | Killed Fenavaz the pandemonium lord
108626 | Zig:20   | Noticed Irewuoca the pandemonium lord
108627 | Zig:20   | Noticed Kedeschiy the pandemonium lord
108627 | Zig:20   | Killed Erasaos the pandemonium lord
108627 | Zig:20   | Killed Juxzet the pandemonium lord
108627 | Zig:20   | Killed Qaiwun the pandemonium lord
108627 | Zig:20   | Killed Yxyijyos the pandemonium lord
108627 | Zig:20   | Killed Jiskoch the pandemonium lord
108627 | Zig:20   | Killed Holos the pandemonium lord
108627 | Zig:20   | Killed Quaciax the pandemonium lord
108627 | Zig:20   | Killed Ideuzxap the pandemonium lord
108627 | Zig:20   | Noticed Jadghez the pandemonium lord
108628 | Zig:20   | Noticed Tasm the pandemonium lord
108628 | Zig:20   | Noticed Yckygyl the pandemonium lord
108628 | Zig:20   | Noticed Lusis the pandemonium lord
108628 | Zig:20   | Noticed Zenav the pandemonium lord
108628 | Zig:20   | Noticed Qita the pandemonium lord
108628 | Zig:20   | Noticed Plog the pandemonium lord
108628 | Zig:20   | Noticed Uplarghoi the pandemonium lord
108629 | Zig:20   | Killed Kudghitz the pandemonium lord
108629 | Zig:20   | Killed Budit the pandemonium lord
108629 | Zig:20   | Killed Uboteck the pandemonium lord
108629 | Zig:20   | Killed Jaac the pandemonium lord
108630 | Zig:20   | Killed Wyups the pandemonium lord
108630 | Zig:20   | Killed Kedeschiy the pandemonium lord
108630 | Zig:20   | Killed Kihuhow the pandemonium lord
108630 | Zig:20   | Noticed Soloxtae the pandemonium lord
108630 | Zig:20   | Noticed Gumueru the pandemonium lord
108630 | Zig:20   | Noticed Fuzevi the pandemonium lord
108630 | Zig:20   | Noticed Teukh the pandemonium lord
108631 | Zig:20   | Noticed Wohe the pandemonium lord
108632 | Zig:20   | Killed Atatiny the pandemonium lord
108632 | Zig:20   | Killed Quippeh the pandemonium lord
108632 | Zig:20   | Killed Letoduj the pandemonium lord
108632 | Zig:20   | Killed Hifiqiu the pandemonium lord
108632 | Zig:20   | Noticed Nyushrau the pandemonium lord
108632 | Zig:20   | Noticed Paneod the pandemonium lord
108633 | Zig:20   | Noticed Inurphela the pandemonium lord
108633 | Zig:20   | Killed Zyxzibry the pandemonium lord
108633 | Zig:20   | Killed Soonoble the pandemonium lord
108633 | Zig:20   | Killed Wotithyp the pandemonium lord
108633 | Zig:20   | Killed Cyito the pandemonium lord
108633 | Zig:20   | Noticed Niomut the pandemonium lord
108634 | Zig:20   | Killed Lusis the pandemonium lord
108634 | Zig:20   | Killed Irewuoca the pandemonium lord
108634 | Zig:20   | Noticed Jearghiwa the pandemonium lord
108635 | Zig:20   | Killed Tasm the pandemonium lord
108636 | Zig:20   | Killed Plog the pandemonium lord
108636 | Zig:20   | Killed Oheut the pandemonium lord
108639 | Zig:20   | Noticed Taiwkahi the pandemonium lord
108640 | Zig:20   | Noticed Taesakom the pandemonium lord
108642 | Zig:20   | Killed Yckygyl the pandemonium lord
108642 | Zig:20   | Noticed Ryismeosh the pandemonium lord
108646 | Zig:20   | Slain by Koaczeng the pandemonium lord

Levels and vault maps discovered:
D:1:      ebering_trefoil_twist, layout_basic
D:2:      layout_loops_corners
D:3:      layout_loops_cross, item_on_display_a, uniq_natasha
D:4:      layout_loops_cross, enter_ossuary_1, first_ration
D:5:      layout_basic, overflow_temple_1_default, tgw_sif, marbit_many_paths,
          serial_shops, shop
D:6:      layout_gridville, temple_fountains, minmay_misc_feat_four_crosses,
          uniq_grinder, uniq_blork_the_orc
D:7:      layout_rooms, uniq_joseph
D:8:      layout_rooms, lemuel_doored_altar, kennysheep_mini,
          nicolae_dithmenos_the_darkroom
D:9:      layout_basic, uniq_maurice, uniq_erolcha
D:10:     layout_irregular_city, grunt_pizzeria
D:11:     layout_irregular_city, lair_entry_dummy, orc_0_dummy,
          david_defended_altar_orc, uniq_harold, uniq_snorg, uniq_josephine
D:12:     layout_basic, gammafunk_ghost_mausoleum
D:13:     minmay_shoctagon, layout_long_grid, st_stairs_4, uniq_kirke
D:14:     layout_loops_cross, erik_vaults_2, serial_park_avenue1,
          elyvilon_altar_3
D:15:     grunt_enter_depths_giant_problem, layout_stronghold, basic_altar,
          roderic_filled_cross, minmay_guarded_unrand_variability, uniq_louise
Temple:   regret_index_temple_sphere_string
Lair:1:   wad_woods_minihive, layout_regular_city, serial_forest,
          infiniplex_forest_zigzag_1, infiniplex_forest_lined_corner,
          infiniplex_forest_end_2, infiniplex_forest_diagonal,
          infiniplex_forest_clump_C, minmay_stone_trees_small,
          grunt_megastairs_5
Lair:2:   layout_regular_city, swamp_mist_pool, nicolae_volcano_entry_batcave
Lair:3:   layout_gridlike, ebering_ghost_rock_garden, serial_bayou_pond_e
Lair:4:   layout_roguey, spider_nest_entry_web_field
Lair:5:   layout_roguey, minmay_slime_entry_pillars, wad_woods_road_03,
          beast_lair_carwin_10, lemuel_fruit_tree, lemuel_fruit_fields,
          uniq_rupert
Lair:6:   minmay_lair_end_enchanted_forest, layout_concentric_octagons,
          basic_altar, gammafunk_ghost_ooze
Swamp:1:  layout_falls_marsh, evilmike_swamp_ruin_rubble_2
Swamp:2:  layout_basic_swamp, serial_swamp_ruin, evilmike_swamp_ruin_house_2,
          evilmike_swamp_ruin_house_4, infiniplex_staircase_pool
Swamp:3:  layout_basic_swamp, evilmike_swamp_ruin_house_6, swamp_pool5,
          hangedman_swamp_lotus
Swamp:4:  swamp_fiery, layout_basic_swamp, swamp_pool2
Spider:1: layout_spider_delve, drop_trap, nicolae_spider_webbed_stairs
Spider:2: layout_spider_delve
Spider:3: layout_spider_delve
Spider:4: spider_rune_water
Slime:1:  nicolae_slime_pool, layout_caves
Slime:2:  layout_caves, cheibrodos_slime_lost_civilization_5
Slime:3:  layout_caves
Slime:4:  layout_caves
Slime:5
Orc:1:    layout_caves, basic_altar, bloody_trog, uniq_sonja
Orc:2:    st_orc_pillars, layout_diamond_mine, mines_bat_river
Elf:1:    minmay_elf_arrival_summoners, layout_onion_city, serial_shops,
          nicolae_shop_statue_plus, orc_legates
Elf:2:    layout_geoelf_octagon, basic_altar,
          minmay_checkered_concentric_circles
Elf:3:    elf_hall, layout_loops_cross, uniq_asterion, uniq_donald
Vaults:1: vaults_dpeg_spiral, hangedman_vaults_unwind, v_misc_33,
          v_alt_pattern_2, vaults_room_ringed_pool, v_pattern_5, sword_in_stone,
          grunt_vaults_diagonal, ontoclasm_vaults_loading_screen,
          layout_vaults_ring, serial_shops, nicolae_shop_trees
Vaults:2: v_misc_4, v_rooms_6, nicolae_vaults_ring_of_whatevers,
          dpeg_vaults_monster_box, vaults_room_stairs_pillars, st_more_cells,
          vaults_dpeg_encased_lava, v_pattern_1, nicolae_vaults_specimen_jars,
          v_misc_8, layout_vaults_omnigrid, serial_shops, shop_statue
Vaults:3: v_alt_pattern_3, minmay_crypt_entry_necro_gods, grunt_vaults_focal,
          v_misc_4, ontoclasm_vaults_claustrophobia, v_misc_4,
          ontoclasm_vaults_gateway, hangedman_vaults_stagger,
          nicolae_vaults_little_squares_4, layout_vaults_big_room
Vaults:4: nicolae_vaults_octagons, grunt_vaults_funnel, v_alt_pattern_3,
          nicolae_vaults_network_quinsquares
          [nicolae_vaults_network_quincunx_subvault,
          nicolae_vaults_network_quincunx_subvault,
          nicolae_vaults_network_quincunx_subvault,
          nicolae_vaults_network_quincunx_subvault], ontoclasm_vaults_eye,
          vaults_dpeg_ring, vaults_mumra_hexcomb, nicolae_vaults_little_ls,
          grunt_vaults_trifunnel, nicolae_vaults_network_barrier,
          vaults_room_semicircle, vaults_room_pools, layout_vaults_big_cross
Vaults:5
Crypt:1:  layout_gridlike, st_stairs_8, minmay_guarded_unrand_skullcrusher,
          grunt_crypt_arrival_split
Crypt:2:  layout_chaotic_city
Crypt:3:  due_elkab, layout_chaotic_city, tomb_entry_shell_bobbens
Tomb:1
Tomb:2
Tomb:3
Depths:1: layout_honeycomb, fountainhead, pan_entry, grunt_hell_entry_dis_mu,
          skrybe_limestone_x, chequers_jeans, minivault_15,
          grunt_guarded_unrand_obsidian_axe
Depths:2: evilmike_diamond_2, layout_long_grid, hell_entry, serial_bayou_pond_d,
          rand_demon_pan_entry_4, abyss_entry_small_statue_room
Depths:3: minmay_gate_of_8, layout_basic, hell_entry, pan_entry,
          serial_bayou_lagoon_a, abyss_entry, hangedman_corner_corridor,
          uniq_enchantress, uniq_margery, uniq_xtahua
Depths:4: cheibrodos_lost_city_excavation, layout_basic, abyss_entry,
          grunt_hell_horde, kennysheep_generic_room_15, grunt_megastairs_3,
          minmay_staircase_bubble, minmay_shoptagon, serial_bayou_shore_b,
          serial_bayou_shore_b, firewood_loft
Depths:5: grunt_x_marks_the_spot, layout_cave_shapes, enter_ziggurat_e,
          hell_entry, minmay_misc_feat_pillars, nrook_mini_backslash,
          minmay_metal_thing, uniq_saint_roka
Zot:1:    layout_onion_interference, st_stairs_1
Zot:2:    layout_misc_corridors, st_stairs_13, hangedman_hellfire_club
Zot:3:    layout_onion
Zot:4:    layout_concentric_octagons
Zot:5:    layout_cathedral_of_symmetry, st_stairs_7
Zig:20:   ziggurat_pillar_centre_c, ziggurat_pillar_centre_c,
          ziggurat_pillar_centre_c, ziggurat_pillar_centre_c,
          ziggurat_pillar_centre_oklobs, ziggurat_pillar_centre_oklobs,
          ziggurat_pillar_centre_oklobs, ziggurat_pillar_centre_oklobs,
          ziggurat_pillar_d, ziggurat_pillar_d, ziggurat_pillar_d,
          ziggurat_pillar_d, ziggurat_pillar_centre_dead_trees,
          ziggurat_pillar_centre_dead_trees, ziggurat_pillar_centre_dead_trees,
          ziggurat_pillar_centre_dead_trees

Skill      XL: |  1  2  3  4  5  6  7  8  9 10 11 12 13 14 15 16 17 18 19 20 21 22 23 24 25 26 27 |
---------------+----------------------------------------------------------------------------------+-----
Earth Magic    | 4 5 6 7 8 9 10 11 12 13 14 15 16 17 19 21 23 27 | 27.0
Spellcasting   | 3 4 5 6 7 8 9 10 11 12 13 14 15 27 | 27.0
Conjurations   | 1 3 5 6 7 8 9 10 11 12 13 14 15 16 17 27 | 27.0
Armour         | 1 3 4 6 27 | 27.0
Fighting       | 1 3 4 6 7 8 9 10 11 12 13 14 15 17 27 | 27.0
Maces & Flails | 1 3 4 5 6 7 8 9 10 11 12 13 14 27 | 27.0
Dodging        | 2 3 4 5 6 7 8 9 10 11 12 13 27 | 27.0
Evocations     | 1 2 4 5 6 27 | 27.0
Fire Magic     | 5 7 9 11 12 15 16 17 18 19 27 | 27.0
Necromancy     | 27 | 27.0
Transmutations | 27 | 27.0
Ice Magic      | 27 | 27.0
Charms         | 27 | 27.0
Shields        | 27 | 27.0
Air Magic      | 27 | 27.0
Translocations | 27 | 27.0
Throwing       | 27 | 27.0
Stealth        | 27 | 27.0
Staves         | 27 | 27.0
Axes           | 27 | 27.0
Polearms       | 27 | 27.0
Short Blades   | 27 | 27.0
Long Blades    | 27 | 27.0
Bows           | 27 | 27.0
Unarmed Combat | 27 | 27.0
Slings         | 20 | 20.8
Crossbows      | 20 | 20.6
Hexes          | 27 | 27.0
Summonings     | 27 | 27.0
Poison Magic   | 23 | 23.5

Action                   |  1- 3 |  4- 6 |  7- 9 | 10-12 | 13-15 | 16-18 | 19-21 | 22-24 | 25-27 || total
-------------------------+-------+-------+-------+-------+-------+-------+-------+-------+-------++-------
Melee: Club              |    22 |       |       |       |       |       |       |       |       ||    22
       Unarmed           |     3 |       |       |       |     6 |       |       |       |       ||     9
       Dagger            |   101 |    25 |       |       |       |       |       |       |       ||   126
       Short sword       |       |   117 |   221 |   199 |       |       |       |       |       ||   537
       Kick              |       |     1 |    49 |    90 |   189 |    53 |       |       |       ||   382
       Morningstar       |       |       |       |   221 |    36 |       |       |       |       ||   257
       Rapier            |       |       |       |       |   905 |   388 |       |       |       ||  1293
       Eveningstar       |       |       |       |       |       |  1106 |   847 |   538 |  1661 ||  4152
       Staff             |       |       |       |       |       |       |       |       |  1506 ||  1506
       Headbutt          |       |       |       |       |       |       |       |       |    86 ||    86
       Lance             |       |       |       |       |       |       |       |       |    37 ||    37
Throw: Javelin           |       |     4 |       |       |       |       |       |       |     5 ||     9
       Throwing net      |       |       |       |       |       |     1 |     1 |       |       ||     2
 Cast: Sandblast         |    19 |    17 |    64 |   174 |   222 |   214 |    24 |     1 |       ||   735
       Stone Arrow       |       |     8 |     8 |    27 |    48 |    71 |     2 |    18 |     2 ||   184
       Lee's Rapid Decon |       |       |     7 |    48 |    44 |    56 |    69 |    22 |    37 ||   283
       Passwall          |       |       |       |       |     2 |       |       |       |       ||     2
       Fireball          |       |       |       |       |       |    58 |    30 |       |     2 ||    90
       Orb of Destructio |       |       |       |       |       |    42 |    42 |    33 |       ||   117
       Starburst         |       |       |       |       |       |    20 |     1 |       |       ||    21
       Bolt of Magma     |       |       |       |       |       |    15 |       |     2 |     3 ||    20
       Ignition          |       |       |       |       |       |    13 |    63 |    35 |   324 ||   435
       Shatter           |       |       |       |       |       |       |       |    26 |  1341 ||  1367
       Lehudib's Crystal |       |       |       |       |       |       |       |     4 |   231 ||   235
       Borgnjor's Vile C |       |       |       |       |       |       |       |     1 |       ||     1
       Fire Storm        |       |       |       |       |       |       |       |       |   233 ||   233
       Absolute Zero     |       |       |       |       |       |       |       |       |   197 ||   197
       Tornado           |       |       |       |       |       |       |       |       |    54 ||    54
       Necromutation     |       |       |       |       |       |       |       |       |    48 ||    48
       Controlled Blink  |       |       |       |       |       |       |       |       |    12 ||    12
       Death's Door      |       |       |       |       |       |       |       |       |    11 ||    11
 Abil: Fly               |       |       |       |       |     1 |       |       |       |     3 ||     4
       Evoke Invisibilit |       |       |       |       |       |     7 |     1 |       |    41 ||    49
       Stop Flying       |       |       |       |       |       |       |       |     1 |     3 ||     4
       End Transformatio |       |       |       |       |       |       |       |       |    22 ||    22
Evoke: Wand              |       |       |    21 |    14 |    13 |     4 |     2 |     6 |     3 ||    63
       Lightning rod     |       |       |       |       |     8 |    10 |       |       |       ||    18
       Figurine of a zig |       |       |       |       |       |       |       |       |     7 ||     7
       Box of beasts     |       |       |       |       |       |       |       |       |     1 ||     1
       Phial of floods   |       |       |       |       |       |       |       |       |     1 ||     1
       Phantom mirror    |       |       |       |       |       |       |       |       |     1 ||     1
  Use: Scroll            |       |    12 |     5 |    10 |     9 |    26 |     7 |    11 |   327 ||   407
       Potion            |       |     2 |     2 |     3 |     8 |    13 |     6 |    12 |   182 ||   228
 Stab: Sleeping          |     6 |     6 |     8 |     2 |     2 |     1 |     2 |       |    14 ||    41
       Distracted        |       |       |       |     1 |     3 |       |       |     1 |    21 ||    26
       Invisible         |       |       |       |       |     3 |    29 |       |       |    20 ||    52
       Petrified         |       |       |       |       |     1 |       |       |       |       ||     1
       Paralysed         |       |       |       |       |       |    12 |       |       |       ||    12
       Confused          |       |       |       |       |       |     1 |       |       |     1 ||     2
       Betrayed ally     |       |       |       |       |       |       |       |       |     1 ||     1
  Eat: Chunk             |     2 |     8 |    10 |    29 |    26 |    56 |    51 |     6 |    75 ||   263
       Ration            |       |       |     1 |     1 |     4 |    13 |     8 |    18 |    93 ||   138
Armor: Robe              |    47 |    50 |   119 |    33 |       |       |       |       |       ||   249
       Troll leather arm |       |       |       |   266 |   921 |  1785 |   490 |   480 |  3375 ||  7317
Dodge: Dodged            |    76 |    88 |   171 |   426 |  1199 |  2258 |   567 |   545 |  5779 || 11109
Block: Buckler           |       |       |       |       |       |       |       |       |  2095 ||  2095

Table legend:
 A = Non-vault XP
 B = Vault XP
 C = Vault XP percentage of total XP
 D = Non-vault monster count
 E = Vault monster count
 F = Vault count percentage of total count
                 A         B        C        D         E       F
            +---------+---------+-------+---------+---------+-------
      Total | 7989043 |  892864 |  10.1 |   16843 |    1453 |   7.9
            +---------+---------+-------+---------+---------+-------
        D:1 |      48 |       0 |   0.0 |      24 |       0 |   0.0
        D:2 |      70 |       0 |   0.0 |      22 |       0 |   0.0
        D:3 |     139 |      37 |  21.0 |      18 |       1 |   5.3
        D:4 |     550 |       0 |   0.0 |      21 |       0 |   0.0
        D:5 |     826 |      99 |  10.7 |      15 |       1 |   6.2
        D:6 |     426 |     300 |  41.3 |      16 |       1 |   5.9
        D:7 |    1761 |     460 |  20.7 |      34 |       1 |   2.9
        D:8 |    1160 |       0 |   0.0 |      25 |       0 |   0.0
        D:9 |    1118 |    1512 |  57.5 |      17 |       2 |  10.5
       D:10 |    1695 |     224 |  11.7 |      14 |       1 |   6.7
       D:11 |    6131 |    4112 |  40.1 |      40 |      10 |  20.0
       D:12 |    9067 |    4731 |  34.3 |      52 |       9 |  14.8
       D:13 |    7897 |    7685 |  49.3 |      33 |      13 |  28.3
       D:14 |    8829 |    7894 |  47.2 |      21 |       8 |  27.6
       D:15 |   18320 |    3844 |  17.3 |      68 |       4 |   5.6
     Lair:1 |    2778 |    6242 |  69.2 |      14 |      62 |  81.6
     Lair:2 |    2517 |     594 |  19.1 |      14 |       3 |  17.6
     Lair:3 |    5426 |       0 |   0.0 |      30 |       0 |   0.0
     Lair:4 |    7333 |       0 |   0.0 |      22 |       0 |   0.0
     Lair:5 |    8400 |    8086 |  49.0 |      21 |      16 |  43.2
     Lair:6 |   12035 |    8414 |  41.1 |      35 |      49 |  58.3
    Swamp:1 |   16963 |       0 |   0.0 |      30 |       0 |   0.0
    Swamp:2 |   14601 |       0 |   0.0 |      34 |       0 |   0.0
    Swamp:3 |   12514 |    1501 |  10.7 |      29 |       4 |  12.1
    Swamp:4 |   13112 |   15169 |  53.6 |      26 |      27 |  50.9
   Spider:1 |   15594 |       0 |   0.0 |      42 |       0 |   0.0
   Spider:2 |   14798 |       0 |   0.0 |      52 |       0 |   0.0
   Spider:3 |   14268 |       0 |   0.0 |      45 |       0 |   0.0
   Spider:4 |    7991 |   25040 |  75.8 |      24 |      40 |  62.5
    Slime:1 |    3175 |       0 |   0.0 |      12 |       0 |   0.0
    Slime:2 |    1836 |       0 |   0.0 |       1 |       0 |   0.0
    Slime:3 |    9449 |       0 |   0.0 |       7 |       0 |   0.0
    Slime:4 |    7313 |    7501 |  50.6 |      10 |       3 |  23.1
    Slime:5 |    8881 |   24277 |  73.2 |      19 |      11 |  36.7
      Orc:1 |    1439 |     795 |  35.6 |      32 |       1 |   3.0
      Orc:2 |    1597 |   12440 |  88.6 |      36 |      65 |  64.4
      Elf:1 |   27478 |   22097 |  44.6 |      43 |      37 |  46.2
      Elf:2 |   20392 |   30061 |  59.6 |      33 |      38 |  53.5
      Elf:3 |   18486 |   36513 |  66.4 |      31 |      24 |  43.6
   Vaults:1 |   35500 |   19237 |  35.1 |      63 |      17 |  21.2
   Vaults:2 |   22254 |   26488 |  54.3 |      47 |      34 |  42.0
   Vaults:3 |    8418 |    6709 |  44.4 |      13 |      14 |  51.9
   Vaults:4 |   39836 |   25656 |  39.2 |      52 |      32 |  38.1
   Vaults:5 |   21850 |  143808 |  86.8 |      25 |      93 |  78.8
    Crypt:1 |   31498 |    8830 |  21.9 |      40 |      20 |  33.3
    Crypt:2 |   18558 |       0 |   0.0 |      31 |       0 |   0.0
    Crypt:3 |   30318 |   39755 |  56.7 |      39 |      64 |  62.1
     Tomb:1 |       0 |       0 |   N/A |      23 |      71 |  75.5
     Tomb:2 |       0 |       0 |   N/A |      17 |      54 |  76.1
     Tomb:3 |       0 |       0 |   N/A |      34 |      76 |  69.1
   Depths:1 |   33397 |   13470 |  28.7 |      49 |      24 |  32.9
   Depths:2 |   28904 |   32075 |  52.6 |      35 |      27 |  43.5
   Depths:3 |   50684 |   56115 |  52.5 |      53 |      28 |  34.6
   Depths:4 |   38363 |   12848 |  25.1 |      45 |      24 |  34.8
   Depths:5 |   52720 |   39234 |  42.7 |      57 |      40 |  41.2
      Zot:1 |   55326 |    1486 |   2.6 |      34 |       3 |   8.1
      Zot:2 |   45715 |    6758 |  12.9 |      23 |       8 |  25.8
      Zot:3 |   53328 |       0 |   0.0 |      34 |       0 |   0.0
      Zot:4 |   41522 |       0 |   0.0 |      24 |       0 |   0.0
      Zot:5 |   29521 |  136286 |  82.2 |      31 |      46 |  59.7
    Abyss:1 |   25334 |       0 |   0.0 |      36 |       0 |   0.0
    Abyss:3 |   56642 |   19929 |  26.0 |     100 |      24 |  19.4
        Pan |       0 |       0 |   N/A |     193 |     187 |  49.2
      Zig:1 |   16334 |    2280 |  12.2 |      55 |       4 |   6.8
      Zig:2 |   23892 |       0 |   0.0 |      78 |       0 |   0.0
      Zig:3 |   32889 |       0 |   0.0 |     116 |       4 |   3.3
      Zig:4 |   63391 |       0 |   0.0 |     138 |       0 |   0.0
      Zig:5 |   49680 |       0 |   0.0 |     230 |       0 |   0.0
      Zig:6 |   67532 |    1970 |   2.8 |     262 |       4 |   1.5
      Zig:7 |   79129 |    2208 |   2.7 |     307 |       4 |   1.3
      Zig:8 |  101135 |       0 |   0.0 |     367 |       0 |   0.0
      Zig:9 |  169276 |       0 |   0.0 |     398 |       4 |   1.0
     Zig:10 |  141145 |       0 |   0.0 |     453 |       0 |   0.0
     Zig:11 |  169162 |    1999 |   1.2 |     490 |       4 |   0.8
     Zig:12 |  166797 |       0 |   0.0 |     541 |       0 |   0.0
     Zig:13 |  209555 |       0 |   0.0 |     556 |       0 |   0.0
     Zig:14 |  199712 |       0 |   0.0 |     628 |       4 |   0.6
     Zig:15 |  224152 |    2414 |   1.1 |     690 |       4 |   0.6
     Zig:16 |  311523 |   10543 |   3.3 |     657 |       8 |   1.2
     Zig:17 |  302117 |    4692 |   1.5 |     718 |       8 |   1.1
     Zig:18 |  391250 |       0 |   0.0 |     805 |      16 |   1.9
     Zig:19 |  344474 |       0 |   0.0 |     828 |       0 |   0.0
     Zig:20 |  319655 |   21864 |   6.4 |     755 |      25 |   3.2
     Zig:21 |  325630 |       0 |   0.0 |     668 |       0 |   0.0
     Zig:22 |  480789 |       0 |   0.0 |     572 |       0 |   0.0
     Zig:23 |  375228 |   20955 |   5.3 |     776 |       8 |   1.0
     Zig:24 |  485828 |       0 |   0.0 |     771 |       0 |   0.0
     Zig:25 |  571934 |     192 |   0.0 |     826 |       4 |   0.5
     Zig:26 |  698441 |     186 |   0.0 |     934 |       4 |   0.4
     Zig:27 |  642292 |       0 |   0.0 |    1064 |       0 |   0.0
    Ossuary |       0 |      19 | 100.0 |       0 |       9 | 100.0
    Volcano |       0 |    5230 | 100.0 |       0 |      22 | 100.0
            +---------+---------+-------+---------+---------+-------
